Workbook

Sheet REPUESTOS VEHICULOS
E1: 0.05
A4: LISTA DE PRECIO SECCIONAL CESAR | Y4: VALOR SELECCIONADO | AA4: VALOR SELECCIONADO | AC4: VALOR SELECCIONADO | AE4: VALOR SELECCIONADO | AG4: VALOR SELECCIONADO | AI4: VALOR SELECCIONADO | AK4: VALOR SELECCIONADO | AM4: VALOR SELECCIONADO | AO4: VALOR SELECCIONADO | AQ4: VALOR SELECCIONADO | AS4: VALOR SELECCIONADO | AU4: VALOR SELECCIONADO | AW4: VALOR SELECCIONADO | AY4: VALOR SELECCIONADO
A5: NECESIDAD CONTRATACIÓN MULTIMARCA REPUESTOS | E5: 1. REPUESTOS | F5: VALOR CON DESCUENTO | G5: 2. REPUESTOS | H5: VALOR CON DESCUENTO | I5: 3. REPUESTOS | J5: VALOR CON DESCUENTO | K5: 4. REPUESTOS | L5: VALOR CON DESCUENTO | M5: 5. REPUESTOS | N5: VALOR CON DESCUENTO | O5: 6. REPUESTOS | P5: VALOR CON DESCUENTO | Q5: 7. REPUESTOS | R5: VALOR CON DESCUENTO | S5: 8. REPUESTOS | T5: VALOR CON DESCUENTO | U5: 9. REPUESTOS | V5: VALOR CON DESCUENTO | W5: 10. REPUESTOS | X5: VALOR CON DESCUENTO | Y5: 11.REPUESTOS | Z5: VALOR CON DESCUENTO | AA5: 12. REPUESTOS | AB5: VALOR CON DESCUENTO | AC5: 13. REPUESTOS | AD5: VALOR CON DESCUENTO | AE5: 14. REPUESTOS | AF5: VALOR CON DESCUENTO | AG5: 15. REPUESTOS | AH5: VALOR CON DESCUENTO | AI5: 16. REPUESTOS | AJ5: VALOR CON DESCUENTO | AK5: 17. REPUESTOS | AL5: VALOR CON DESCUENTO | AM5: 18. REPUESTOS | AN5: VALOR CON DESCUENTO | AO5: 19. REPUESTOS | AP5: VALOR CON DESCUENTO | AQ5: 20. REPUESTOS | AR5: VALOR CON DESCUENTO | AS5: 21. REPUESTOS | AT5: VALOR CON DESCUENTO | AU5: 22. REPUESTOS | AV5: VALOR CON DESCUENTO | AW5: 23. REPUESTOS | AX5: VALOR CON DESCUENTO | AY5: 24. REPUESTOS | AZ5: VALOR CON DESCUENTO
A7: NOMBRE DEL ACTIVO | E7: CAMIONETA | G7: CAMIONETA | I7: CAMPERO | K7: BUS | M7: AUTOMÓVIL | O7: AUTOMÓVIL | Q7: CAMIONETA | S7: CAMPERO | U7: AUTOMÓVIL | W7: CAMIONETA | Y7: CAMIONETA | AA7: CAMIONETA | AC7: CAMPERO | AE7: AUTOMÓVIL | AG7: AUTOMÓVIL | AI7: AUTOMÓVIL | AK7: CAMIONETA | AM7: CAMIONETA | AO7: CAMIONETA | AQ7: CAMIONETA | AS7: CAMIONETA | AU7: CAMION | AW7: AUTOMOVIL | AY7: CAMIONETA
A8: MARCA | E8: CHEVROLET | G8: CHEVROLET | I8: CHEVROLET | K8: CHEVROLET | M8: CHEVROLET | O8: CHEVROLET | Q8: FORD | S8: HYUNDAI | U8: HYUNDAI | W8: MAZDA | Y8: NISSAN | AA8: NISSAN | AC8: NISSAN | AE8: NISSAN | AG8: NISSAN | AI8: NISSAN | AK8: TOYOTA | AM8: MAHINDRA | AO8: TOYOTA | AQ8: TOYOTA | AS8: TOYOTA | AU8: JAC | AW8: MERCEDES | AY8: NISSAN
A9: LÍNEA | C9: CANTIDAD | E9: LUV D-MAX (6) | G9: LUV D-MAX (5) | I9: GRAND VITARA (1) | K9: NQR (1) | M9: SONIC (2) | O9: SPARK (2) | Q9: RANGER (1) | S9: VERACRUZ GLS (2) | U9: ACCENT (1) | W9: BT-50 (3) | Y9: FRONTIER D22 (15) | AA9: NAVARA (3) | AC9: XTRAIL (3) | AE9: SENTRA (4) | AG9: TIDA (2) | AI9: VERSA (1) | AK9: BURBUJA LAND CRUISER (1) | AM9: PIK UP (1) | AO9: FORTUNER (1) | AQ9: HILUX (4) | AS9: PRADO (3) | AU9: FURGON (1) | AW9: BENZ ( 1 ) | AY9: FRONTIER DSL-PRO4X-7A ( 1 )
A10: MODELO | E10: 2007 A 2009 | G10: 2010 A 2015 | I10: 2011 | K10: 2018 | M10: 2016 | O10: 2011 - 2016 | Q10: 2009 | S10: 2009 | U10: 2006 | W10: 2008 A 2010 | Y10: 2006-2008-2011-2012 | AA10: 2014 | AC10: 2012 | AE10: 2012 | AG10: 2012 | AI10: 2015 | AK10: 1994 | AM10: 2012 | AO10: 2012 | AQ10: 2003-2012-2015 | AS10: 2005-2009-2015 | AU10: 2020 | AW10: 2016 | AY10: 2021
A11: MUTIMARCA CAMIONETAS Y AUTOMÓVILES | E11: COSTO REPUESTO (S) | G11: COSTO REPUESTO (S) | I11: COSTO REPUESTO (S) | K11: COSTO REPUESTO (S) | M11: COSTO REPUESTO (S) | O11: COSTO REPUESTO (S) | Q11: COSTO REPUESTO (S) | S11: COSTO REPUESTO (S) | U11: COSTO REPUESTO (S) | W11: COSTO REPUESTO (S) | Y11: COSTO REPUESTO (S) | AA11: COSTO REPUESTO (S) | AC11: COSTO REPUESTO (S) | AE11: COSTO REPUESTO (S) | AG11: COSTO REPUESTO (S) | AI11: COSTO REPUESTO (S) | AK11: COSTO REPUESTO (S) | AM11: COSTO REPUESTO (S) | AO11: COSTO REPUESTO (S) | AQ11: COSTO REPUESTO (S) | AS11: COSTO REPUESTO (S) | AU11: COSTO REPUESTO (S) | AW11: COSTO REPUESTO (S) | AY11: COSTO REPUESTO (S)
E12: VALOR UNITARIO INCLUIDO IVA | G12: VALOR UNITARIO INCLUIDO IVA | I12: VALOR UNITARIO INCLUIDO IVA | K12: VALOR UNITARIO INCLUIDO IVA | M12: VALOR UNITARIO INCLUIDO IVA | O12: VALOR UNITARIO INCLUIDO IVA | Q12: VALOR UNITARIO INCLUIDO IVA | S12: VALOR UNITARIO INCLUIDO IVA | U12: VALOR UNITARIO INCLUIDO IVA | W12: VALOR UNITARIO INCLUIDO IVA | Y12: VALOR UNITARIO INCLUIDO IVA | AA12: VALOR UNITARIO INCLUIDO IVA | AC12: VALOR UNITARIO INCLUIDO IVA | AE12: VALOR UNITARIO INCLUIDO IVA | AG12: VALOR UNITARIO INCLUIDO IVA | AI12: VALOR UNITARIO INCLUIDO IVA | AK12: VALOR UNITARIO INCLUIDO IVA | AM12: VALOR UNITARIO INCLUIDO IVA | AO12: VALOR UNITARIO INCLUIDO IVA | AQ12: VALOR UNITARIO INCLUIDO IVA | AS12: VALOR UNITARIO INCLUIDO IVA | AU12: VALOR UNITARIO INCLUIDO IVA | AW12: VALOR UNITARIO INCLUIDO IVA | AY12: VALOR UNITARIO INCLUIDO IVA
A13: ÌTEM | B13: SISTEMA DE FRENOS
A14: 1 | B14: Juego de Bandas Remachadas (Dos pares) | C14: 1 | E14: 115294 | F14: =+IF(E14="N/A","N/A",(E14-(E14*$E$1))) -> 109529.3 | G14: 115294 | H14: =+IF(G14="N/A","N/A",(G14-(G14*$E$1))) -> 109529.3 | I14: 122984 | J14: =+IF(I14="N/A","N/A",(I14-(I14*$E$1))) -> 116834.8 | K14: N/A | L14: =+IF(K14="N/A","N/A",(K14-(K14*$E$1))) -> N/A | M14: N/A | N14: =+IF(M14="N/A","N/A",(M14-(M14*$E$1))) -> N/A | O14: N/A | P14: =+IF(O14="N/A","N/A",(O14-(O14*$E$1))) -> N/A | Q14: 126099 | R14: =+IF(Q14="N/A","N/A",(Q14-(Q14*$E$1))) -> 119794.05 | S14: 105087 | T14: =+IF(S14="N/A","N/A",(S14-(S14*$E$1))) -> 99832.65 | U14: N/A | V14: =+IF(U14="N/A","N/A",(U14-(U14*$E$1))) -> N/A | W14: 127711 | X14: =+IF(W14="N/A","N/A",(W14-(W14*$E$1))) -> 121325.45 | Y14: 128950 | Z14: =+IF(Y14="N/A","N/A",(Y14-(Y14*$E$1))) -> 122502.5 | AA14: 128950 | AB14: =+IF(AA14="N/A","N/A",(AA14-(AA14*$E$1))) -> 122502.5 | AC14: 127813 | AD14: =+IF(AC14="N/A","N/A",(AC14-(AC14*$E$1))) -> 121422.35 | AE14: N/A | AF14: =+IF(AE14="N/A","N/A",(AE14-(AE14*$E$1))) -> N/A | AG14: N/A | AH14: =+IF(AG14="N/A","N/A",(AG14-(AG14*$E$1))) -> N/A | AI14: N/A | AJ14: =+IF(AI14="N/A","N/A",(AI14-(AI14*$E$1))) -> N/A | AK14: 138443 | AL14: =+IF(AK14="N/A","N/A",(AK14-(AK14*$E$1))) -> 131520.85 | AM14: 202868 | AN14: =+IF(AM14="N/A","N/A",(AM14-(AM14*$E$1))) -> 192724.6 | AO14: 142522 | AP14: =+IF(AO14="N/A","N/A",(AO14-(AO14*$E$1))) -> 135395.9 | AQ14: 136218 | AR14: =+IF(AQ14="N/A","N/A",(AQ14-(AQ14*$E$1))) -> 129407.1 | AS14: 150661 | AT14: =+IF(AS14="N/A","N/A",(AS14-(AS14*$E$1))) -> 143127.95 | AU14: N/A | AV14: =+IF(AU14="N/A","N/A",(AU14-(AU14*$E$1))) -> N/A | AW14: 250778 | AX14: =+IF(AW14="N/A","N/A",(AW14-(AW14*$E$1))) -> 238239.1 | AY14: 226896 | AZ14: =+IF(AY14="N/A","N/A",(AY14-(AY14*$E$1))) -> 215551.2
A15: 2 | B15: Juego De Bandas Frenos (Dos pares) | C15: 1 | E15: 250276 | F15: =+IF(E15="N/A","N/A",(E15-(E15*$E$1))) -> 237762.2 | G15: 253301 | H15: =+IF(G15="N/A","N/A",(G15-(G15*$E$1))) -> 240635.95 | I15: 251115 | J15: =+IF(I15="N/A","N/A",(I15-(I15*$E$1))) -> 238559.25 | K15: 1027136 | L15: =+IF(K15="N/A","N/A",(K15-(K15*$E$1))) -> 975779.2 | M15: 340274 | N15: =+IF(M15="N/A","N/A",(M15-(M15*$E$1))) -> 323260.3 | O15: 188690 | P15: =+IF(O15="N/A","N/A",(O15-(O15*$E$1))) -> 179255.5 | Q15: 398678 | R15: =+IF(Q15="N/A","N/A",(Q15-(Q15*$E$1))) -> 378744.1 | S15: 398059 | T15: =+IF(S15="N/A","N/A",(S15-(S15*$E$1))) -> 378156.05 | U15: 262918 | V15: =+IF(U15="N/A","N/A",(U15-(U15*$E$1))) -> 249772.1 | W15: 391054 | X15: =+IF(W15="N/A","N/A",(W15-(W15*$E$1))) -> 371501.3 | Y15: 334742 | Z15: =+IF(Y15="N/A","N/A",(Y15-(Y15*$E$1))) -> 318004.9 | AA15: 354208 | AB15: =+IF(AA15="N/A","N/A",(AA15-(AA15*$E$1))) -> 336497.6 | AC15: 362994 | AD15: =+IF(AC15="N/A","N/A",(AC15-(AC15*$E$1))) -> 344844.3 | AE15: 329555 | AF15: =+IF(AE15="N/A","N/A",(AE15-(AE15*$E$1))) -> 313077.25 | AG15: 307266 | AH15: =+IF(AG15="N/A","N/A",(AG15-(AG15*$E$1))) -> 291902.7 | AI15: 329555 | AJ15: =+IF(AI15="N/A","N/A",(AI15-(AI15*$E$1))) -> 313077.25 | AK15: 279083 | AL15: =+IF(AK15="N/A","N/A",(AK15-(AK15*$E$1))) -> 265128.85 | AM15: 445700 | AN15: =+IF(AM15="N/A","N/A",(AM15-(AM15*$E$1))) -> 423415 | AO15: 303612 | AP15: =+IF(AO15="N/A","N/A",(AO15-(AO15*$E$1))) -> 288431.4 | AQ15: 409882 | AR15: =+IF(AQ15="N/A","N/A",(AQ15-(AQ15*$E$1))) -> 389387.9 | AS15: 323820 | AT15: =+IF(AS15="N/A","N/A",(AS15-(AS15*$E$1))) -> 307629 | AU15: 1807317 | AV15: =+IF(AU15="N/A","N/A",(AU15-(AU15*$E$1))) -> 1716951.1 | AW15: 534226 | AX15: =+IF(AW15="N/A","N/A",(AW15-(AW15*$E$1))) -> 507514.7 | AY15: 623254 | AZ15: =+IF(AY15="N/A","N/A",(AY15-(AY15*$E$1))) -> 592091.3
A16: 3 | B16: Cilindro De Freno | C16: 1 | E16: 191011 | F16: =+IF(E16="N/A","N/A",(E16-(E16*$E$1))) -> 181460.45 | G16: 217381 | H16: =+IF(G16="N/A","N/A",(G16-(G16*$E$1))) -> 206511.95 | I16: 255820 | J16: =+IF(I16="N/A","N/A",(I16-(I16*$E$1))) -> 243029 | K16: 251779 | L16: =+IF(K16="N/A","N/A",(K16-(K16*$E$1))) -> 239190.05 | M16: 166542 | N16: =+IF(M16="N/A","N/A",(M16-(M16*$E$1))) -> 158214.9 | O16: 91647 | P16: =+IF(O16="N/A","N/A",(O16-(O16*$E$1))) -> 87064.65 | Q16: 249476 | R16: =+IF(Q16="N/A","N/A",(Q16-(Q16*$E$1))) -> 237002.2 | S16: 165861 | T16: =+IF(S16="N/A","N/A",(S16-(S16*$E$1))) -> 157567.95 | U16: 131082 | V16: =+IF(U16="N/A","N/A",(U16-(U16*$E$1))) -> 124527.9 | W16: 247325 | X16: =+IF(W16="N/A","N/A",(W16-(W16*$E$1))) -> 234958.75 | Y16: 144118 | Z16: =+IF(Y16="N/A","N/A",(Y16-(Y16*$E$1))) -> 136912.1 | AA16: 149136 | AB16: =+IF(AA16="N/A","N/A",(AA16-(AA16*$E$1))) -> 141679.2 | AC16: 156451 | AD16: =+IF(AC16="N/A","N/A",(AC16-(AC16*$E$1))) -> 148628.45 | AE16: 147074 | AF16: =+IF(AE16="N/A","N/A",(AE16-(AE16*$E$1))) -> 139720.3 | AG16: 140823 | AH16: =+IF(AG16="N/A","N/A",(AG16-(AG16*$E$1))) -> 133781.85 | AI16: 147074 | AJ16: =+IF(AI16="N/A","N/A",(AI16-(AI16*$E$1))) -> 139720.3 | AK16: 91765 | AL16: =+IF(AK16="N/A","N/A",(AK16-(AK16*$E$1))) -> 87176.75 | AM16: 382498 | AN16: =+IF(AM16="N/A","N/A",(AM16-(AM16*$E$1))) -> 363373.1 | AO16: 102435 | AP16: =+IF(AO16="N/A","N/A",(AO16-(AO16*$E$1))) -> 97313.25 | AQ16: 164680 | AR16: =+IF(AQ16="N/A","N/A",(AQ16-(AQ16*$E$1))) -> 156446 | AS16: 111221 | AT16: =+IF(AS16="N/A","N/A",(AS16-(AS16*$E$1))) -> 105659.95 | AU16: 443022 | AV16: =+IF(AU16="N/A","N/A",(AU16-(AU16*$E$1))) -> 420870.9 | AW16: 1250000 | AX16: =+IF(AW16="N/A","N/A",(AW16-(AW16*$E$1))) -> 1187500 | AY16: 262415 | AZ16: =+IF(AY16="N/A","N/A",(AY16-(AY16*$E$1))) -> 249294.25
A17: 4 | B17: Discos De Frenos Delanteros (Par) | C17: 1 | E17: 652502 | F17: =+IF(E17="N/A","N/A",(E17-(E17*$E$1))) -> 619876.9 | G17: 678566 | H17: =+IF(G17="N/A","N/A",(G17-(G17*$E$1))) -> 644637.7 | I17: 516022 | J17: =+IF(I17="N/A","N/A",(I17-(I17*$E$1))) -> 490220.9 | K17: N/A | L17: =+IF(K17="N/A","N/A",(K17-(K17*$E$1))) -> N/A | M17: 494363 | N17: =+IF(M17="N/A","N/A",(M17-(M17*$E$1))) -> 469644.85 | O17: 305600 | P17: =+IF(O17="N/A","N/A",(O17-(O17*$E$1))) -> 290320 | Q17: 406610 | R17: =+IF(Q17="N/A","N/A",(Q17-(Q17*$E$1))) -> 386279.5 | S17: 546486 | T17: =+IF(S17="N/A","N/A",(S17-(S17*$E$1))) -> 519161.7 | U17: 393263 | V17: =+IF(U17="N/A","N/A",(U17-(U17*$E$1))) -> 373599.85 | W17: 374238 | X17: =+IF(W17="N/A","N/A",(W17-(W17*$E$1))) -> 355526.1 | Y17: 340965 | Z17: =+IF(Y17="N/A","N/A",(Y17-(Y17*$E$1))) -> 323916.75 | AA17: 365173 | AB17: =+IF(AA17="N/A","N/A",(AA17-(AA17*$E$1))) -> 346914.35 | AC17: 439791 | AD17: =+IF(AC17="N/A","N/A",(AC17-(AC17*$E$1))) -> 417801.45 | AE17: 418320 | AF17: =+IF(AE17="N/A","N/A",(AE17-(AE17*$E$1))) -> 397404 | AG17: 404008 | AH17: =+IF(AG17="N/A","N/A",(AG17-(AG17*$E$1))) -> 383807.6 | AI17: 418320 | AJ17: =+IF(AI17="N/A","N/A",(AI17-(AI17*$E$1))) -> 397404 | AK17: 484237 | AL17: =+IF(AK17="N/A","N/A",(AK17-(AK17*$E$1))) -> 460025.15 | AM17: 1193983 | AN17: =+IF(AM17="N/A","N/A",(AM17-(AM17*$E$1))) -> 1134283.9 | AO17: 517340 | AP17: =+IF(AO17="N/A","N/A",(AO17-(AO17*$E$1))) -> 491473 | AQ17: 547440 | AR17: =+IF(AQ17="N/A","N/A",(AQ17-(AQ17*$E$1))) -> 520068 | AS17: 544613 | AT17: =+IF(AS17="N/A","N/A",(AS17-(AS17*$E$1))) -> 517382.35 | AU17: N/A | AV17: =+IF(AU17="N/A","N/A",(AU17-(AU17*$E$1))) -> N/A | AW17: 3589980 | AX17: =+IF(AW17="N/A","N/A",(AW17-(AW17*$E$1))) -> 3410481 | AY17: 642547 | AZ17: =+IF(AY17="N/A","N/A",(AY17-(AY17*$E$1))) -> 610419.65
A18: 5 | B18: Juego De Pastillas De Frenos Delantera (Dos pares) | C18: 1 | E18: 170078 | F18: =+IF(E18="N/A","N/A",(E18-(E18*$E$1))) -> 161574.1 | G18: 207033 | H18: =+IF(G18="N/A","N/A",(G18-(G18*$E$1))) -> 196681.35 | I18: 225060 | J18: =+IF(I18="N/A","N/A",(I18-(I18*$E$1))) -> 213807 | K18: N/A | L18: =+IF(K18="N/A","N/A",(K18-(K18*$E$1))) -> N/A | M18: 142831 | N18: =+IF(M18="N/A","N/A",(M18-(M18*$E$1))) -> 135689.45 | O18: 103511 | P18: =+IF(O18="N/A","N/A",(O18-(O18*$E$1))) -> 98335.45 | Q18: 196843 | R18: =+IF(Q18="N/A","N/A",(Q18-(Q18*$E$1))) -> 187000.85 | S18: 222491 | T18: =+IF(S18="N/A","N/A",(S18-(S18*$E$1))) -> 211366.45 | U18: 102373 | V18: =+IF(U18="N/A","N/A",(U18-(U18*$E$1))) -> 97254.35 | W18: 189758 | X18: =+IF(W18="N/A","N/A",(W18-(W18*$E$1))) -> 180270.1 | Y18: 137418 | Z18: =+IF(Y18="N/A","N/A",(Y18-(Y18*$E$1))) -> 130547.1 | AA18: 141766 | AB18: =+IF(AA18="N/A","N/A",(AA18-(AA18*$E$1))) -> 134677.7 | AC18: 166834 | AD18: =+IF(AC18="N/A","N/A",(AC18-(AC18*$E$1))) -> 158492.3 | AE18: 155900 | AF18: =+IF(AE18="N/A","N/A",(AE18-(AE18*$E$1))) -> 148105 | AG18: 148610 | AH18: =+IF(AG18="N/A","N/A",(AG18-(AG18*$E$1))) -> 141179.5 | AI18: 155900 | AJ18: =+IF(AI18="N/A","N/A",(AI18-(AI18*$E$1))) -> 148105 | AK18: 184070 | AL18: =+IF(AK18="N/A","N/A",(AK18-(AK18*$E$1))) -> 174866.5 | AM18: 364288 | AN18: =+IF(AM18="N/A","N/A",(AM18-(AM18*$E$1))) -> 346073.6 | AO18: 199976 | AP18: =+IF(AO18="N/A","N/A",(AO18-(AO18*$E$1))) -> 189977.2 | AQ18: 199778 | AR18: =+IF(AQ18="N/A","N/A",(AQ18-(AQ18*$E$1))) -> 189789.1 | AS18: 213080 | AT18: =+IF(AS18="N/A","N/A",(AS18-(AS18*$E$1))) -> 202426 | AU18: N/A | AV18: =+IF(AU18="N/A","N/A",(AU18-(AU18*$E$1))) -> N/A | AW18: 1052458 | AX18: =+IF(AW18="N/A","N/A",(AW18-(AW18*$E$1))) -> 999835.1 | AY18: 249446 | AZ18: =+IF(AY18="N/A","N/A",(AY18-(AY18*$E$1))) -> 236973.7
A19: 6 | B19: Juego De Pastillas De Frenos Traseras (Dos pares) | C19: 1 | E19: N/A | F19: =+IF(E19="N/A","N/A",(E19-(E19*$E$1))) -> N/A | G19: N/A | H19: =+IF(G19="N/A","N/A",(G19-(G19*$E$1))) -> N/A | I19: N/A | J19: =+IF(I19="N/A","N/A",(I19-(I19*$E$1))) -> N/A | K19: N/A | L19: =+IF(K19="N/A","N/A",(K19-(K19*$E$1))) -> N/A | M19: N/A | N19: =+IF(M19="N/A","N/A",(M19-(M19*$E$1))) -> N/A | O19: N/A | P19: =+IF(O19="N/A","N/A",(O19-(O19*$E$1))) -> N/A | Q19: N/A | R19: =+IF(Q19="N/A","N/A",(Q19-(Q19*$E$1))) -> N/A | S19: N/A | T19: =+IF(S19="N/A","N/A",(S19-(S19*$E$1))) -> N/A | U19: N/A | V19: =+IF(U19="N/A","N/A",(U19-(U19*$E$1))) -> N/A | W19: N/A | X19: =+IF(W19="N/A","N/A",(W19-(W19*$E$1))) -> N/A | Y19: N/A | Z19: =+IF(Y19="N/A","N/A",(Y19-(Y19*$E$1))) -> N/A | AA19: N/A | AB19: =+IF(AA19="N/A","N/A",(AA19-(AA19*$E$1))) -> N/A | AC19: N/A | AD19: =+IF(AC19="N/A","N/A",(AC19-(AC19*$E$1))) -> N/A | AE19: N/A | AF19: =+IF(AE19="N/A","N/A",(AE19-(AE19*$E$1))) -> N/A | AG19: N/A | AH19: =+IF(AG19="N/A","N/A",(AG19-(AG19*$E$1))) -> N/A | AI19: N/A | AJ19: =+IF(AI19="N/A","N/A",(AI19-(AI19*$E$1))) -> N/A | AK19: 140274 | AL19: =+IF(AK19="N/A","N/A",(AK19-(AK19*$E$1))) -> 133260.3 | AM19: N/A | AN19: =+IF(AM19="N/A","N/A",(AM19-(AM19*$E$1))) -> N/A | AO19: 148450 | AP19: =+IF(AO19="N/A","N/A",(AO19-(AO19*$E$1))) -> 141027.5 | AQ19: 125258 | AR19: =+IF(AQ19="N/A","N/A",(AQ19-(AQ19*$E$1))) -> 118995.1 | AS19: 155186 | AT19: =+IF(AS19="N/A","N/A",(AS19-(AS19*$E$1))) -> 147426.7 | AU19: N/A | AV19: =+IF(AU19="N/A","N/A",(AU19-(AU19*$E$1))) -> N/A | AW19: 1060458 | AX19: =+IF(AW19="N/A","N/A",(AW19-(AW19*$E$1))) -> 1007435.1 | AY19: N/A | AZ19: =+IF(AY19="N/A","N/A",(AY19-(AY19*$E$1))) -> N/A
A20: 7 | B20: Pistón Caliper | C20: 1 | E20: 99474 | F20: =+IF(E20="N/A","N/A",(E20-(E20*$E$1))) -> 94500.3 | G20: 111833 | H20: =+IF(G20="N/A","N/A",(G20-(G20*$E$1))) -> 106241.35 | I20: 119496 | J20: =+IF(I20="N/A","N/A",(I20-(I20*$E$1))) -> 113521.2 | K20: N/A | L20: =+IF(K20="N/A","N/A",(K20-(K20*$E$1))) -> N/A | M20: 249788 | N20: =+IF(M20="N/A","N/A",(M20-(M20*$E$1))) -> 237298.6 | O20: 86586 | P20: =+IF(O20="N/A","N/A",(O20-(O20*$E$1))) -> 82256.7 | Q20: 113296 | R20: =+IF(Q20="N/A","N/A",(Q20-(Q20*$E$1))) -> 107631.2 | S20: 124846 | T20: =+IF(S20="N/A","N/A",(S20-(S20*$E$1))) -> 118603.7 | U20: 113892 | V20: =+IF(U20="N/A","N/A",(U20-(U20*$E$1))) -> 108197.4 | W20: 120074 | X20: =+IF(W20="N/A","N/A",(W20-(W20*$E$1))) -> 114070.3 | Y20: 188810 | Z20: =+IF(Y20="N/A","N/A",(Y20-(Y20*$E$1))) -> 179369.5 | AA20: 193847 | AB20: =+IF(AA20="N/A","N/A",(AA20-(AA20*$E$1))) -> 184154.65 | AC20: 147003 | AD20: =+IF(AC20="N/A","N/A",(AC20-(AC20*$E$1))) -> 139652.85 | AE20: 131874 | AF20: =+IF(AE20="N/A","N/A",(AE20-(AE20*$E$1))) -> 125280.3 | AG20: 121787 | AH20: =+IF(AG20="N/A","N/A",(AG20-(AG20*$E$1))) -> 115697.65 | AI20: 131874 | AJ20: =+IF(AI20="N/A","N/A",(AI20-(AI20*$E$1))) -> 125280.3 | AK20: 111048 | AL20: =+IF(AK20="N/A","N/A",(AK20-(AK20*$E$1))) -> 105495.6 | AM20: 196777 | AN20: =+IF(AM20="N/A","N/A",(AM20-(AM20*$E$1))) -> 186938.15 | AO20: 122504 | AP20: =+IF(AO20="N/A","N/A",(AO20-(AO20*$E$1))) -> 116378.8 | AQ20: 168037 | AR20: =+IF(AQ20="N/A","N/A",(AQ20-(AQ20*$E$1))) -> 159635.15 | AS20: 131938 | AT20: =+IF(AS20="N/A","N/A",(AS20-(AS20*$E$1))) -> 125341.1 | AU20: N/A | AV20: =+IF(AU20="N/A","N/A",(AU20-(AU20*$E$1))) -> N/A | AW20: 4580069 | AX20: =+IF(AW20="N/A","N/A",(AW20-(AW20*$E$1))) -> 4351065.5 | AY20: 341086 | AZ20: =+IF(AY20="N/A","N/A",(AY20-(AY20*$E$1))) -> 324031.7
A21: 8 | B21: Juego Interiores Caliper | C21: 1 | E21: 181802 | F21: =+IF(E21="N/A","N/A",(E21-(E21*$E$1))) -> 172711.9 | G21: 199610 | H21: =+IF(G21="N/A","N/A",(G21-(G21*$E$1))) -> 189629.5 | I21: 101373 | J21: =+IF(I21="N/A","N/A",(I21-(I21*$E$1))) -> 96304.35 | K21: N/A | L21: =+IF(K21="N/A","N/A",(K21-(K21*$E$1))) -> N/A | M21: 84368 | N21: =+IF(M21="N/A","N/A",(M21-(M21*$E$1))) -> 80149.6 | O21: 72211 | P21: =+IF(O21="N/A","N/A",(O21-(O21*$E$1))) -> 68600.45 | Q21: 71550 | R21: =+IF(Q21="N/A","N/A",(Q21-(Q21*$E$1))) -> 67972.5 | S21: 103643 | T21: =+IF(S21="N/A","N/A",(S21-(S21*$E$1))) -> 98460.85 | U21: 94851 | V21: =+IF(U21="N/A","N/A",(U21-(U21*$E$1))) -> 90108.45 | W21: 74997 | X21: =+IF(W21="N/A","N/A",(W21-(W21*$E$1))) -> 71247.15 | Y21: 111644 | Z21: =+IF(Y21="N/A","N/A",(Y21-(Y21*$E$1))) -> 106061.8 | AA21: 118359 | AB21: =+IF(AA21="N/A","N/A",(AA21-(AA21*$E$1))) -> 112441.05 | AC21: 106235 | AD21: =+IF(AC21="N/A","N/A",(AC21-(AC21*$E$1))) -> 100923.25 | AE21: 96974 | AF21: =+IF(AE21="N/A","N/A",(AE21-(AE21*$E$1))) -> 92125.3 | AG21: 90799 | AH21: =+IF(AG21="N/A","N/A",(AG21-(AG21*$E$1))) -> 86259.05 | AI21: 96974 | AJ21: =+IF(AI21="N/A","N/A",(AI21-(AI21*$E$1))) -> 92125.3 | AK21: 98067 | AL21: =+IF(AK21="N/A","N/A",(AK21-(AK21*$E$1))) -> 93163.65 | AM21: 351228 | AN21: =+IF(AM21="N/A","N/A",(AM21-(AM21*$E$1))) -> 333666.6 | AO21: 107526 | AP21: =+IF(AO21="N/A","N/A",(AO21-(AO21*$E$1))) -> 102149.7 | AQ21: 138206 | AR21: =+IF(AQ21="N/A","N/A",(AQ21-(AQ21*$E$1))) -> 131295.7 | AS21: 115313 | AT21: =+IF(AS21="N/A","N/A",(AS21-(AS21*$E$1))) -> 109547.35 | AU21: N/A | AV21: =+IF(AU21="N/A","N/A",(AU21-(AU21*$E$1))) -> N/A | AW21: 689900 | AX21: =+IF(AW21="N/A","N/A",(AW21-(AW21*$E$1))) -> 655405 | AY21: 208261 | AZ21: =+IF(AY21="N/A","N/A",(AY21-(AY21*$E$1))) -> 197847.95
A22: 9 | B22: Liquido De Freno (Pinta 290 ml) | C22: 1 | E22: 9301 | F22: =+IF(E22="N/A","N/A",(E22-(E22*$E$1))) -> 8835.95 | G22: 9301 | H22: =+IF(G22="N/A","N/A",(G22-(G22*$E$1))) -> 8835.95 | I22: 10278 | J22: =+IF(I22="N/A","N/A",(I22-(I22*$E$1))) -> 9764.1 | K22: N/A | L22: =+IF(K22="N/A","N/A",(K22-(K22*$E$1))) -> N/A | M22: 10610 | N22: =+IF(M22="N/A","N/A",(M22-(M22*$E$1))) -> 10079.5 | O22: 10605 | P22: =+IF(O22="N/A","N/A",(O22-(O22*$E$1))) -> 10074.75 | Q22: 45809 | R22: =+IF(Q22="N/A","N/A",(Q22-(Q22*$E$1))) -> 43518.55 | S22: 50680 | T22: =+IF(S22="N/A","N/A",(S22-(S22*$E$1))) -> 48146 | U22: 9661 | V22: =+IF(U22="N/A","N/A",(U22-(U22*$E$1))) -> 9177.95 | W22: 11303 | X22: =+IF(W22="N/A","N/A",(W22-(W22*$E$1))) -> 10737.85 | Y22: 10667 | Z22: =+IF(Y22="N/A","N/A",(Y22-(Y22*$E$1))) -> 10133.65 | AA22: 11324 | AB22: =+IF(AA22="N/A","N/A",(AA22-(AA22*$E$1))) -> 10757.8 | AC22: 10667 | AD22: =+IF(AC22="N/A","N/A",(AC22-(AC22*$E$1))) -> 10133.65 | AE22: 10667 | AF22: =+IF(AE22="N/A","N/A",(AE22-(AE22*$E$1))) -> 10133.65 | AG22: 10667 | AH22: =+IF(AG22="N/A","N/A",(AG22-(AG22*$E$1))) -> 10133.65 | AI22: 10667 | AJ22: =+IF(AI22="N/A","N/A",(AI22-(AI22*$E$1))) -> 10133.65 | AK22: 10667 | AL22: =+IF(AK22="N/A","N/A",(AK22-(AK22*$E$1))) -> 10133.65 | AM22: 16366 | AN22: =+IF(AM22="N/A","N/A",(AM22-(AM22*$E$1))) -> 15547.7 | AO22: 10667 | AP22: =+IF(AO22="N/A","N/A",(AO22-(AO22*$E$1))) -> 10133.65 | AQ22: 10667 | AR22: =+IF(AQ22="N/A","N/A",(AQ22-(AQ22*$E$1))) -> 10133.65 | AS22: 10667 | AT22: =+IF(AS22="N/A","N/A",(AS22-(AS22*$E$1))) -> 10133.65 | AU22: N/A | AV22: =+IF(AU22="N/A","N/A",(AU22-(AU22*$E$1))) -> N/A | AW22: 58000 | AX22: =+IF(AW22="N/A","N/A",(AW22-(AW22*$E$1))) -> 55100 | AY22: 19926 | AZ22: =+IF(AY22="N/A","N/A",(AY22-(AY22*$E$1))) -> 18929.7
A23: 10 | B23: Suministro Bomba Freno | C23: 1 | E23: 565051 | F23: =+IF(E23="N/A","N/A",(E23-(E23*$E$1))) -> 536798.45 | G23: 640973 | H23: =+IF(G23="N/A","N/A",(G23-(G23*$E$1))) -> 608924.35 | I23: 738771 | J23: =+IF(I23="N/A","N/A",(I23-(I23*$E$1))) -> 701832.45 | K23: 1980000 | L23: =+IF(K23="N/A","N/A",(K23-(K23*$E$1))) -> 1881000 | M23: 535676 | N23: =+IF(M23="N/A","N/A",(M23-(M23*$E$1))) -> 508892.2 | O23: 640000 | P23: =+IF(O23="N/A","N/A",(O23-(O23*$E$1))) -> 608000 | Q23: 406572 | R23: =+IF(Q23="N/A","N/A",(Q23-(Q23*$E$1))) -> 386243.4 | S23: 1743263 | T23: =+IF(S23="N/A","N/A",(S23-(S23*$E$1))) -> 1656099.9 | U23: 490000 | V23: =+IF(U23="N/A","N/A",(U23-(U23*$E$1))) -> 465500 | W23: 363091 | X23: =+IF(W23="N/A","N/A",(W23-(W23*$E$1))) -> 344936.45 | Y23: 314032 | Z23: =+IF(Y23="N/A","N/A",(Y23-(Y23*$E$1))) -> 298330.4 | AA23: 415102 | AB23: =+IF(AA23="N/A","N/A",(AA23-(AA23*$E$1))) -> 394346.9 | AC23: 324023 | AD23: =+IF(AC23="N/A","N/A",(AC23-(AC23*$E$1))) -> 307821.85 | AE23: 257436 | AF23: =+IF(AE23="N/A","N/A",(AE23-(AE23*$E$1))) -> 244564.2 | AG23: 266436 | AH23: =+IF(AG23="N/A","N/A",(AG23-(AG23*$E$1))) -> 253114.2 | AI23: 341686 | AJ23: =+IF(AI23="N/A","N/A",(AI23-(AI23*$E$1))) -> 324601.7 | AK23: 306436 | AL23: =+IF(AK23="N/A","N/A",(AK23-(AK23*$E$1))) -> 291114.2 | AM23: 1250000 | AN23: =+IF(AM23="N/A","N/A",(AM23-(AM23*$E$1))) -> 1187500 | AO23: 580136 | AP23: =+IF(AO23="N/A","N/A",(AO23-(AO23*$E$1))) -> 551129.2 | AQ23: 579936 | AR23: =+IF(AQ23="N/A","N/A",(AQ23-(AQ23*$E$1))) -> 550939.2 | AS23: 327436 | AT23: =+IF(AS23="N/A","N/A",(AS23-(AS23*$E$1))) -> 311064.2 | AU23: 1980000 | AV23: =+IF(AU23="N/A","N/A",(AU23-(AU23*$E$1))) -> 1881000 | AW23: 5896689 | AX23: =+IF(AW23="N/A","N/A",(AW23-(AW23*$E$1))) -> 5601854.5 | AY23: 789850 | AZ23: =+IF(AY23="N/A","N/A",(AY23-(AY23*$E$1))) -> 750357.5
A24: 11 | B24: Interiores De Bomba | C24: 1 | E24: 220291 | F24: =+IF(E24="N/A","N/A",(E24-(E24*$E$1))) -> 209276.45 | G24: 233798 | H24: =+IF(G24="N/A","N/A",(G24-(G24*$E$1))) -> 222108.1 | I24: 421121 | J24: =+IF(I24="N/A","N/A",(I24-(I24*$E$1))) -> 400064.95 | K24: N/A | L24: =+IF(K24="N/A","N/A",(K24-(K24*$E$1))) -> N/A | M24: 668545 | N24: =+IF(M24="N/A","N/A",(M24-(M24*$E$1))) -> 635117.75 | O24: N/A | P24: =+IF(O24="N/A","N/A",(O24-(O24*$E$1))) -> N/A | Q24: 242554 | R24: =+IF(Q24="N/A","N/A",(Q24-(Q24*$E$1))) -> 230426.3 | S24: 267309 | T24: =+IF(S24="N/A","N/A",(S24-(S24*$E$1))) -> 253943.55 | U24: N/A | V24: =+IF(U24="N/A","N/A",(U24-(U24*$E$1))) -> N/A | W24: 272105 | X24: =+IF(W24="N/A","N/A",(W24-(W24*$E$1))) -> 258499.75 | Y24: 285882 | Z24: =+IF(Y24="N/A","N/A",(Y24-(Y24*$E$1))) -> 271587.9 | AA24: 295330 | AB24: =+IF(AA24="N/A","N/A",(AA24-(AA24*$E$1))) -> 280563.5 | AC24: 442511 | AD24: =+IF(AC24="N/A","N/A",(AC24-(AC24*$E$1))) -> 420385.45 | AE24: 255200 | AF24: =+IF(AE24="N/A","N/A",(AE24-(AE24*$E$1))) -> 242440 | AG24: 255200 | AH24: =+IF(AG24="N/A","N/A",(AG24-(AG24*$E$1))) -> 242440 | AI24: 255200 | AJ24: =+IF(AI24="N/A","N/A",(AI24-(AI24*$E$1))) -> 242440 | AK24: 255200 | AL24: =+IF(AK24="N/A","N/A",(AK24-(AK24*$E$1))) -> 242440 | AM24: 233798 | AN24: =+IF(AM24="N/A","N/A",(AM24-(AM24*$E$1))) -> 222108.1 | AO24: 255200 | AP24: =+IF(AO24="N/A","N/A",(AO24-(AO24*$E$1))) -> 242440 | AQ24: 255200 | AR24: =+IF(AQ24="N/A","N/A",(AQ24-(AQ24*$E$1))) -> 242440 | AS24: 255200 | AT24: =+IF(AS24="N/A","N/A",(AS24-(AS24*$E$1))) -> 242440 | AU24: N/A | AV24: =+IF(AU24="N/A","N/A",(AU24-(AU24*$E$1))) -> N/A | AW24: N/A | AX24: =+IF(AW24="N/A","N/A",(AW24-(AW24*$E$1))) -> N/A | AY24: 295330 | AZ24: =+IF(AY24="N/A","N/A",(AY24-(AY24*$E$1))) -> 280563.5
B25: SINCRONIZACIÓN | F25: =+IF(E25="N/A","N/A",(E25-(E25*$E$1))) -> 0 | H25: =+IF(G25="N/A","N/A",(G25-(G25*$E$1))) -> 0 | J25: =+IF(I25="N/A","N/A",(I25-(I25*$E$1))) -> 0 | L25: =+IF(K25="N/A","N/A",(K25-(K25*$E$1))) -> 0 | N25: =+IF(M25="N/A","N/A",(M25-(M25*$E$1))) -> 0 | P25: =+IF(O25="N/A","N/A",(O25-(O25*$E$1))) -> 0 | R25: =+IF(Q25="N/A","N/A",(Q25-(Q25*$E$1))) -> 0 | T25: =+IF(S25="N/A","N/A",(S25-(S25*$E$1))) -> 0 | V25: =+IF(U25="N/A","N/A",(U25-(U25*$E$1))) -> 0 | X25: =+IF(W25="N/A","N/A",(W25-(W25*$E$1))) -> 0 | Z25: =+IF(Y25="N/A","N/A",(Y25-(Y25*$E$1))) -> 0 | AB25: =+IF(AA25="N/A","N/A",(AA25-(AA25*$E$1))) -> 0 | AD25: =+IF(AC25="N/A","N/A",(AC25-(AC25*$E$1))) -> 0 | AF25: =+IF(AE25="N/A","N/A",(AE25-(AE25*$E$1))) -> 0 | AH25: =+IF(AG25="N/A","N/A",(AG25-(AG25*$E$1))) -> 0 | AJ25: =+IF(AI25="N/A","N/A",(AI25-(AI25*$E$1))) -> 0 | AL25: =+IF(AK25="N/A","N/A",(AK25-(AK25*$E$1))) -> 0 | AN25: =+IF(AM25="N/A","N/A",(AM25-(AM25*$E$1))) -> 0 | AP25: =+IF(AO25="N/A","N/A",(AO25-(AO25*$E$1))) -> 0 | AR25: =+IF(AQ25="N/A","N/A",(AQ25-(AQ25*$E$1))) -> 0 | AT25: =+IF(AS25="N/A","N/A",(AS25-(AS25*$E$1))) -> 0 | AV25: =+IF(AU25="N/A","N/A",(AU25-(AU25*$E$1))) -> 0 | AX25: =+IF(AW25="N/A","N/A",(AW25-(AW25*$E$1))) -> 0 | AZ25: =+IF(AY25="N/A","N/A",(AY25-(AY25*$E$1))) -> 0
A26: 12 | B26: Bujía | C26: 1 | E26: 52063 | F26: =+IF(E26="N/A","N/A",(E26-(E26*$E$1))) -> 49459.85 | G26: 49308 | H26: =+IF(G26="N/A","N/A",(G26-(G26*$E$1))) -> 46842.6 | I26: 21411 | J26: =+IF(I26="N/A","N/A",(I26-(I26*$E$1))) -> 20340.45 | K26: 72434 | L26: =+IF(K26="N/A","N/A",(K26-(K26*$E$1))) -> 68812.3 | M26: 22937 | N26: =+IF(M26="N/A","N/A",(M26-(M26*$E$1))) -> 21790.15 | O26: 9665 | P26: =+IF(O26="N/A","N/A",(O26-(O26*$E$1))) -> 9181.75 | Q26: 23110 | R26: =+IF(Q26="N/A","N/A",(Q26-(Q26*$E$1))) -> 21954.5 | S26: 48428 | T26: =+IF(S26="N/A","N/A",(S26-(S26*$E$1))) -> 46006.6 | U26: 20942 | V26: =+IF(U26="N/A","N/A",(U26-(U26*$E$1))) -> 19894.9 | W26: 21184 | X26: =+IF(W26="N/A","N/A",(W26-(W26*$E$1))) -> 20124.8 | Y26: 51378 | Z26: =+IF(Y26="N/A","N/A",(Y26-(Y26*$E$1))) -> 48809.1 | AA26: 54155 | AB26: =+IF(AA26="N/A","N/A",(AA26-(AA26*$E$1))) -> 51447.25 | AC26: 61146 | AD26: =+IF(AC26="N/A","N/A",(AC26-(AC26*$E$1))) -> 58088.7 | AE26: 55514 | AF26: =+IF(AE26="N/A","N/A",(AE26-(AE26*$E$1))) -> 52738.3 | AG26: 51759 | AH26: =+IF(AG26="N/A","N/A",(AG26-(AG26*$E$1))) -> 49171.05 | AI26: 55514 | AJ26: =+IF(AI26="N/A","N/A",(AI26-(AI26*$E$1))) -> 52738.3 | AK26: 38067 | AL26: =+IF(AK26="N/A","N/A",(AK26-(AK26*$E$1))) -> 36163.65 | AM26: 87440 | AN26: =+IF(AM26="N/A","N/A",(AM26-(AM26*$E$1))) -> 83068 | AO26: 40621 | AP26: =+IF(AO26="N/A","N/A",(AO26-(AO26*$E$1))) -> 38589.95 | AQ26: 26327 | AR26: =+IF(AQ26="N/A","N/A",(AQ26-(AQ26*$E$1))) -> 25010.65 | AS26: 42724 | AT26: =+IF(AS26="N/A","N/A",(AS26-(AS26*$E$1))) -> 40587.8 | AU26: 128449 | AV26: =+IF(AU26="N/A","N/A",(AU26-(AU26*$E$1))) -> 122026.55 | AW26: 458000 | AX26: =+IF(AW26="N/A","N/A",(AW26-(AW26*$E$1))) -> 435100 | AY26: 96035 | AZ26: =+IF(AY26="N/A","N/A",(AY26-(AY26*$E$1))) -> 91233.25
A27: 13 | B27: Suministro Bovina Bujia Que Realiza la Funcion Como Cable de Alta | C27: 1 | E27: 480000 | F27: =+IF(E27="N/A","N/A",(E27-(E27*$E$1))) -> 456000 | G27: 480000 | H27: =+IF(G27="N/A","N/A",(G27-(G27*$E$1))) -> 456000 | I27: 640000 | J27: =+IF(I27="N/A","N/A",(I27-(I27*$E$1))) -> 608000 | K27: 320000 | L27: =+IF(K27="N/A","N/A",(K27-(K27*$E$1))) -> 304000 | M27: 1240000 | N27: =+IF(M27="N/A","N/A",(M27-(M27*$E$1))) -> 1178000 | O27: 290000 | P27: =+IF(O27="N/A","N/A",(O27-(O27*$E$1))) -> 275500 | Q27: 460000 | R27: =+IF(Q27="N/A","N/A",(Q27-(Q27*$E$1))) -> 437000 | S27: 630000 | T27: =+IF(S27="N/A","N/A",(S27-(S27*$E$1))) -> 598500 | U27: 380000 | V27: =+IF(U27="N/A","N/A",(U27-(U27*$E$1))) -> 361000 | W27: 420000 | X27: =+IF(W27="N/A","N/A",(W27-(W27*$E$1))) -> 399000 | Y27: 980000 | Z27: =+IF(Y27="N/A","N/A",(Y27-(Y27*$E$1))) -> 931000 | AA27: 740000 | AB27: =+IF(AA27="N/A","N/A",(AA27-(AA27*$E$1))) -> 703000 | AC27: 490000 | AD27: =+IF(AC27="N/A","N/A",(AC27-(AC27*$E$1))) -> 465500 | AE27: 542150 | AF27: =+IF(AE27="N/A","N/A",(AE27-(AE27*$E$1))) -> 515042.5 | AG27: 542150 | AH27: =+IF(AG27="N/A","N/A",(AG27-(AG27*$E$1))) -> 515042.5 | AI27: 541150 | AJ27: =+IF(AI27="N/A","N/A",(AI27-(AI27*$E$1))) -> 514092.5 | AK27: 365250 | AL27: =+IF(AK27="N/A","N/A",(AK27-(AK27*$E$1))) -> 346987.5 | AM27: 480000 | AN27: =+IF(AM27="N/A","N/A",(AM27-(AM27*$E$1))) -> 456000 | AO27: 980000 | AP27: =+IF(AO27="N/A","N/A",(AO27-(AO27*$E$1))) -> 931000 | AQ27: 458960 | AR27: =+IF(AQ27="N/A","N/A",(AQ27-(AQ27*$E$1))) -> 436012 | AS27: 654825 | AT27: =+IF(AS27="N/A","N/A",(AS27-(AS27*$E$1))) -> 622083.75 | AU27: 320000 | AV27: =+IF(AU27="N/A","N/A",(AU27-(AU27*$E$1))) -> 304000 | AW27: 3256980 | AX27: =+IF(AW27="N/A","N/A",(AW27-(AW27*$E$1))) -> 3094131 | AY27: 740000 | AZ27: =+IF(AY27="N/A","N/A",(AY27-(AY27*$E$1))) -> 703000
A28: 14 | B28: Filtro Aire | C28: 1 | E28: 35583 | F28: =+IF(E28="N/A","N/A",(E28-(E28*$E$1))) -> 33803.85 | G28: 52916 | H28: =+IF(G28="N/A","N/A",(G28-(G28*$E$1))) -> 50270.2 | I28: 54015 | J28: =+IF(I28="N/A","N/A",(I28-(I28*$E$1))) -> 51314.25 | K28: 62083 | L28: =+IF(K28="N/A","N/A",(K28-(K28*$E$1))) -> 58978.85 | M28: 54196 | N28: =+IF(M28="N/A","N/A",(M28-(M28*$E$1))) -> 51486.2 | O28: 43456 | P28: =+IF(O28="N/A","N/A",(O28-(O28*$E$1))) -> 41283.2 | Q28: 73650 | R28: =+IF(Q28="N/A","N/A",(Q28-(Q28*$E$1))) -> 69967.5 | S28: 85984 | T28: =+IF(S28="N/A","N/A",(S28-(S28*$E$1))) -> 81684.8 | U28: 45955 | V28: =+IF(U28="N/A","N/A",(U28-(U28*$E$1))) -> 43657.25 | W28: 64794 | X28: =+IF(W28="N/A","N/A",(W28-(W28*$E$1))) -> 61554.3 | Y28: 69149 | Z28: =+IF(Y28="N/A","N/A",(Y28-(Y28*$E$1))) -> 65691.55 | AA28: 71607 | AB28: =+IF(AA28="N/A","N/A",(AA28-(AA28*$E$1))) -> 68026.65 | AC28: 88844 | AD28: =+IF(AC28="N/A","N/A",(AC28-(AC28*$E$1))) -> 84401.8 | AE28: 82202 | AF28: =+IF(AE28="N/A","N/A",(AE28-(AE28*$E$1))) -> 78091.9 | AG28: 77776 | AH28: =+IF(AG28="N/A","N/A",(AG28-(AG28*$E$1))) -> 73887.2 | AI28: 82202 | AJ28: =+IF(AI28="N/A","N/A",(AI28-(AI28*$E$1))) -> 78091.9 | AK28: 63754 | AL28: =+IF(AK28="N/A","N/A",(AK28-(AK28*$E$1))) -> 60566.3 | AM28: 93838 | AN28: =+IF(AM28="N/A","N/A",(AM28-(AM28*$E$1))) -> 89146.1 | AO28: 67140 | AP28: =+IF(AO28="N/A","N/A",(AO28-(AO28*$E$1))) -> 63783 | AQ28: 73666 | AR28: =+IF(AQ28="N/A","N/A",(AQ28-(AQ28*$E$1))) -> 69982.7 | AS28: 69929 | AT28: =+IF(AS28="N/A","N/A",(AS28-(AS28*$E$1))) -> 66432.55 | AU28: 110093 | AV28: =+IF(AU28="N/A","N/A",(AU28-(AU28*$E$1))) -> 104588.35 | AW28: 450000 | AX28: =+IF(AW28="N/A","N/A",(AW28-(AW28*$E$1))) -> 427500 | AY28: 126982 | AZ28: =+IF(AY28="N/A","N/A",(AY28-(AY28*$E$1))) -> 120632.9
A29: 15 | B29: Filtro Combustible | C29: 1 | E29: 29546 | F29: =+IF(E29="N/A","N/A",(E29-(E29*$E$1))) -> 28068.7 | G29: 41395 | H29: =+IF(G29="N/A","N/A",(G29-(G29*$E$1))) -> 39325.25 | I29: 27160 | J29: =+IF(I29="N/A","N/A",(I29-(I29*$E$1))) -> 25802 | K29: 74822 | L29: =+IF(K29="N/A","N/A",(K29-(K29*$E$1))) -> 71080.9 | M29: N/A | N29: =+IF(M29="N/A","N/A",(M29-(M29*$E$1))) -> N/A | O29: 25664 | P29: =+IF(O29="N/A","N/A",(O29-(O29*$E$1))) -> 24380.8 | Q29: 76315 | R29: =+IF(Q29="N/A","N/A",(Q29-(Q29*$E$1))) -> 72499.25 | S29: 147281 | T29: =+IF(S29="N/A","N/A",(S29-(S29*$E$1))) -> 139916.95 | U29: 67700 | V29: =+IF(U29="N/A","N/A",(U29-(U29*$E$1))) -> 64315 | W29: 71264 | X29: =+IF(W29="N/A","N/A",(W29-(W29*$E$1))) -> 67700.8 | Y29: 76795 | Z29: =+IF(Y29="N/A","N/A",(Y29-(Y29*$E$1))) -> 72955.25 | AA29: 79755 | AB29: =+IF(AA29="N/A","N/A",(AA29-(AA29*$E$1))) -> 75767.25 | AC29: 75467 | AD29: =+IF(AC29="N/A","N/A",(AC29-(AC29*$E$1))) -> 71693.65 | AE29: N/A | AF29: =+IF(AE29="N/A","N/A",(AE29-(AE29*$E$1))) -> N/A | AG29: N/A | AH29: =+IF(AG29="N/A","N/A",(AG29-(AG29*$E$1))) -> N/A | AI29: N/A | AJ29: =+IF(AI29="N/A","N/A",(AI29-(AI29*$E$1))) -> N/A | AK29: 85554 | AL29: =+IF(AK29="N/A","N/A",(AK29-(AK29*$E$1))) -> 81276.3 | AM29: 73407 | AN29: =+IF(AM29="N/A","N/A",(AM29-(AM29*$E$1))) -> 69736.65 | AO29: 92322 | AP29: =+IF(AO29="N/A","N/A",(AO29-(AO29*$E$1))) -> 87705.9 | AQ29: 66668 | AR29: =+IF(AQ29="N/A","N/A",(AQ29-(AQ29*$E$1))) -> 63334.6 | AS29: 97899 | AT29: =+IF(AS29="N/A","N/A",(AS29-(AS29*$E$1))) -> 93004.05 | AU29: 132683 | AV29: =+IF(AU29="N/A","N/A",(AU29-(AU29*$E$1))) -> 126048.85 | AW29: 398900 | AX29: =+IF(AW29="N/A","N/A",(AW29-(AW29*$E$1))) -> 378955 | AY29: 141431 | AZ29: =+IF(AY29="N/A","N/A",(AY29-(AY29*$E$1))) -> 134359.45
A30: 16 | B30: Juego Cables De Alta | C30: 1 | E30: N/A | F30: =+IF(E30="N/A","N/A",(E30-(E30*$E$1))) -> N/A | G30: N/A | H30: =+IF(G30="N/A","N/A",(G30-(G30*$E$1))) -> N/A | I30: N/A | J30: =+IF(I30="N/A","N/A",(I30-(I30*$E$1))) -> N/A | K30: N/A | L30: =+IF(K30="N/A","N/A",(K30-(K30*$E$1))) -> N/A | M30: 260402 | N30: =+IF(M30="N/A","N/A",(M30-(M30*$E$1))) -> 247381.9 | O30: 54696 | P30: =+IF(O30="N/A","N/A",(O30-(O30*$E$1))) -> 51961.2 | Q30: N/A | R30: =+IF(Q30="N/A","N/A",(Q30-(Q30*$E$1))) -> N/A | S30: N/A | T30: =+IF(S30="N/A","N/A",(S30-(S30*$E$1))) -> N/A | U30: 166637 | V30: =+IF(U30="N/A","N/A",(U30-(U30*$E$1))) -> 158305.15 | W30: 144771 | X30: =+IF(W30="N/A","N/A",(W30-(W30*$E$1))) -> 137532.45 | Y30: N/A | Z30: =+IF(Y30="N/A","N/A",(Y30-(Y30*$E$1))) -> N/A | AA30: N/A | AB30: =+IF(AA30="N/A","N/A",(AA30-(AA30*$E$1))) -> N/A | AC30: N/A | AD30: =+IF(AC30="N/A","N/A",(AC30-(AC30*$E$1))) -> N/A | AE30: 81708 | AF30: =+IF(AE30="N/A","N/A",(AE30-(AE30*$E$1))) -> 77622.6 | AG30: 92196 | AH30: =+IF(AG30="N/A","N/A",(AG30-(AG30*$E$1))) -> 87586.2 | AI30: 97441 | AJ30: =+IF(AI30="N/A","N/A",(AI30-(AI30*$E$1))) -> 92568.95 | AK30: 111880 | AL30: =+IF(AK30="N/A","N/A",(AK30-(AK30*$E$1))) -> 106286 | AM30: N/A | AN30: =+IF(AM30="N/A","N/A",(AM30-(AM30*$E$1))) -> N/A | AO30: N/A | AP30: =+IF(AO30="N/A","N/A",(AO30-(AO30*$E$1))) -> N/A | AQ30: N/A | AR30: =+IF(AQ30="N/A","N/A",(AQ30-(AQ30*$E$1))) -> N/A | AS30: N/A | AT30: =+IF(AS30="N/A","N/A",(AS30-(AS30*$E$1))) -> N/A | AU30: N/A | AV30: =+IF(AU30="N/A","N/A",(AU30-(AU30*$E$1))) -> N/A | AW30: N/A | AX30: =+IF(AW30="N/A","N/A",(AW30-(AW30*$E$1))) -> N/A | AY30: N/A | AZ30: =+IF(AY30="N/A","N/A",(AY30-(AY30*$E$1))) -> N/A
A31: 17 | B31: Filtro De Aceite | C31: 1 | E31: 36283 | F31: =+IF(E31="N/A","N/A",(E31-(E31*$E$1))) -> 34468.85 | G31: 46421 | H31: =+IF(G31="N/A","N/A",(G31-(G31*$E$1))) -> 44099.95 | I31: 36312 | J31: =+IF(I31="N/A","N/A",(I31-(I31*$E$1))) -> 34496.4 | K31: 71533 | L31: =+IF(K31="N/A","N/A",(K31-(K31*$E$1))) -> 67956.35 | M31: 39317 | N31: =+IF(M31="N/A","N/A",(M31-(M31*$E$1))) -> 37351.15 | O31: 12069 | P31: =+IF(O31="N/A","N/A",(O31-(O31*$E$1))) -> 11465.55 | Q31: 50564 | R31: =+IF(Q31="N/A","N/A",(Q31-(Q31*$E$1))) -> 48035.8 | S31: 64382 | T31: =+IF(S31="N/A","N/A",(S31-(S31*$E$1))) -> 61162.9 | U31: 23194 | V31: =+IF(U31="N/A","N/A",(U31-(U31*$E$1))) -> 22034.3 | W31: 50483 | X31: =+IF(W31="N/A","N/A",(W31-(W31*$E$1))) -> 47958.85 | Y31: 26042 | Z31: =+IF(Y31="N/A","N/A",(Y31-(Y31*$E$1))) -> 24739.9 | AA31: 26811 | AB31: =+IF(AA31="N/A","N/A",(AA31-(AA31*$E$1))) -> 25470.45 | AC31: 28732 | AD31: =+IF(AC31="N/A","N/A",(AC31-(AC31*$E$1))) -> 27295.4 | AE31: 27175 | AF31: =+IF(AE31="N/A","N/A",(AE31-(AE31*$E$1))) -> 25816.25 | AG31: 26138 | AH31: =+IF(AG31="N/A","N/A",(AG31-(AG31*$E$1))) -> 24831.1 | AI31: 27175 | AJ31: =+IF(AI31="N/A","N/A",(AI31-(AI31*$E$1))) -> 25816.25 | AK31: 22750 | AL31: =+IF(AK31="N/A","N/A",(AK31-(AK31*$E$1))) -> 21612.5 | AM31: 82319 | AN31: =+IF(AM31="N/A","N/A",(AM31-(AM31*$E$1))) -> 78203.05 | AO31: 25378 | AP31: =+IF(AO31="N/A","N/A",(AO31-(AO31*$E$1))) -> 24109.1 | AQ31: 36553 | AR31: =+IF(AQ31="N/A","N/A",(AQ31-(AQ31*$E$1))) -> 34725.35 | AS31: 27538 | AT31: =+IF(AS31="N/A","N/A",(AS31-(AS31*$E$1))) -> 26161.1 | AU31: 126851 | AV31: =+IF(AU31="N/A","N/A",(AU31-(AU31*$E$1))) -> 120508.45 | AW31: 158900 | AX31: =+IF(AW31="N/A","N/A",(AW31-(AW31*$E$1))) -> 150955 | AY31: 47545 | AZ31: =+IF(AY31="N/A","N/A",(AY31-(AY31*$E$1))) -> 45167.75
A32: 18 | B32: Filtro Trampa | C32: 1 | E32: 31358 | F32: =+IF(E32="N/A","N/A",(E32-(E32*$E$1))) -> 29790.1 | G32: 46313 | H32: =+IF(G32="N/A","N/A",(G32-(G32*$E$1))) -> 43997.35 | I32: N/A | J32: =+IF(I32="N/A","N/A",(I32-(I32*$E$1))) -> N/A | K32: 57985 | L32: =+IF(K32="N/A","N/A",(K32-(K32*$E$1))) -> 55085.75 | M32: N/A | N32: =+IF(M32="N/A","N/A",(M32-(M32*$E$1))) -> N/A | O32: N/A | P32: =+IF(O32="N/A","N/A",(O32-(O32*$E$1))) -> N/A | Q32: N/A | R32: =+IF(Q32="N/A","N/A",(Q32-(Q32*$E$1))) -> N/A | S32: N/A | T32: =+IF(S32="N/A","N/A",(S32-(S32*$E$1))) -> N/A | U32: N/A | V32: =+IF(U32="N/A","N/A",(U32-(U32*$E$1))) -> N/A | W32: 44933 | X32: =+IF(W32="N/A","N/A",(W32-(W32*$E$1))) -> 42686.35 | Y32: 40836 | Z32: =+IF(Y32="N/A","N/A",(Y32-(Y32*$E$1))) -> 38794.2 | AA32: 42560 | AB32: =+IF(AA32="N/A","N/A",(AA32-(AA32*$E$1))) -> 40432 | AC32: 39246 | AD32: =+IF(AC32="N/A","N/A",(AC32-(AC32*$E$1))) -> 37283.7 | AE32: N/A | AF32: =+IF(AE32="N/A","N/A",(AE32-(AE32*$E$1))) -> N/A | AG32: N/A | AH32: =+IF(AG32="N/A","N/A",(AG32-(AG32*$E$1))) -> N/A | AI32: N/A | AJ32: =+IF(AI32="N/A","N/A",(AI32-(AI32*$E$1))) -> N/A | AK32: 31466 | AL32: =+IF(AK32="N/A","N/A",(AK32-(AK32*$E$1))) -> 29892.7 | AM32: 82129 | AN32: =+IF(AM32="N/A","N/A",(AM32-(AM32*$E$1))) -> 78022.55 | AO32: 31466 | AP32: =+IF(AO32="N/A","N/A",(AO32-(AO32*$E$1))) -> 29892.7 | AQ32: 39263 | AR32: =+IF(AQ32="N/A","N/A",(AQ32-(AQ32*$E$1))) -> 37299.85 | AS32: 31466 | AT32: =+IF(AS32="N/A","N/A",(AS32-(AS32*$E$1))) -> 29892.7 | AU32: 102826 | AV32: =+IF(AU32="N/A","N/A",(AU32-(AU32*$E$1))) -> 97684.7 | AW32: 100000 | AX32: =+IF(AW32="N/A","N/A",(AW32-(AW32*$E$1))) -> 95000 | AY32: 75473 | AZ32: =+IF(AY32="N/A","N/A",(AY32-(AY32*$E$1))) -> 71699.35
A33: 19 | B33: Suministro Inyector | C33: 1 | E33: 2548200 | F33: =+IF(E33="N/A","N/A",(E33-(E33*$E$1))) -> 2420790 | G33: 2548200 | H33: =+IF(G33="N/A","N/A",(G33-(G33*$E$1))) -> 2420790 | I33: 435674 | J33: =+IF(I33="N/A","N/A",(I33-(I33*$E$1))) -> 413890.3 | K33: 1551079 | L33: =+IF(K33="N/A","N/A",(K33-(K33*$E$1))) -> 1473525.1 | M33: 772259 | N33: =+IF(M33="N/A","N/A",(M33-(M33*$E$1))) -> 733646.05 | O33: 362678 | P33: =+IF(O33="N/A","N/A",(O33-(O33*$E$1))) -> 344544.1 | Q33: 758321 | R33: =+IF(Q33="N/A","N/A",(Q33-(Q33*$E$1))) -> 720404.95 | S33: 623642 | T33: =+IF(S33="N/A","N/A",(S33-(S33*$E$1))) -> 592459.9 | U33: 545930 | V33: =+IF(U33="N/A","N/A",(U33-(U33*$E$1))) -> 518633.5 | W33: N/A | X33: =+IF(W33="N/A","N/A",(W33-(W33*$E$1))) -> N/A | Y33: 1022395 | Z33: =+IF(Y33="N/A","N/A",(Y33-(Y33*$E$1))) -> 971275.25 | AA33: 1345453 | AB33: =+IF(AA33="N/A","N/A",(AA33-(AA33*$E$1))) -> 1278180.4 | AC33: 1065748 | AD33: =+IF(AC33="N/A","N/A",(AC33-(AC33*$E$1))) -> 1012460.6 | AE33: 1016017 | AF33: =+IF(AE33="N/A","N/A",(AE33-(AE33*$E$1))) -> 965216.15 | AG33: 982864 | AH33: =+IF(AG33="N/A","N/A",(AG33-(AG33*$E$1))) -> 933720.8 | AI33: 1016017 | AJ33: =+IF(AI33="N/A","N/A",(AI33-(AI33*$E$1))) -> 965216.15 | AK33: 638813 | AL33: =+IF(AK33="N/A","N/A",(AK33-(AK33*$E$1))) -> 606872.35 | AM33: 2548200 | AN33: =+IF(AM33="N/A","N/A",(AM33-(AM33*$E$1))) -> 2420790 | AO33: 708359 | AP33: =+IF(AO33="N/A","N/A",(AO33-(AO33*$E$1))) -> 672941.05 | AQ33: 1230658 | AR33: =+IF(AQ33="N/A","N/A",(AQ33-(AQ33*$E$1))) -> 1169125.1 | AS33: 765659 | AT33: =+IF(AS33="N/A","N/A",(AS33-(AS33*$E$1))) -> 727376.05 | AU33: 2890265 | AV33: =+IF(AU33="N/A","N/A",(AU33-(AU33*$E$1))) -> 2745751.8 | AW33: 6890254 | AX33: =+IF(AW33="N/A","N/A",(AW33-(AW33*$E$1))) -> 6545741.3 | AY33: 2452620 | AZ33: =+IF(AY33="N/A","N/A",(AY33-(AY33*$E$1))) -> 2329989
A34: 20 | B34: lavado de Inyectore | C34: 1 | E34: N/A | F34: =+IF(E34="N/A","N/A",(E34-(E34*$E$1))) -> N/A | G34: N/A | H34: =+IF(G34="N/A","N/A",(G34-(G34*$E$1))) -> N/A | I34: 450000 | J34: =+IF(I34="N/A","N/A",(I34-(I34*$E$1))) -> 427500 | K34: 450000 | L34: =+IF(K34="N/A","N/A",(K34-(K34*$E$1))) -> 427500 | M34: N/A | N34: =+IF(M34="N/A","N/A",(M34-(M34*$E$1))) -> N/A | O34: 450000 | P34: =+IF(O34="N/A","N/A",(O34-(O34*$E$1))) -> 427500 | Q34: 450000 | R34: =+IF(Q34="N/A","N/A",(Q34-(Q34*$E$1))) -> 427500 | S34: 450000 | T34: =+IF(S34="N/A","N/A",(S34-(S34*$E$1))) -> 427500 | U34: 450000 | V34: =+IF(U34="N/A","N/A",(U34-(U34*$E$1))) -> 427500 | W34: N/A | X34: =+IF(W34="N/A","N/A",(W34-(W34*$E$1))) -> N/A | Y34: 450000 | Z34: =+IF(Y34="N/A","N/A",(Y34-(Y34*$E$1))) -> 427500 | AA34: 450000 | AB34: =+IF(AA34="N/A","N/A",(AA34-(AA34*$E$1))) -> 427500 | AC34: 450000 | AD34: =+IF(AC34="N/A","N/A",(AC34-(AC34*$E$1))) -> 427500 | AE34: 450000 | AF34: =+IF(AE34="N/A","N/A",(AE34-(AE34*$E$1))) -> 427500 | AG34: 450000 | AH34: =+IF(AG34="N/A","N/A",(AG34-(AG34*$E$1))) -> 427500 | AI34: 450000 | AJ34: =+IF(AI34="N/A","N/A",(AI34-(AI34*$E$1))) -> 427500 | AK34: 450000 | AL34: =+IF(AK34="N/A","N/A",(AK34-(AK34*$E$1))) -> 427500 | AM34: N/A | AN34: =+IF(AM34="N/A","N/A",(AM34-(AM34*$E$1))) -> N/A | AO34: 450000 | AP34: =+IF(AO34="N/A","N/A",(AO34-(AO34*$E$1))) -> 427500 | AQ34: 450000 | AR34: =+IF(AQ34="N/A","N/A",(AQ34-(AQ34*$E$1))) -> 427500 | AS34: 450000 | AT34: =+IF(AS34="N/A","N/A",(AS34-(AS34*$E$1))) -> 427500 | AU34: 450000 | AV34: =+IF(AU34="N/A","N/A",(AU34-(AU34*$E$1))) -> 427500 | AW34: 450000 | AX34: =+IF(AW34="N/A","N/A",(AW34-(AW34*$E$1))) -> 427500 | AY34: 450000 | AZ34: =+IF(AY34="N/A","N/A",(AY34-(AY34*$E$1))) -> 427500
A35: 21 | B35: Bomba De Inyección | C35: 1 | E35: 5407636 | F35: =+IF(E35="N/A","N/A",(E35-(E35*$E$1))) -> 5137254.2 | G35: 4852279 | H35: =+IF(G35="N/A","N/A",(G35-(G35*$E$1))) -> 4609665 | I35: N/A | J35: =+IF(I35="N/A","N/A",(I35-(I35*$E$1))) -> N/A | K35: 6463200 | L35: =+IF(K35="N/A","N/A",(K35-(K35*$E$1))) -> 6140040 | M35: N/A | N35: =+IF(M35="N/A","N/A",(M35-(M35*$E$1))) -> N/A | O35: N/A | P35: =+IF(O35="N/A","N/A",(O35-(O35*$E$1))) -> N/A | Q35: N/A | R35: =+IF(Q35="N/A","N/A",(Q35-(Q35*$E$1))) -> N/A | S35: N/A | T35: =+IF(S35="N/A","N/A",(S35-(S35*$E$1))) -> N/A | U35: N/A | V35: =+IF(U35="N/A","N/A",(U35-(U35*$E$1))) -> N/A | W35: 4214314 | X35: =+IF(W35="N/A","N/A",(W35-(W35*$E$1))) -> 4003598.3 | Y35: 4494500 | Z35: =+IF(Y35="N/A","N/A",(Y35-(Y35*$E$1))) -> 4269775 | AA35: 4519653 | AB35: =+IF(AA35="N/A","N/A",(AA35-(AA35*$E$1))) -> 4293670.3 | AC35: 4440657 | AD35: =+IF(AC35="N/A","N/A",(AC35-(AC35*$E$1))) -> 4218624.2 | AE35: N/A | AF35: =+IF(AE35="N/A","N/A",(AE35-(AE35*$E$1))) -> N/A | AG35: N/A | AH35: =+IF(AG35="N/A","N/A",(AG35-(AG35*$E$1))) -> N/A | AI35: N/A | AJ35: =+IF(AI35="N/A","N/A",(AI35-(AI35*$E$1))) -> N/A | AK35: 4195515 | AL35: =+IF(AK35="N/A","N/A",(AK35-(AK35*$E$1))) -> 3985739.2 | AM35: 8604655 | AN35: =+IF(AM35="N/A","N/A",(AM35-(AM35*$E$1))) -> 8174422.2 | AO35: 4195515 | AP35: =+IF(AO35="N/A","N/A",(AO35-(AO35*$E$1))) -> 3985739.2 | AQ35: 4345905 | AR35: =+IF(AQ35="N/A","N/A",(AQ35-(AQ35*$E$1))) -> 4128609.8 | AS35: 4195515 | AT35: =+IF(AS35="N/A","N/A",(AS35-(AS35*$E$1))) -> 3985739.2 | AU35: 11461337 | AV35: =+IF(AU35="N/A","N/A",(AU35-(AU35*$E$1))) -> 10888270 | AW35: 12548980 | AX35: =+IF(AW35="N/A","N/A",(AW35-(AW35*$E$1))) -> 11921531 | AY35: 8014802 | AZ35: =+IF(AY35="N/A","N/A",(AY35-(AY35*$E$1))) -> 7614061.9
A36: 22 | B36: Oring Sellos | C36: 1 | E36: 26391 | F36: =+IF(E36="N/A","N/A",(E36-(E36*$E$1))) -> 25071.45 | G36: 23654 | H36: =+IF(G36="N/A","N/A",(G36-(G36*$E$1))) -> 22471.3 | I36: 53381 | J36: =+IF(I36="N/A","N/A",(I36-(I36*$E$1))) -> 50711.95 | K36: 29114 | L36: =+IF(K36="N/A","N/A",(K36-(K36*$E$1))) -> 27658.3 | M36: N/A | N36: =+IF(M36="N/A","N/A",(M36-(M36*$E$1))) -> N/A | O36: N/A | P36: =+IF(O36="N/A","N/A",(O36-(O36*$E$1))) -> N/A | Q36: N/A | R36: =+IF(Q36="N/A","N/A",(Q36-(Q36*$E$1))) -> N/A | S36: N/A | T36: =+IF(S36="N/A","N/A",(S36-(S36*$E$1))) -> N/A | U36: N/A | V36: =+IF(U36="N/A","N/A",(U36-(U36*$E$1))) -> N/A | W36: 24462 | X36: =+IF(W36="N/A","N/A",(W36-(W36*$E$1))) -> 23238.9 | Y36: 24037 | Z36: =+IF(Y36="N/A","N/A",(Y36-(Y36*$E$1))) -> 22835.15 | AA36: 24692 | AB36: =+IF(AA36="N/A","N/A",(AA36-(AA36*$E$1))) -> 23457.4 | AC36: 24037 | AD36: =+IF(AC36="N/A","N/A",(AC36-(AC36*$E$1))) -> 22835.15 | AE36: N/A | AF36: =+IF(AE36="N/A","N/A",(AE36-(AE36*$E$1))) -> N/A | AG36: N/A | AH36: =+IF(AG36="N/A","N/A",(AG36-(AG36*$E$1))) -> N/A | AI36: N/A | AJ36: =+IF(AI36="N/A","N/A",(AI36-(AI36*$E$1))) -> N/A | AK36: 23386 | AL36: =+IF(AK36="N/A","N/A",(AK36-(AK36*$E$1))) -> 22216.7 | AM36: 41946 | AN36: =+IF(AM36="N/A","N/A",(AM36-(AM36*$E$1))) -> 39848.7 | AO36: 24430 | AP36: =+IF(AO36="N/A","N/A",(AO36-(AO36*$E$1))) -> 23208.5 | AQ36: 24037 | AR36: =+IF(AQ36="N/A","N/A",(AQ36-(AQ36*$E$1))) -> 22835.15 | AS36: 25285 | AT36: =+IF(AS36="N/A","N/A",(AS36-(AS36*$E$1))) -> 24020.75 | AU36: 51628 | AV36: =+IF(AU36="N/A","N/A",(AU36-(AU36*$E$1))) -> 49046.6 | AW36: 43323 | AX36: =+IF(AW36="N/A","N/A",(AW36-(AW36*$E$1))) -> 41156.85 | AY36: 43788 | AZ36: =+IF(AY36="N/A","N/A",(AY36-(AY36*$E$1))) -> 41598.6
A37: 22 | B37: Bomba De Combustible | C37: 1 | E37: 2886804 | F37: =+IF(E37="N/A","N/A",(E37-(E37*$E$1))) -> 2742463.8 | G37: 2368856 | H37: =+IF(G37="N/A","N/A",(G37-(G37*$E$1))) -> 2250413.2 | I37: 1195555 | J37: =+IF(I37="N/A","N/A",(I37-(I37*$E$1))) -> 1135777.2 | K37: 1327639 | L37: =+IF(K37="N/A","N/A",(K37-(K37*$E$1))) -> 1261257.1 | M37: 1429735 | N37: =+IF(M37="N/A","N/A",(M37-(M37*$E$1))) -> 1358248.2 | O37: 1057084 | P37: =+IF(O37="N/A","N/A",(O37-(O37*$E$1))) -> 1004229.8 | Q37: 1028454 | R37: =+IF(Q37="N/A","N/A",(Q37-(Q37*$E$1))) -> 977031.3 | S37: 1264484 | T37: =+IF(S37="N/A","N/A",(S37-(S37*$E$1))) -> 1201259.8 | U37: 1356523 | V37: =+IF(U37="N/A","N/A",(U37-(U37*$E$1))) -> 1288696.9 | W37: 1119799 | X37: =+IF(W37="N/A","N/A",(W37-(W37*$E$1))) -> 1063809.1 | Y37: 1934919 | Z37: =+IF(Y37="N/A","N/A",(Y37-(Y37*$E$1))) -> 1838173.1 | AA37: 2042796 | AB37: =+IF(AA37="N/A","N/A",(AA37-(AA37*$E$1))) -> 1940656.2 | AC37: 2043478 | AD37: =+IF(AC37="N/A","N/A",(AC37-(AC37*$E$1))) -> 1941304.1 | AE37: 1894286 | AF37: =+IF(AE37="N/A","N/A",(AE37-(AE37*$E$1))) -> 1799571.7 | AG37: 1794826 | AH37: =+IF(AG37="N/A","N/A",(AG37-(AG37*$E$1))) -> 1705084.7 | AI37: 1894286 | AJ37: =+IF(AI37="N/A","N/A",(AI37-(AI37*$E$1))) -> 1799571.7 | AK37: 1724126 | AL37: =+IF(AK37="N/A","N/A",(AK37-(AK37*$E$1))) -> 1637919.7 | AM37: 4200744 | AN37: =+IF(AM37="N/A","N/A",(AM37-(AM37*$E$1))) -> 3990706.8 | AO37: 1843289 | AP37: =+IF(AO37="N/A","N/A",(AO37-(AO37*$E$1))) -> 1751124.6 | AQ37: 1769558 | AR37: =+IF(AQ37="N/A","N/A",(AQ37-(AQ37*$E$1))) -> 1681080.1 | AS37: 1941475 | AT37: =+IF(AS37="N/A","N/A",(AS37-(AS37*$E$1))) -> 1844401.2 | AU37: 2354332 | AV37: =+IF(AU37="N/A","N/A",(AU37-(AU37*$E$1))) -> 2236615.4 | AW37: 5489785 | AX37: =+IF(AW37="N/A","N/A",(AW37-(AW37*$E$1))) -> 5215295.8 | AY37: 3622536 | AZ37: =+IF(AY37="N/A","N/A",(AY37-(AY37*$E$1))) -> 3441409.2
A38: 23 | B38: Bujía Precalentadora | C38: 1 | E38: 221355 | F38: =+IF(E38="N/A","N/A",(E38-(E38*$E$1))) -> 210287.25 | G38: 213998 | H38: =+IF(G38="N/A","N/A",(G38-(G38*$E$1))) -> 203298.1 | I38: 2471 | J38: =+IF(I38="N/A","N/A",(I38-(I38*$E$1))) -> 2347.45 | K38: N/A | L38: =+IF(K38="N/A","N/A",(K38-(K38*$E$1))) -> N/A | M38: N/A | N38: =+IF(M38="N/A","N/A",(M38-(M38*$E$1))) -> N/A | O38: N/A | P38: =+IF(O38="N/A","N/A",(O38-(O38*$E$1))) -> N/A | Q38: N/A | R38: =+IF(Q38="N/A","N/A",(Q38-(Q38*$E$1))) -> N/A | S38: N/A | T38: =+IF(S38="N/A","N/A",(S38-(S38*$E$1))) -> N/A | U38: N/A | V38: =+IF(U38="N/A","N/A",(U38-(U38*$E$1))) -> N/A | W38: 156330 | X38: =+IF(W38="N/A","N/A",(W38-(W38*$E$1))) -> 148513.5 | Y38: 310590 | Z38: =+IF(Y38="N/A","N/A",(Y38-(Y38*$E$1))) -> 295060.5 | AA38: 318924 | AB38: =+IF(AA38="N/A","N/A",(AA38-(AA38*$E$1))) -> 302977.8 | AC38: 339896 | AD38: =+IF(AC38="N/A","N/A",(AC38-(AC38*$E$1))) -> 322901.2 | AE38: N/A | AF38: =+IF(AE38="N/A","N/A",(AE38-(AE38*$E$1))) -> N/A | AG38: N/A | AH38: =+IF(AG38="N/A","N/A",(AG38-(AG38*$E$1))) -> N/A | AI38: N/A | AJ38: =+IF(AI38="N/A","N/A",(AI38-(AI38*$E$1))) -> N/A | AK38: 909028 | AL38: =+IF(AK38="N/A","N/A",(AK38-(AK38*$E$1))) -> 863576.6 | AM38: 379488 | AN38: =+IF(AM38="N/A","N/A",(AM38-(AM38*$E$1))) -> 360513.6 | AO38: 909028 | AP38: =+IF(AO38="N/A","N/A",(AO38-(AO38*$E$1))) -> 863576.6 | AQ38: 318635 | AR38: =+IF(AQ38="N/A","N/A",(AQ38-(AQ38*$E$1))) -> 302703.25 | AS38: 909028 | AT38: =+IF(AS38="N/A","N/A",(AS38-(AS38*$E$1))) -> 863576.6 | AU38: N/A | AV38: =+IF(AU38="N/A","N/A",(AU38-(AU38*$E$1))) -> N/A | AW38: 1612000 | AX38: =+IF(AW38="N/A","N/A",(AW38-(AW38*$E$1))) -> 1531400 | AY38: 565555 | AZ38: =+IF(AY38="N/A","N/A",(AY38-(AY38*$E$1))) -> 537277.25
A39: 24 | B39: Bombín | C39: 1 | E39: 561482 | F39: =+IF(E39="N/A","N/A",(E39-(E39*$E$1))) -> 533407.9 | G39: 320767 | H39: =+IF(G39="N/A","N/A",(G39-(G39*$E$1))) -> 304728.65 | I39: 57543 | J39: =+IF(I39="N/A","N/A",(I39-(I39*$E$1))) -> 54665.85 | K39: 486606 | L39: =+IF(K39="N/A","N/A",(K39-(K39*$E$1))) -> 462275.7 | M39: N/A | N39: =+IF(M39="N/A","N/A",(M39-(M39*$E$1))) -> N/A | O39: N/A | P39: =+IF(O39="N/A","N/A",(O39-(O39*$E$1))) -> N/A | Q39: N/A | R39: =+IF(Q39="N/A","N/A",(Q39-(Q39*$E$1))) -> N/A | S39: N/A | T39: =+IF(S39="N/A","N/A",(S39-(S39*$E$1))) -> N/A | U39: N/A | V39: =+IF(U39="N/A","N/A",(U39-(U39*$E$1))) -> N/A | W39: 191400 | X39: =+IF(W39="N/A","N/A",(W39-(W39*$E$1))) -> 181830 | Y39: 368454 | Z39: =+IF(Y39="N/A","N/A",(Y39-(Y39*$E$1))) -> 350031.3 | AA39: 368663 | AB39: =+IF(AA39="N/A","N/A",(AA39-(AA39*$E$1))) -> 350229.85 | AC39: 513181 | AD39: =+IF(AC39="N/A","N/A",(AC39-(AC39*$E$1))) -> 487521.95 | AE39: N/A | AF39: =+IF(AE39="N/A","N/A",(AE39-(AE39*$E$1))) -> N/A | AG39: N/A | AH39: =+IF(AG39="N/A","N/A",(AG39-(AG39*$E$1))) -> N/A | AI39: N/A | AJ39: =+IF(AI39="N/A","N/A",(AI39-(AI39*$E$1))) -> N/A | AK39: 454514 | AL39: =+IF(AK39="N/A","N/A",(AK39-(AK39*$E$1))) -> 431788.3 | AM39: 568823 | AN39: =+IF(AM39="N/A","N/A",(AM39-(AM39*$E$1))) -> 540381.85 | AO39: 454514 | AP39: =+IF(AO39="N/A","N/A",(AO39-(AO39*$E$1))) -> 431788.3 | AQ39: 317950 | AR39: =+IF(AQ39="N/A","N/A",(AQ39-(AQ39*$E$1))) -> 302052.5 | AS39: 454514 | AT39: =+IF(AS39="N/A","N/A",(AS39-(AS39*$E$1))) -> 431788.3 | AU39: 862910 | AV39: =+IF(AU39="N/A","N/A",(AU39-(AU39*$E$1))) -> 819764.5 | AW39: 806000 | AX39: =+IF(AW39="N/A","N/A",(AW39-(AW39*$E$1))) -> 765700 | AY39: 653759 | AZ39: =+IF(AY39="N/A","N/A",(AY39-(AY39*$E$1))) -> 621071.05
A40: 25 | B40: Tornillo Peter | C40: 1 | E40: 34386 | F40: =+IF(E40="N/A","N/A",(E40-(E40*$E$1))) -> 32666.7 | G40: 41753 | H40: =+IF(G40="N/A","N/A",(G40-(G40*$E$1))) -> 39665.35 | I40: N/A | J40: =+IF(I40="N/A","N/A",(I40-(I40*$E$1))) -> N/A | K40: 244171 | L40: =+IF(K40="N/A","N/A",(K40-(K40*$E$1))) -> 231962.45 | M40: N/A | N40: =+IF(M40="N/A","N/A",(M40-(M40*$E$1))) -> N/A | O40: N/A | P40: =+IF(O40="N/A","N/A",(O40-(O40*$E$1))) -> N/A | Q40: N/A | R40: =+IF(Q40="N/A","N/A",(Q40-(Q40*$E$1))) -> N/A | S40: N/A | T40: =+IF(S40="N/A","N/A",(S40-(S40*$E$1))) -> N/A | U40: N/A | V40: =+IF(U40="N/A","N/A",(U40-(U40*$E$1))) -> N/A | W40: 34513 | X40: =+IF(W40="N/A","N/A",(W40-(W40*$E$1))) -> 32787.35 | Y40: 97808 | Z40: =+IF(Y40="N/A","N/A",(Y40-(Y40*$E$1))) -> 92917.6 | AA40: 97808 | AB40: =+IF(AA40="N/A","N/A",(AA40-(AA40*$E$1))) -> 92917.6 | AC40: 34508 | AD40: =+IF(AC40="N/A","N/A",(AC40-(AC40*$E$1))) -> 32782.6 | AE40: N/A | AF40: =+IF(AE40="N/A","N/A",(AE40-(AE40*$E$1))) -> N/A | AG40: N/A | AH40: =+IF(AG40="N/A","N/A",(AG40-(AG40*$E$1))) -> N/A | AI40: N/A | AJ40: =+IF(AI40="N/A","N/A",(AI40-(AI40*$E$1))) -> N/A | AK40: 32641 | AL40: =+IF(AK40="N/A","N/A",(AK40-(AK40*$E$1))) -> 31008.95 | AM40: 74041 | AN40: =+IF(AM40="N/A","N/A",(AM40-(AM40*$E$1))) -> 70338.95 | AO40: 35625 | AP40: =+IF(AO40="N/A","N/A",(AO40-(AO40*$E$1))) -> 33843.75 | AQ40: 66569 | AR40: =+IF(AQ40="N/A","N/A",(AQ40-(AQ40*$E$1))) -> 63240.55 | AS40: 38080 | AT40: =+IF(AS40="N/A","N/A",(AS40-(AS40*$E$1))) -> 36176 | AU40: 432994 | AV40: =+IF(AU40="N/A","N/A",(AU40-(AU40*$E$1))) -> 411344.3 | AW40: 63175 | AX40: =+IF(AW40="N/A","N/A",(AW40-(AW40*$E$1))) -> 60016.25 | AY40: 173445 | AZ40: =+IF(AY40="N/A","N/A",(AY40-(AY40*$E$1))) -> 164772.75
B41: SISTEMA DE SUSPENSIÓN | F41: =+IF(E41="N/A","N/A",(E41-(E41*$E$1))) -> 0 | H41: =+IF(G41="N/A","N/A",(G41-(G41*$E$1))) -> 0 | J41: =+IF(I41="N/A","N/A",(I41-(I41*$E$1))) -> 0 | L41: =+IF(K41="N/A","N/A",(K41-(K41*$E$1))) -> 0 | N41: =+IF(M41="N/A","N/A",(M41-(M41*$E$1))) -> 0 | P41: =+IF(O41="N/A","N/A",(O41-(O41*$E$1))) -> 0 | R41: =+IF(Q41="N/A","N/A",(Q41-(Q41*$E$1))) -> 0 | T41: =+IF(S41="N/A","N/A",(S41-(S41*$E$1))) -> 0 | V41: =+IF(U41="N/A","N/A",(U41-(U41*$E$1))) -> 0 | X41: =+IF(W41="N/A","N/A",(W41-(W41*$E$1))) -> 0 | Z41: =+IF(Y41="N/A","N/A",(Y41-(Y41*$E$1))) -> 0 | AB41: =+IF(AA41="N/A","N/A",(AA41-(AA41*$E$1))) -> 0 | AD41: =+IF(AC41="N/A","N/A",(AC41-(AC41*$E$1))) -> 0 | AF41: =+IF(AE41="N/A","N/A",(AE41-(AE41*$E$1))) -> 0 | AH41: =+IF(AG41="N/A","N/A",(AG41-(AG41*$E$1))) -> 0 | AJ41: =+IF(AI41="N/A","N/A",(AI41-(AI41*$E$1))) -> 0 | AL41: =+IF(AK41="N/A","N/A",(AK41-(AK41*$E$1))) -> 0 | AN41: =+IF(AM41="N/A","N/A",(AM41-(AM41*$E$1))) -> 0 | AP41: =+IF(AO41="N/A","N/A",(AO41-(AO41*$E$1))) -> 0 | AR41: =+IF(AQ41="N/A","N/A",(AQ41-(AQ41*$E$1))) -> 0 | AT41: =+IF(AS41="N/A","N/A",(AS41-(AS41*$E$1))) -> 0 | AV41: =+IF(AU41="N/A","N/A",(AU41-(AU41*$E$1))) -> 0 | AX41: =+IF(AW41="N/A","N/A",(AW41-(AW41*$E$1))) -> 0 | AZ41: =+IF(AY41="N/A","N/A",(AY41-(AY41*$E$1))) -> 0
A42: 26 | B42: Brazo Axial | C42: 1 | E42: 153927 | F42: =+IF(E42="N/A","N/A",(E42-(E42*$E$1))) -> 146230.65 | G42: 167157 | H42: =+IF(G42="N/A","N/A",(G42-(G42*$E$1))) -> 158799.15 | I42: 216999 | J42: =+IF(I42="N/A","N/A",(I42-(I42*$E$1))) -> 206149.05 | K42: N/A | L42: =+IF(K42="N/A","N/A",(K42-(K42*$E$1))) -> N/A | M42: 133107 | N42: =+IF(M42="N/A","N/A",(M42-(M42*$E$1))) -> 126451.65 | O42: 241383 | P42: =+IF(O42="N/A","N/A",(O42-(O42*$E$1))) -> 229313.85 | Q42: 207063 | R42: =+IF(Q42="N/A","N/A",(Q42-(Q42*$E$1))) -> 196709.85 | S42: 316769 | T42: =+IF(S42="N/A","N/A",(S42-(S42*$E$1))) -> 300930.55 | U42: 151961 | V42: =+IF(U42="N/A","N/A",(U42-(U42*$E$1))) -> 144362.95 | W42: N/A | X42: =+IF(W42="N/A","N/A",(W42-(W42*$E$1))) -> N/A | Y42: 235543 | Z42: =+IF(Y42="N/A","N/A",(Y42-(Y42*$E$1))) -> 223765.85 | AA42: 252629 | AB42: =+IF(AA42="N/A","N/A",(AA42-(AA42*$E$1))) -> 239997.55 | AC42: 187977 | AD42: =+IF(AC42="N/A","N/A",(AC42-(AC42*$E$1))) -> 178578.15 | AE42: 164235 | AF42: =+IF(AE42="N/A","N/A",(AE42-(AE42*$E$1))) -> 156023.25 | AG42: 151906 | AH42: =+IF(AG42="N/A","N/A",(AG42-(AG42*$E$1))) -> 144310.7 | AI42: 164235 | AJ42: =+IF(AI42="N/A","N/A",(AI42-(AI42*$E$1))) -> 156023.25 | AK42: 258723 | AL42: =+IF(AK42="N/A","N/A",(AK42-(AK42*$E$1))) -> 245786.85 | AM42: 296422 | AN42: =+IF(AM42="N/A","N/A",(AM42-(AM42*$E$1))) -> 281600.9 | AO42: 295873 | AP42: =+IF(AO42="N/A","N/A",(AO42-(AO42*$E$1))) -> 281079.35 | AQ42: 168404 | AR42: =+IF(AQ42="N/A","N/A",(AQ42-(AQ42*$E$1))) -> 159983.8 | AS42: 308458 | AT42: =+IF(AS42="N/A","N/A",(AS42-(AS42*$E$1))) -> 293035.1 | AU42: N/A | AV42: =+IF(AU42="N/A","N/A",(AU42-(AU42*$E$1))) -> N/A | AW42: 980000 | AX42: =+IF(AW42="N/A","N/A",(AW42-(AW42*$E$1))) -> 931000 | AY42: 447993 | AZ42: =+IF(AY42="N/A","N/A",(AY42-(AY42*$E$1))) -> 425593.35
A43: 27 | B43: Juego de Terminales Direccion (Largo y Corto) | C43: 1 | E43: 363296 | F43: =+IF(E43="N/A","N/A",(E43-(E43*$E$1))) -> 345131.2 | G43: 423641 | H43: =+IF(G43="N/A","N/A",(G43-(G43*$E$1))) -> 402458.95 | I43: 253035 | J43: =+IF(I43="N/A","N/A",(I43-(I43*$E$1))) -> 240383.25 | K43: 281970 | L43: =+IF(K43="N/A","N/A",(K43-(K43*$E$1))) -> 267871.5 | M43: 244950 | N43: =+IF(M43="N/A","N/A",(M43-(M43*$E$1))) -> 232702.5 | O43: 273996 | P43: =+IF(O43="N/A","N/A",(O43-(O43*$E$1))) -> 260296.2 | Q43: 254381 | R43: =+IF(Q43="N/A","N/A",(Q43-(Q43*$E$1))) -> 241661.95 | S43: 485012 | T43: =+IF(S43="N/A","N/A",(S43-(S43*$E$1))) -> 460761.4 | U43: 228137 | V43: =+IF(U43="N/A","N/A",(U43-(U43*$E$1))) -> 216730.15 | W43: 235616 | X43: =+IF(W43="N/A","N/A",(W43-(W43*$E$1))) -> 223835.2 | Y43: 287522 | Z43: =+IF(Y43="N/A","N/A",(Y43-(Y43*$E$1))) -> 273145.9 | AA43: 296871 | AB43: =+IF(AA43="N/A","N/A",(AA43-(AA43*$E$1))) -> 282027.45 | AC43: 277456 | AD43: =+IF(AC43="N/A","N/A",(AC43-(AC43*$E$1))) -> 263583.2 | AE43: 249210 | AF43: =+IF(AE43="N/A","N/A",(AE43-(AE43*$E$1))) -> 236749.5 | AG43: 240870 | AH43: =+IF(AG43="N/A","N/A",(AG43-(AG43*$E$1))) -> 228826.5 | AI43: 249210 | AJ43: =+IF(AI43="N/A","N/A",(AI43-(AI43*$E$1))) -> 236749.5 | AK43: 284007 | AL43: =+IF(AK43="N/A","N/A",(AK43-(AK43*$E$1))) -> 269806.65 | AM43: 751251 | AN43: =+IF(AM43="N/A","N/A",(AM43-(AM43*$E$1))) -> 713688.45 | AO43: 284007 | AP43: =+IF(AO43="N/A","N/A",(AO43-(AO43*$E$1))) -> 269806.65 | AQ43: 305853 | AR43: =+IF(AQ43="N/A","N/A",(AQ43-(AQ43*$E$1))) -> 290560.35 | AS43: 295125 | AT43: =+IF(AS43="N/A","N/A",(AS43-(AS43*$E$1))) -> 280368.75 | AU43: 500023 | AV43: =+IF(AU43="N/A","N/A",(AU43-(AU43*$E$1))) -> 475021.85 | AW43: 3659874 | AX43: =+IF(AW43="N/A","N/A",(AW43-(AW43*$E$1))) -> 3476880.3 | AY43: 526448 | AZ43: =+IF(AY43="N/A","N/A",(AY43-(AY43*$E$1))) -> 500125.6
A44: 28 | B44: Fuelle De La Botella | C44: 1 | E44: 77342 | F44: =+IF(E44="N/A","N/A",(E44-(E44*$E$1))) -> 73474.9 | G44: 77342 | H44: =+IF(G44="N/A","N/A",(G44-(G44*$E$1))) -> 73474.9 | I44: 65244 | J44: =+IF(I44="N/A","N/A",(I44-(I44*$E$1))) -> 61981.8 | K44: 38465 | L44: =+IF(K44="N/A","N/A",(K44-(K44*$E$1))) -> 36541.75 | M44: 38366 | N44: =+IF(M44="N/A","N/A",(M44-(M44*$E$1))) -> 36447.7 | O44: 34979 | P44: =+IF(O44="N/A","N/A",(O44-(O44*$E$1))) -> 33230.05 | Q44: 50910 | R44: =+IF(Q44="N/A","N/A",(Q44-(Q44*$E$1))) -> 48364.5 | S44: 71540 | T44: =+IF(S44="N/A","N/A",(S44-(S44*$E$1))) -> 67963 | U44: 58640 | V44: =+IF(U44="N/A","N/A",(U44-(U44*$E$1))) -> 55708 | W44: N/A | X44: =+IF(W44="N/A","N/A",(W44-(W44*$E$1))) -> N/A | Y44: 50241 | Z44: =+IF(Y44="N/A","N/A",(Y44-(Y44*$E$1))) -> 47728.95 | AA44: 53692 | AB44: =+IF(AA44="N/A","N/A",(AA44-(AA44*$E$1))) -> 51007.4 | AC44: 92279 | AD44: =+IF(AC44="N/A","N/A",(AC44-(AC44*$E$1))) -> 87665.05 | AE44: 75026 | AF44: =+IF(AE44="N/A","N/A",(AE44-(AE44*$E$1))) -> 71274.7 | AG44: 70520 | AH44: =+IF(AG44="N/A","N/A",(AG44-(AG44*$E$1))) -> 66994 | AI44: 75026 | AJ44: =+IF(AI44="N/A","N/A",(AI44-(AI44*$E$1))) -> 71274.7 | AK44: 63628 | AL44: =+IF(AK44="N/A","N/A",(AK44-(AK44*$E$1))) -> 60446.6 | AM44: 137152 | AN44: =+IF(AM44="N/A","N/A",(AM44-(AM44*$E$1))) -> 130294.4 | AO44: 63628 | AP44: =+IF(AO44="N/A","N/A",(AO44-(AO44*$E$1))) -> 60446.6 | AQ44: 51867 | AR44: =+IF(AQ44="N/A","N/A",(AQ44-(AQ44*$E$1))) -> 49273.65 | AS44: 65658 | AT44: =+IF(AS44="N/A","N/A",(AS44-(AS44*$E$1))) -> 62375.1 | AU44: 68210 | AV44: =+IF(AU44="N/A","N/A",(AU44-(AU44*$E$1))) -> 64799.5 | AW44: 458000 | AX44: =+IF(AW44="N/A","N/A",(AW44-(AW44*$E$1))) -> 435100 | AY44: 95213 | AZ44: =+IF(AY44="N/A","N/A",(AY44-(AY44*$E$1))) -> 90452.35
A45: 29 | B45: Interiores De Botella | C45: 1 | E45: 427473 | F45: =+IF(E45="N/A","N/A",(E45-(E45*$E$1))) -> 406099.35 | G45: 435811 | H45: =+IF(G45="N/A","N/A",(G45-(G45*$E$1))) -> 414020.45 | I45: 658352 | J45: =+IF(I45="N/A","N/A",(I45-(I45*$E$1))) -> 625434.4 | K45: 324204 | L45: =+IF(K45="N/A","N/A",(K45-(K45*$E$1))) -> 307993.8 | M45: 707942 | N45: =+IF(M45="N/A","N/A",(M45-(M45*$E$1))) -> 672544.9 | O45: 292462 | P45: =+IF(O45="N/A","N/A",(O45-(O45*$E$1))) -> 277838.9 | Q45: 459287 | R45: =+IF(Q45="N/A","N/A",(Q45-(Q45*$E$1))) -> 436322.65 | S45: 396070 | T45: =+IF(S45="N/A","N/A",(S45-(S45*$E$1))) -> 376266.5 | U45: 269681 | V45: =+IF(U45="N/A","N/A",(U45-(U45*$E$1))) -> 256196.95 | W45: 468363 | X45: =+IF(W45="N/A","N/A",(W45-(W45*$E$1))) -> 444944.85 | Y45: 447067 | Z45: =+IF(Y45="N/A","N/A",(Y45-(Y45*$E$1))) -> 424713.65 | AA45: 463146 | AB45: =+IF(AA45="N/A","N/A",(AA45-(AA45*$E$1))) -> 439988.7 | AC45: 461419 | AD45: =+IF(AC45="N/A","N/A",(AC45-(AC45*$E$1))) -> 438348.05 | AE45: 412246 | AF45: =+IF(AE45="N/A","N/A",(AE45-(AE45*$E$1))) -> 391633.7 | AG45: 376086 | AH45: =+IF(AG45="N/A","N/A",(AG45-(AG45*$E$1))) -> 357281.7 | AI45: 412246 | AJ45: =+IF(AI45="N/A","N/A",(AI45-(AI45*$E$1))) -> 391633.7 | AK45: 506869 | AL45: =+IF(AK45="N/A","N/A",(AK45-(AK45*$E$1))) -> 481525.55 | AM45: 772833 | AN45: =+IF(AM45="N/A","N/A",(AM45-(AM45*$E$1))) -> 734191.35 | AO45: 506869 | AP45: =+IF(AO45="N/A","N/A",(AO45-(AO45*$E$1))) -> 481525.55 | AQ45: 580637 | AR45: =+IF(AQ45="N/A","N/A",(AQ45-(AQ45*$E$1))) -> 551605.15 | AS45: 527383 | AT45: =+IF(AS45="N/A","N/A",(AS45-(AS45*$E$1))) -> 501013.85 | AU45: 574919 | AV45: =+IF(AU45="N/A","N/A",(AU45-(AU45*$E$1))) -> 546173.05 | AW45: N/A | AX45: =+IF(AW45="N/A","N/A",(AW45-(AW45*$E$1))) -> N/A | AY45: 821308 | AZ45: =+IF(AY45="N/A","N/A",(AY45-(AY45*$E$1))) -> 780242.6
A46: 30 | B46: Juego de Amortiguadores Delanteros (PAR) | C46: 1 | E46: 303610 | F46: =+IF(E46="N/A","N/A",(E46-(E46*$E$1))) -> 288429.5 | G46: 388299 | H46: =+IF(G46="N/A","N/A",(G46-(G46*$E$1))) -> 368884.05 | I46: 493619 | J46: =+IF(I46="N/A","N/A",(I46-(I46*$E$1))) -> 468938.05 | K46: 374130 | L46: =+IF(K46="N/A","N/A",(K46-(K46*$E$1))) -> 355423.5 | M46: 390809 | N46: =+IF(M46="N/A","N/A",(M46-(M46*$E$1))) -> 371268.55 | O46: 356847 | P46: =+IF(O46="N/A","N/A",(O46-(O46*$E$1))) -> 339004.65 | Q46: 358273 | R46: =+IF(Q46="N/A","N/A",(Q46-(Q46*$E$1))) -> 340359.35 | S46: 522593 | T46: =+IF(S46="N/A","N/A",(S46-(S46*$E$1))) -> 496463.35 | U46: 540982 | V46: =+IF(U46="N/A","N/A",(U46-(U46*$E$1))) -> 513932.9 | W46: 369763 | X46: =+IF(W46="N/A","N/A",(W46-(W46*$E$1))) -> 351274.85 | Y46: 345780 | Z46: =+IF(Y46="N/A","N/A",(Y46-(Y46*$E$1))) -> 328491 | AA46: 370744 | AB46: =+IF(AA46="N/A","N/A",(AA46-(AA46*$E$1))) -> 352206.8 | AC46: 898351 | AD46: =+IF(AC46="N/A","N/A",(AC46-(AC46*$E$1))) -> 853433.45 | AE46: 749176 | AF46: =+IF(AE46="N/A","N/A",(AE46-(AE46*$E$1))) -> 711717.2 | AG46: 688185 | AH46: =+IF(AG46="N/A","N/A",(AG46-(AG46*$E$1))) -> 653775.75 | AI46: 749176 | AJ46: =+IF(AI46="N/A","N/A",(AI46-(AI46*$E$1))) -> 711717.2 | AK46: 979887 | AL46: =+IF(AK46="N/A","N/A",(AK46-(AK46*$E$1))) -> 930892.65 | AM46: 688580 | AN46: =+IF(AM46="N/A","N/A",(AM46-(AM46*$E$1))) -> 654151 | AO46: 979887 | AP46: =+IF(AO46="N/A","N/A",(AO46-(AO46*$E$1))) -> 930892.65 | AQ46: 632963 | AR46: =+IF(AQ46="N/A","N/A",(AQ46-(AQ46*$E$1))) -> 601314.85 | AS46: 1065346 | AT46: =+IF(AS46="N/A","N/A",(AS46-(AS46*$E$1))) -> 1012078.7 | AU46: 663453 | AV46: =+IF(AU46="N/A","N/A",(AU46-(AU46*$E$1))) -> 630280.35 | AW46: 4589785 | AX46: =+IF(AW46="N/A","N/A",(AW46-(AW46*$E$1))) -> 4360295.8 | AY46: 657448 | AZ46: =+IF(AY46="N/A","N/A",(AY46-(AY46*$E$1))) -> 624575.6
A47: 31 | B47: Juego de Amortiguadores Traseros (PAR) | C47: 1 | E47: 254223 | F47: =+IF(E47="N/A","N/A",(E47-(E47*$E$1))) -> 241511.85 | G47: 311378 | H47: =+IF(G47="N/A","N/A",(G47-(G47*$E$1))) -> 295809.1 | I47: 413645 | J47: =+IF(I47="N/A","N/A",(I47-(I47*$E$1))) -> 392962.75 | K47: 378791 | L47: =+IF(K47="N/A","N/A",(K47-(K47*$E$1))) -> 359851.45 | M47: 552362 | N47: =+IF(M47="N/A","N/A",(M47-(M47*$E$1))) -> 524743.9 | O47: 302923 | P47: =+IF(O47="N/A","N/A",(O47-(O47*$E$1))) -> 287776.85 | Q47: 381089 | R47: =+IF(Q47="N/A","N/A",(Q47-(Q47*$E$1))) -> 362034.55 | S47: 483698 | T47: =+IF(S47="N/A","N/A",(S47-(S47*$E$1))) -> 459513.1 | U47: 547687 | V47: =+IF(U47="N/A","N/A",(U47-(U47*$E$1))) -> 520302.65 | W47: 393062 | X47: =+IF(W47="N/A","N/A",(W47-(W47*$E$1))) -> 373408.9 | Y47: 337389 | Z47: =+IF(Y47="N/A","N/A",(Y47-(Y47*$E$1))) -> 320519.55 | AA47: 361514 | AB47: =+IF(AA47="N/A","N/A",(AA47-(AA47*$E$1))) -> 343438.3 | AC47: 903106 | AD47: =+IF(AC47="N/A","N/A",(AC47-(AC47*$E$1))) -> 857950.7 | AE47: 753217 | AF47: =+IF(AE47="N/A","N/A",(AE47-(AE47*$E$1))) -> 715556.15 | AG47: 691751 | AH47: =+IF(AG47="N/A","N/A",(AG47-(AG47*$E$1))) -> 657163.45 | AI47: 753217 | AJ47: =+IF(AI47="N/A","N/A",(AI47-(AI47*$E$1))) -> 715556.15 | AK47: 395611 | AL47: =+IF(AK47="N/A","N/A",(AK47-(AK47*$E$1))) -> 375830.45 | AM47: 552174 | AN47: =+IF(AM47="N/A","N/A",(AM47-(AM47*$E$1))) -> 524565.3 | AO47: 395611 | AP47: =+IF(AO47="N/A","N/A",(AO47-(AO47*$E$1))) -> 375830.45 | AQ47: 378086 | AR47: =+IF(AQ47="N/A","N/A",(AQ47-(AQ47*$E$1))) -> 359181.7 | AS47: 408856 | AT47: =+IF(AS47="N/A","N/A",(AS47-(AS47*$E$1))) -> 388413.2 | AU47: 671718 | AV47: =+IF(AU47="N/A","N/A",(AU47-(AU47*$E$1))) -> 638132.1 | AW47: 4587478 | AX47: =+IF(AW47="N/A","N/A",(AW47-(AW47*$E$1))) -> 4358104.1 | AY47: 641080 | AZ47: =+IF(AY47="N/A","N/A",(AY47-(AY47*$E$1))) -> 609026
A48: 32 | B48: Cauchos Barra Estabilizadora | C48: 1 | E48: 27954 | F48: =+IF(E48="N/A","N/A",(E48-(E48*$E$1))) -> 26556.3 | G48: 31831 | H48: =+IF(G48="N/A","N/A",(G48-(G48*$E$1))) -> 30239.45 | I48: 21890 | J48: =+IF(I48="N/A","N/A",(I48-(I48*$E$1))) -> 20795.5 | K48: N/A | L48: =+IF(K48="N/A","N/A",(K48-(K48*$E$1))) -> N/A | M48: 136567 | N48: =+IF(M48="N/A","N/A",(M48-(M48*$E$1))) -> 129738.65 | O48: 15040 | P48: =+IF(O48="N/A","N/A",(O48-(O48*$E$1))) -> 14288 | Q48: 15386 | R48: =+IF(Q48="N/A","N/A",(Q48-(Q48*$E$1))) -> 14616.7 | S48: 57694 | T48: =+IF(S48="N/A","N/A",(S48-(S48*$E$1))) -> 54809.3 | U48: 22628 | V48: =+IF(U48="N/A","N/A",(U48-(U48*$E$1))) -> 21496.6 | W48: 25963 | X48: =+IF(W48="N/A","N/A",(W48-(W48*$E$1))) -> 24664.85 | Y48: 27009 | Z48: =+IF(Y48="N/A","N/A",(Y48-(Y48*$E$1))) -> 25658.55 | AA48: 28136 | AB48: =+IF(AA48="N/A","N/A",(AA48-(AA48*$E$1))) -> 26729.2 | AC48: 36234 | AD48: =+IF(AC48="N/A","N/A",(AC48-(AC48*$E$1))) -> 34422.3 | AE48: 29659 | AF48: =+IF(AE48="N/A","N/A",(AE48-(AE48*$E$1))) -> 28176.05 | AG48: 27608 | AH48: =+IF(AG48="N/A","N/A",(AG48-(AG48*$E$1))) -> 26227.6 | AI48: 29659 | AJ48: =+IF(AI48="N/A","N/A",(AI48-(AI48*$E$1))) -> 28176.05 | AK48: 54489 | AL48: =+IF(AK48="N/A","N/A",(AK48-(AK48*$E$1))) -> 51764.55 | AM48: 56446 | AN48: =+IF(AM48="N/A","N/A",(AM48-(AM48*$E$1))) -> 53623.7 | AO48: 54489 | AP48: =+IF(AO48="N/A","N/A",(AO48-(AO48*$E$1))) -> 51764.55 | AQ48: 43932 | AR48: =+IF(AQ48="N/A","N/A",(AQ48-(AQ48*$E$1))) -> 41735.4 | AS48: 59277 | AT48: =+IF(AS48="N/A","N/A",(AS48-(AS48*$E$1))) -> 56313.15 | AU48: N/A | AV48: =+IF(AU48="N/A","N/A",(AU48-(AU48*$E$1))) -> N/A | AW48: 450000 | AX48: =+IF(AW48="N/A","N/A",(AW48-(AW48*$E$1))) -> 427500 | AY48: 49895 | AZ48: =+IF(AY48="N/A","N/A",(AY48-(AY48*$E$1))) -> 47400.25
A49: 33 | B49: Buje Barra Estabilizadora | C49: 1 | E49: 27954 | F49: =+IF(E49="N/A","N/A",(E49-(E49*$E$1))) -> 26556.3 | G49: 31831 | H49: =+IF(G49="N/A","N/A",(G49-(G49*$E$1))) -> 30239.45 | I49: 30398 | J49: =+IF(I49="N/A","N/A",(I49-(I49*$E$1))) -> 28878.1 | K49: 41744 | L49: =+IF(K49="N/A","N/A",(K49-(K49*$E$1))) -> 39656.8 | M49: 134179 | N49: =+IF(M49="N/A","N/A",(M49-(M49*$E$1))) -> 127470.05 | O49: 15869 | P49: =+IF(O49="N/A","N/A",(O49-(O49*$E$1))) -> 15075.55 | Q49: 20607 | R49: =+IF(Q49="N/A","N/A",(Q49-(Q49*$E$1))) -> 19576.65 | S49: 56769 | T49: =+IF(S49="N/A","N/A",(S49-(S49*$E$1))) -> 53930.55 | U49: 33020 | V49: =+IF(U49="N/A","N/A",(U49-(U49*$E$1))) -> 31369 | W49: 21557 | X49: =+IF(W49="N/A","N/A",(W49-(W49*$E$1))) -> 20479.15 | Y49: 18670 | Z49: =+IF(Y49="N/A","N/A",(Y49-(Y49*$E$1))) -> 17736.5 | AA49: 18964 | AB49: =+IF(AA49="N/A","N/A",(AA49-(AA49*$E$1))) -> 18015.8 | AC49: 36234 | AD49: =+IF(AC49="N/A","N/A",(AC49-(AC49*$E$1))) -> 34422.3 | AE49: 29659 | AF49: =+IF(AE49="N/A","N/A",(AE49-(AE49*$E$1))) -> 28176.05 | AG49: 27608 | AH49: =+IF(AG49="N/A","N/A",(AG49-(AG49*$E$1))) -> 26227.6 | AI49: 29659 | AJ49: =+IF(AI49="N/A","N/A",(AI49-(AI49*$E$1))) -> 28176.05 | AK49: 54489 | AL49: =+IF(AK49="N/A","N/A",(AK49-(AK49*$E$1))) -> 51764.55 | AM49: 56446 | AN49: =+IF(AM49="N/A","N/A",(AM49-(AM49*$E$1))) -> 53623.7 | AO49: 54489 | AP49: =+IF(AO49="N/A","N/A",(AO49-(AO49*$E$1))) -> 51764.55 | AQ49: 70404 | AR49: =+IF(AQ49="N/A","N/A",(AQ49-(AQ49*$E$1))) -> 66883.8 | AS49: 59277 | AT49: =+IF(AS49="N/A","N/A",(AS49-(AS49*$E$1))) -> 56313.15 | AU49: 74025 | AV49: =+IF(AU49="N/A","N/A",(AU49-(AU49*$E$1))) -> 70323.75 | AW49: 258900 | AX49: =+IF(AW49="N/A","N/A",(AW49-(AW49*$E$1))) -> 245955 | AY49: 33629 | AZ49: =+IF(AY49="N/A","N/A",(AY49-(AY49*$E$1))) -> 31947.55
A50: 34 | B50: Muñeco Barra Estabilizadora | C50: 1 | E50: 119196 | F50: =+IF(E50="N/A","N/A",(E50-(E50*$E$1))) -> 113236.2 | G50: 110910 | H50: =+IF(G50="N/A","N/A",(G50-(G50*$E$1))) -> 105364.5 | I50: 135167 | J50: =+IF(I50="N/A","N/A",(I50-(I50*$E$1))) -> 128408.65 | K50: N/A | L50: =+IF(K50="N/A","N/A",(K50-(K50*$E$1))) -> N/A | M50: 87015 | N50: =+IF(M50="N/A","N/A",(M50-(M50*$E$1))) -> 82664.25 | O50: N/A | P50: =+IF(O50="N/A","N/A",(O50-(O50*$E$1))) -> N/A | Q50: 86502 | R50: =+IF(Q50="N/A","N/A",(Q50-(Q50*$E$1))) -> 82176.9 | S50: 155975 | T50: =+IF(S50="N/A","N/A",(S50-(S50*$E$1))) -> 148176.25 | U50: 97679 | V50: =+IF(U50="N/A","N/A",(U50-(U50*$E$1))) -> 92795.05 | W50: 85926 | X50: =+IF(W50="N/A","N/A",(W50-(W50*$E$1))) -> 81629.7 | Y50: 111548 | Z50: =+IF(Y50="N/A","N/A",(Y50-(Y50*$E$1))) -> 105970.6 | AA50: 115885 | AB50: =+IF(AA50="N/A","N/A",(AA50-(AA50*$E$1))) -> 110090.75 | AC50: 188567 | AD50: =+IF(AC50="N/A","N/A",(AC50-(AC50*$E$1))) -> 179138.65 | AE50: 170506 | AF50: =+IF(AE50="N/A","N/A",(AE50-(AE50*$E$1))) -> 161980.7 | AG50: 158470 | AH50: =+IF(AG50="N/A","N/A",(AG50-(AG50*$E$1))) -> 150546.5 | AI50: 170506 | AJ50: =+IF(AI50="N/A","N/A",(AI50-(AI50*$E$1))) -> 161980.7 | AK50: 254306 | AL50: =+IF(AK50="N/A","N/A",(AK50-(AK50*$E$1))) -> 241590.7 | AM50: 196680 | AN50: =+IF(AM50="N/A","N/A",(AM50-(AM50*$E$1))) -> 186846 | AO50: 254306 | AP50: =+IF(AO50="N/A","N/A",(AO50-(AO50*$E$1))) -> 241590.7 | AQ50: 277923 | AR50: =+IF(AQ50="N/A","N/A",(AQ50-(AQ50*$E$1))) -> 264026.85 | AS50: 274242 | AT50: =+IF(AS50="N/A","N/A",(AS50-(AS50*$E$1))) -> 260529.9 | AU50: N/A | AV50: =+IF(AU50="N/A","N/A",(AU50-(AU50*$E$1))) -> N/A | AW50: 978580 | AX50: =+IF(AW50="N/A","N/A",(AW50-(AW50*$E$1))) -> 929651 | AY50: 205502 | AZ50: =+IF(AY50="N/A","N/A",(AY50-(AY50*$E$1))) -> 195226.9
A51: 35 | B51: Rotula Inferior | C51: 1 | E51: 230451 | F51: =+IF(E51="N/A","N/A",(E51-(E51*$E$1))) -> 218928.45 | G51: 190226 | H51: =+IF(G51="N/A","N/A",(G51-(G51*$E$1))) -> 180714.7 | I51: 206372 | J51: =+IF(I51="N/A","N/A",(I51-(I51*$E$1))) -> 196053.4 | K51: N/A | L51: =+IF(K51="N/A","N/A",(K51-(K51*$E$1))) -> N/A | M51: 172701 | N51: =+IF(M51="N/A","N/A",(M51-(M51*$E$1))) -> 164065.95 | O51: 164831 | P51: =+IF(O51="N/A","N/A",(O51-(O51*$E$1))) -> 156589.45 | Q51: 193777 | R51: =+IF(Q51="N/A","N/A",(Q51-(Q51*$E$1))) -> 184088.15 | S51: 248941 | T51: =+IF(S51="N/A","N/A",(S51-(S51*$E$1))) -> 236493.95 | U51: 186703 | V51: =+IF(U51="N/A","N/A",(U51-(U51*$E$1))) -> 177367.85 | W51: 204936 | X51: =+IF(W51="N/A","N/A",(W51-(W51*$E$1))) -> 194689.2 | Y51: 176334 | Z51: =+IF(Y51="N/A","N/A",(Y51-(Y51*$E$1))) -> 167517.3 | AA51: 184353 | AB51: =+IF(AA51="N/A","N/A",(AA51-(AA51*$E$1))) -> 175135.35 | AC51: 245770 | AD51: =+IF(AC51="N/A","N/A",(AC51-(AC51*$E$1))) -> 233481.5 | AE51: 204094 | AF51: =+IF(AE51="N/A","N/A",(AE51-(AE51*$E$1))) -> 193889.3 | AG51: 189132 | AH51: =+IF(AG51="N/A","N/A",(AG51-(AG51*$E$1))) -> 179675.4 | AI51: 204094 | AJ51: =+IF(AI51="N/A","N/A",(AI51-(AI51*$E$1))) -> 193889.3 | AK51: 288223 | AL51: =+IF(AK51="N/A","N/A",(AK51-(AK51*$E$1))) -> 273811.85 | AM51: 337332 | AN51: =+IF(AM51="N/A","N/A",(AM51-(AM51*$E$1))) -> 320465.4 | AO51: 288223 | AP51: =+IF(AO51="N/A","N/A",(AO51-(AO51*$E$1))) -> 273811.85 | AQ51: 346200 | AR51: =+IF(AQ51="N/A","N/A",(AQ51-(AQ51*$E$1))) -> 328890 | AS51: 311959 | AT51: =+IF(AS51="N/A","N/A",(AS51-(AS51*$E$1))) -> 296361.05 | AU51: N/A | AV51: =+IF(AU51="N/A","N/A",(AU51-(AU51*$E$1))) -> N/A | AW51: 874587 | AX51: =+IF(AW51="N/A","N/A",(AW51-(AW51*$E$1))) -> 830857.65 | AY51: 326917 | AZ51: =+IF(AY51="N/A","N/A",(AY51-(AY51*$E$1))) -> 310571.15
A52: 36 | B52: Rotula Superior | C52: 1 | E52: 294240 | F52: =+IF(E52="N/A","N/A",(E52-(E52*$E$1))) -> 279528 | G52: 246721 | H52: =+IF(G52="N/A","N/A",(G52-(G52*$E$1))) -> 234384.95 | I52: N/A | J52: =+IF(I52="N/A","N/A",(I52-(I52*$E$1))) -> N/A | K52: N/A | L52: =+IF(K52="N/A","N/A",(K52-(K52*$E$1))) -> N/A | M52: N/A | N52: =+IF(M52="N/A","N/A",(M52-(M52*$E$1))) -> N/A | O52: N/A | P52: =+IF(O52="N/A","N/A",(O52-(O52*$E$1))) -> N/A | Q52: 165364 | R52: =+IF(Q52="N/A","N/A",(Q52-(Q52*$E$1))) -> 157095.8 | S52: N/A | T52: =+IF(S52="N/A","N/A",(S52-(S52*$E$1))) -> N/A | U52: N/A | V52: =+IF(U52="N/A","N/A",(U52-(U52*$E$1))) -> N/A | W52: 168662 | X52: =+IF(W52="N/A","N/A",(W52-(W52*$E$1))) -> 160228.9 | Y52: 200177 | Z52: =+IF(Y52="N/A","N/A",(Y52-(Y52*$E$1))) -> 190168.15 | AA52: 210409 | AB52: =+IF(AA52="N/A","N/A",(AA52-(AA52*$E$1))) -> 199888.55 | AC52: 279220 | AD52: =+IF(AC52="N/A","N/A",(AC52-(AC52*$E$1))) -> 265259 | AE52: N/A | AF52: =+IF(AE52="N/A","N/A",(AE52-(AE52*$E$1))) -> N/A | AG52: N/A | AH52: =+IF(AG52="N/A","N/A",(AG52-(AG52*$E$1))) -> N/A | AI52: N/A | AJ52: =+IF(AI52="N/A","N/A",(AI52-(AI52*$E$1))) -> N/A | AK52: 258757 | AL52: =+IF(AK52="N/A","N/A",(AK52-(AK52*$E$1))) -> 245819.15 | AM52: 437515 | AN52: =+IF(AM52="N/A","N/A",(AM52-(AM52*$E$1))) -> 415639.25 | AO52: 258757 | AP52: =+IF(AO52="N/A","N/A",(AO52-(AO52*$E$1))) -> 245819.15 | AQ52: 290223 | AR52: =+IF(AQ52="N/A","N/A",(AQ52-(AQ52*$E$1))) -> 275711.85 | AS52: 278633 | AT52: =+IF(AS52="N/A","N/A",(AS52-(AS52*$E$1))) -> 264701.35 | AU52: N/A | AV52: =+IF(AU52="N/A","N/A",(AU52-(AU52*$E$1))) -> N/A | AW52: 845215 | AX52: =+IF(AW52="N/A","N/A",(AW52-(AW52*$E$1))) -> 802954.25 | AY52: 373122 | AZ52: =+IF(AY52="N/A","N/A",(AY52-(AY52*$E$1))) -> 354465.9
A53: 37 | B53: Juego Bujes Tijeras Superior (par) | C53: 1 | E53: 104391 | F53: =+IF(E53="N/A","N/A",(E53-(E53*$E$1))) -> 99171.45 | G53: 116922 | H53: =+IF(G53="N/A","N/A",(G53-(G53*$E$1))) -> 111075.9 | I53: N/A | J53: =+IF(I53="N/A","N/A",(I53-(I53*$E$1))) -> N/A | K53: N/A | L53: =+IF(K53="N/A","N/A",(K53-(K53*$E$1))) -> N/A | M53: N/A | N53: =+IF(M53="N/A","N/A",(M53-(M53*$E$1))) -> N/A | O53: N/A | P53: =+IF(O53="N/A","N/A",(O53-(O53*$E$1))) -> N/A | Q53: 161292 | R53: =+IF(Q53="N/A","N/A",(Q53-(Q53*$E$1))) -> 153227.4 | S53: N/A | T53: =+IF(S53="N/A","N/A",(S53-(S53*$E$1))) -> N/A | U53: N/A | V53: =+IF(U53="N/A","N/A",(U53-(U53*$E$1))) -> N/A | W53: 160510 | X53: =+IF(W53="N/A","N/A",(W53-(W53*$E$1))) -> 152484.5 | Y53: 207381 | Z53: =+IF(Y53="N/A","N/A",(Y53-(Y53*$E$1))) -> 197011.95 | AA53: 219553 | AB53: =+IF(AA53="N/A","N/A",(AA53-(AA53*$E$1))) -> 208575.35 | AC53: 340326 | AD53: =+IF(AC53="N/A","N/A",(AC53-(AC53*$E$1))) -> 323309.7 | AE53: N/A | AF53: =+IF(AE53="N/A","N/A",(AE53-(AE53*$E$1))) -> N/A | AG53: N/A | AH53: =+IF(AG53="N/A","N/A",(AG53-(AG53*$E$1))) -> N/A | AI53: N/A | AJ53: =+IF(AI53="N/A","N/A",(AI53-(AI53*$E$1))) -> N/A | AK53: 246986 | AL53: =+IF(AK53="N/A","N/A",(AK53-(AK53*$E$1))) -> 234636.7 | AM53: 207340 | AN53: =+IF(AM53="N/A","N/A",(AM53-(AM53*$E$1))) -> 196973 | AO53: 246986 | AP53: =+IF(AO53="N/A","N/A",(AO53-(AO53*$E$1))) -> 234636.7 | AQ53: 211870 | AR53: =+IF(AQ53="N/A","N/A",(AQ53-(AQ53*$E$1))) -> 201276.5 | AS53: 266920 | AT53: =+IF(AS53="N/A","N/A",(AS53-(AS53*$E$1))) -> 253574 | AU53: N/A | AV53: =+IF(AU53="N/A","N/A",(AU53-(AU53*$E$1))) -> N/A | AW53: N/A | AX53: =+IF(AW53="N/A","N/A",(AW53-(AW53*$E$1))) -> N/A | AY53: 389338 | AZ53: =+IF(AY53="N/A","N/A",(AY53-(AY53*$E$1))) -> 369871.1
A54: 38 | B54: Juego Bujes Tijeras Inferior (par) | C54: 1 | E54: 180680 | F54: =+IF(E54="N/A","N/A",(E54-(E54*$E$1))) -> 171646 | G54: 128314 | H54: =+IF(G54="N/A","N/A",(G54-(G54*$E$1))) -> 121898.3 | I54: 166886 | J54: =+IF(I54="N/A","N/A",(I54-(I54*$E$1))) -> 158541.7 | K54: N/A | L54: =+IF(K54="N/A","N/A",(K54-(K54*$E$1))) -> N/A | M54: 260408 | N54: =+IF(M54="N/A","N/A",(M54-(M54*$E$1))) -> 247387.6 | O54: 86425 | P54: =+IF(O54="N/A","N/A",(O54-(O54*$E$1))) -> 82103.75 | Q54: 131114 | R54: =+IF(Q54="N/A","N/A",(Q54-(Q54*$E$1))) -> 124558.3 | S54: 259372 | T54: =+IF(S54="N/A","N/A",(S54-(S54*$E$1))) -> 246403.4 | U54: 109450 | V54: =+IF(U54="N/A","N/A",(U54-(U54*$E$1))) -> 103977.5 | W54: 130353 | X54: =+IF(W54="N/A","N/A",(W54-(W54*$E$1))) -> 123835.35 | Y54: 271614 | Z54: =+IF(Y54="N/A","N/A",(Y54-(Y54*$E$1))) -> 258033.3 | AA54: 290211 | AB54: =+IF(AA54="N/A","N/A",(AA54-(AA54*$E$1))) -> 275700.45 | AC54: 360482 | AD54: =+IF(AC54="N/A","N/A",(AC54-(AC54*$E$1))) -> 342457.9 | AE54: 339711 | AF54: =+IF(AE54="N/A","N/A",(AE54-(AE54*$E$1))) -> 322725.45 | AG54: 316798 | AH54: =+IF(AG54="N/A","N/A",(AG54-(AG54*$E$1))) -> 300958.1 | AI54: 339711 | AJ54: =+IF(AI54="N/A","N/A",(AI54-(AI54*$E$1))) -> 322725.45 | AK54: 246431 | AL54: =+IF(AK54="N/A","N/A",(AK54-(AK54*$E$1))) -> 234109.45 | AM54: 227541 | AN54: =+IF(AM54="N/A","N/A",(AM54-(AM54*$E$1))) -> 216163.95 | AO54: 246431 | AP54: =+IF(AO54="N/A","N/A",(AO54-(AO54*$E$1))) -> 234109.45 | AQ54: 331348 | AR54: =+IF(AQ54="N/A","N/A",(AQ54-(AQ54*$E$1))) -> 314780.6 | AS54: 266296 | AT54: =+IF(AS54="N/A","N/A",(AS54-(AS54*$E$1))) -> 252981.2 | AU54: N/A | AV54: =+IF(AU54="N/A","N/A",(AU54-(AU54*$E$1))) -> N/A | AW54: N/A | AX54: =+IF(AW54="N/A","N/A",(AW54-(AW54*$E$1))) -> N/A | AY54: 514637 | AZ54: =+IF(AY54="N/A","N/A",(AY54-(AY54*$E$1))) -> 488905.15
A55: 39 | B55: Buje Muelle | C55: 1 | E55: 53425 | F55: =+IF(E55="N/A","N/A",(E55-(E55*$E$1))) -> 50753.75 | G55: 37080 | H55: =+IF(G55="N/A","N/A",(G55-(G55*$E$1))) -> 35226 | I55: N/A | J55: =+IF(I55="N/A","N/A",(I55-(I55*$E$1))) -> N/A | K55: 85001 | L55: =+IF(K55="N/A","N/A",(K55-(K55*$E$1))) -> 80750.95 | M55: N/A | N55: =+IF(M55="N/A","N/A",(M55-(M55*$E$1))) -> N/A | O55: N/A | P55: =+IF(O55="N/A","N/A",(O55-(O55*$E$1))) -> N/A | Q55: 22879 | R55: =+IF(Q55="N/A","N/A",(Q55-(Q55*$E$1))) -> 21735.05 | S55: N/A | T55: =+IF(S55="N/A","N/A",(S55-(S55*$E$1))) -> N/A | U55: N/A | V55: =+IF(U55="N/A","N/A",(U55-(U55*$E$1))) -> N/A | W55: 23918 | X55: =+IF(W55="N/A","N/A",(W55-(W55*$E$1))) -> 22722.1 | Y55: 39753 | Z55: =+IF(Y55="N/A","N/A",(Y55-(Y55*$E$1))) -> 37765.35 | AA55: 41630 | AB55: =+IF(AA55="N/A","N/A",(AA55-(AA55*$E$1))) -> 39548.5 | AC55: 55486 | AD55: =+IF(AC55="N/A","N/A",(AC55-(AC55*$E$1))) -> 52711.7 | AE55: N/A | AF55: =+IF(AE55="N/A","N/A",(AE55-(AE55*$E$1))) -> N/A | AG55: N/A | AH55: =+IF(AG55="N/A","N/A",(AG55-(AG55*$E$1))) -> N/A | AI55: N/A | AJ55: =+IF(AI55="N/A","N/A",(AI55-(AI55*$E$1))) -> N/A | AK55: 35316 | AL55: =+IF(AK55="N/A","N/A",(AK55-(AK55*$E$1))) -> 33550.2 | AM55: 65754 | AN55: =+IF(AM55="N/A","N/A",(AM55-(AM55*$E$1))) -> 62466.3 | AO55: 35316 | AP55: =+IF(AO55="N/A","N/A",(AO55-(AO55*$E$1))) -> 33550.2 | AQ55: 39753 | AR55: =+IF(AQ55="N/A","N/A",(AQ55-(AQ55*$E$1))) -> 37765.35 | AS55: 37083 | AT55: =+IF(AS55="N/A","N/A",(AS55-(AS55*$E$1))) -> 35228.85 | AU55: 150733 | AV55: =+IF(AU55="N/A","N/A",(AU55-(AU55*$E$1))) -> 143196.35 | AW55: N/A | AX55: =+IF(AW55="N/A","N/A",(AW55-(AW55*$E$1))) -> N/A | AY55: 73823 | AZ55: =+IF(AY55="N/A","N/A",(AY55-(AY55*$E$1))) -> 70131.85
A56: 40 | B56: Guardapolvo Semieje | C56: 1 | E56: 108347 | F56: =+IF(E56="N/A","N/A",(E56-(E56*$E$1))) -> 102929.65 | G56: 72428 | H56: =+IF(G56="N/A","N/A",(G56-(G56*$E$1))) -> 68806.6 | I56: 113844 | J56: =+IF(I56="N/A","N/A",(I56-(I56*$E$1))) -> 108151.8 | K56: N/A | L56: =+IF(K56="N/A","N/A",(K56-(K56*$E$1))) -> N/A | M56: 128260 | N56: =+IF(M56="N/A","N/A",(M56-(M56*$E$1))) -> 121847 | O56: 55121 | P56: =+IF(O56="N/A","N/A",(O56-(O56*$E$1))) -> 52364.95 | Q56: 38576 | R56: =+IF(Q56="N/A","N/A",(Q56-(Q56*$E$1))) -> 36647.2 | S56: 79479 | T56: =+IF(S56="N/A","N/A",(S56-(S56*$E$1))) -> 75505.05 | U56: 44123 | V56: =+IF(U56="N/A","N/A",(U56-(U56*$E$1))) -> 41916.85 | W56: 39910 | X56: =+IF(W56="N/A","N/A",(W56-(W56*$E$1))) -> 37914.5 | Y56: 51867 | Z56: =+IF(Y56="N/A","N/A",(Y56-(Y56*$E$1))) -> 49273.65 | AA56: 55480 | AB56: =+IF(AA56="N/A","N/A",(AA56-(AA56*$E$1))) -> 52706 | AC56: 65296 | AD56: =+IF(AC56="N/A","N/A",(AC56-(AC56*$E$1))) -> 62031.2 | AE56: 57337 | AF56: =+IF(AE56="N/A","N/A",(AE56-(AE56*$E$1))) -> 54470.15 | AG56: 54703 | AH56: =+IF(AG56="N/A","N/A",(AG56-(AG56*$E$1))) -> 51967.85 | AI56: 57337 | AJ56: =+IF(AI56="N/A","N/A",(AI56-(AI56*$E$1))) -> 54470.15 | AK56: 52019 | AL56: =+IF(AK56="N/A","N/A",(AK56-(AK56*$E$1))) -> 49418.05 | AM56: 128438 | AN56: =+IF(AM56="N/A","N/A",(AM56-(AM56*$E$1))) -> 122016.1 | AO56: 52019 | AP56: =+IF(AO56="N/A","N/A",(AO56-(AO56*$E$1))) -> 49418.05 | AQ56: 65293 | AR56: =+IF(AQ56="N/A","N/A",(AQ56-(AQ56*$E$1))) -> 62028.35 | AS56: 56503 | AT56: =+IF(AS56="N/A","N/A",(AS56-(AS56*$E$1))) -> 53677.85 | AU56: N/A | AV56: =+IF(AU56="N/A","N/A",(AU56-(AU56*$E$1))) -> N/A | AW56: 356900 | AX56: =+IF(AW56="N/A","N/A",(AW56-(AW56*$E$1))) -> 339055 | AY56: 98385 | AZ56: =+IF(AY56="N/A","N/A",(AY56-(AY56*$E$1))) -> 93465.75
A57: 41 | B57: Guardapolvo Brazo De Direccion | C57: 1 | E57: 54839 | F57: =+IF(E57="N/A","N/A",(E57-(E57*$E$1))) -> 52097.05 | G57: 54839 | H57: =+IF(G57="N/A","N/A",(G57-(G57*$E$1))) -> 52097.05 | I57: 38432 | J57: =+IF(I57="N/A","N/A",(I57-(I57*$E$1))) -> 36510.4 | K57: N/A | L57: =+IF(K57="N/A","N/A",(K57-(K57*$E$1))) -> N/A | M57: N/A | N57: =+IF(M57="N/A","N/A",(M57-(M57*$E$1))) -> N/A | O57: N/A | P57: =+IF(O57="N/A","N/A",(O57-(O57*$E$1))) -> N/A | Q57: N/A | R57: =+IF(Q57="N/A","N/A",(Q57-(Q57*$E$1))) -> N/A | S57: 48624 | T57: =+IF(S57="N/A","N/A",(S57-(S57*$E$1))) -> 46192.8 | U57: N/A | V57: =+IF(U57="N/A","N/A",(U57-(U57*$E$1))) -> N/A | W57: N/A | X57: =+IF(W57="N/A","N/A",(W57-(W57*$E$1))) -> N/A | Y57: 54105 | Z57: =+IF(Y57="N/A","N/A",(Y57-(Y57*$E$1))) -> 51399.75 | AA57: 57417 | AB57: =+IF(AA57="N/A","N/A",(AA57-(AA57*$E$1))) -> 54546.15 | AC57: 66057 | AD57: =+IF(AC57="N/A","N/A",(AC57-(AC57*$E$1))) -> 62754.15 | AE57: N/A | AF57: =+IF(AE57="N/A","N/A",(AE57-(AE57*$E$1))) -> N/A | AG57: N/A | AH57: =+IF(AG57="N/A","N/A",(AG57-(AG57*$E$1))) -> N/A | AI57: N/A | AJ57: =+IF(AI57="N/A","N/A",(AI57-(AI57*$E$1))) -> N/A | AK57: 37407 | AL57: =+IF(AK57="N/A","N/A",(AK57-(AK57*$E$1))) -> 35536.65 | AM57: 97248 | AN57: =+IF(AM57="N/A","N/A",(AM57-(AM57*$E$1))) -> 92385.6 | AO57: 37407 | AP57: =+IF(AO57="N/A","N/A",(AO57-(AO57*$E$1))) -> 35536.65 | AQ57: 33022 | AR57: =+IF(AQ57="N/A","N/A",(AQ57-(AQ57*$E$1))) -> 31370.9 | AS57: 39436 | AT57: =+IF(AS57="N/A","N/A",(AS57-(AS57*$E$1))) -> 37464.2 | AU57: N/A | AV57: =+IF(AU57="N/A","N/A",(AU57-(AU57*$E$1))) -> N/A | AW57: 458780 | AX57: =+IF(AW57="N/A","N/A",(AW57-(AW57*$E$1))) -> 435841 | AY57: 101820 | AZ57: =+IF(AY57="N/A","N/A",(AY57-(AY57*$E$1))) -> 96729
A58: 42 | B58: Buje Colgante De Muelle | C58: 1 | E58: 39296 | F58: =+IF(E58="N/A","N/A",(E58-(E58*$E$1))) -> 37331.2 | G58: 34059 | H58: =+IF(G58="N/A","N/A",(G58-(G58*$E$1))) -> 32356.05 | I58: N/A | J58: =+IF(I58="N/A","N/A",(I58-(I58*$E$1))) -> N/A | K58: 86378 | L58: =+IF(K58="N/A","N/A",(K58-(K58*$E$1))) -> 82059.1 | M58: N/A | N58: =+IF(M58="N/A","N/A",(M58-(M58*$E$1))) -> N/A | O58: N/A | P58: =+IF(O58="N/A","N/A",(O58-(O58*$E$1))) -> N/A | Q58: 15275 | R58: =+IF(Q58="N/A","N/A",(Q58-(Q58*$E$1))) -> 14511.25 | S58: N/A | T58: =+IF(S58="N/A","N/A",(S58-(S58*$E$1))) -> N/A | U58: N/A | V58: =+IF(U58="N/A","N/A",(U58-(U58*$E$1))) -> N/A | W58: 22544 | X58: =+IF(W58="N/A","N/A",(W58-(W58*$E$1))) -> 21416.8 | Y58: 29631 | Z58: =+IF(Y58="N/A","N/A",(Y58-(Y58*$E$1))) -> 28149.45 | AA58: 30496 | AB58: =+IF(AA58="N/A","N/A",(AA58-(AA58*$E$1))) -> 28971.2 | AC58: 32253 | AD58: =+IF(AC58="N/A","N/A",(AC58-(AC58*$E$1))) -> 30640.35 | AE58: N/A | AF58: =+IF(AE58="N/A","N/A",(AE58-(AE58*$E$1))) -> N/A | AG58: N/A | AH58: =+IF(AG58="N/A","N/A",(AG58-(AG58*$E$1))) -> N/A | AI58: N/A | AJ58: =+IF(AI58="N/A","N/A",(AI58-(AI58*$E$1))) -> N/A | AK58: 35316 | AL58: =+IF(AK58="N/A","N/A",(AK58-(AK58*$E$1))) -> 33550.2 | AM58: 60397 | AN58: =+IF(AM58="N/A","N/A",(AM58-(AM58*$E$1))) -> 57377.15 | AO58: 35316 | AP58: =+IF(AO58="N/A","N/A",(AO58-(AO58*$E$1))) -> 33550.2 | AQ58: 39753 | AR58: =+IF(AQ58="N/A","N/A",(AQ58-(AQ58*$E$1))) -> 37765.35 | AS58: 37083 | AT58: =+IF(AS58="N/A","N/A",(AS58-(AS58*$E$1))) -> 35228.85 | AU58: 153176 | AV58: =+IF(AU58="N/A","N/A",(AU58-(AU58*$E$1))) -> 145517.2 | AW58: N/A | AX58: =+IF(AW58="N/A","N/A",(AW58-(AW58*$E$1))) -> N/A | AY58: 54080 | AZ58: =+IF(AY58="N/A","N/A",(AY58-(AY58*$E$1))) -> 51376
A59: 43 | B59: Bujes Muelles Traseros | C59: 1 | E59: 38372 | F59: =+IF(E59="N/A","N/A",(E59-(E59*$E$1))) -> 36453.4 | G59: 36601 | H59: =+IF(G59="N/A","N/A",(G59-(G59*$E$1))) -> 34770.95 | I59: N/A | J59: =+IF(I59="N/A","N/A",(I59-(I59*$E$1))) -> N/A | K59: 45757 | L59: =+IF(K59="N/A","N/A",(K59-(K59*$E$1))) -> 43469.15 | M59: N/A | N59: =+IF(M59="N/A","N/A",(M59-(M59*$E$1))) -> N/A | O59: N/A | P59: =+IF(O59="N/A","N/A",(O59-(O59*$E$1))) -> N/A | Q59: 22622 | R59: =+IF(Q59="N/A","N/A",(Q59-(Q59*$E$1))) -> 21490.9 | S59: N/A | T59: =+IF(S59="N/A","N/A",(S59-(S59*$E$1))) -> N/A | U59: N/A | V59: =+IF(U59="N/A","N/A",(U59-(U59*$E$1))) -> N/A | W59: 44783 | X59: =+IF(W59="N/A","N/A",(W59-(W59*$E$1))) -> 42543.85 | Y59: 39753 | Z59: =+IF(Y59="N/A","N/A",(Y59-(Y59*$E$1))) -> 37765.35 | AA59: 41630 | AB59: =+IF(AA59="N/A","N/A",(AA59-(AA59*$E$1))) -> 39548.5 | AC59: 55486 | AD59: =+IF(AC59="N/A","N/A",(AC59-(AC59*$E$1))) -> 52711.7 | AE59: N/A | AF59: =+IF(AE59="N/A","N/A",(AE59-(AE59*$E$1))) -> N/A | AG59: N/A | AH59: =+IF(AG59="N/A","N/A",(AG59-(AG59*$E$1))) -> N/A | AI59: N/A | AJ59: =+IF(AI59="N/A","N/A",(AI59-(AI59*$E$1))) -> N/A | AK59: 57353 | AL59: =+IF(AK59="N/A","N/A",(AK59-(AK59*$E$1))) -> 54485.35 | AM59: 64905 | AN59: =+IF(AM59="N/A","N/A",(AM59-(AM59*$E$1))) -> 61659.75 | AO59: 57353 | AP59: =+IF(AO59="N/A","N/A",(AO59-(AO59*$E$1))) -> 54485.35 | AQ59: 41168 | AR59: =+IF(AQ59="N/A","N/A",(AQ59-(AQ59*$E$1))) -> 39109.6 | AS59: 61847 | AT59: =+IF(AS59="N/A","N/A",(AS59-(AS59*$E$1))) -> 58754.65 | AU59: 81141 | AV59: =+IF(AU59="N/A","N/A",(AU59-(AU59*$E$1))) -> 77083.95 | AW59: N/A | AX59: =+IF(AW59="N/A","N/A",(AW59-(AW59*$E$1))) -> N/A | AY59: 73823 | AZ59: =+IF(AY59="N/A","N/A",(AY59-(AY59*$E$1))) -> 70131.85
A60: 44 | B60: Antiruido De Muelles | C60: 1 | E60: 15866 | F60: =+IF(E60="N/A","N/A",(E60-(E60*$E$1))) -> 15072.7 | G60: 15866 | H60: =+IF(G60="N/A","N/A",(G60-(G60*$E$1))) -> 15072.7 | I60: N/A | J60: =+IF(I60="N/A","N/A",(I60-(I60*$E$1))) -> N/A | K60: 23468 | L60: =+IF(K60="N/A","N/A",(K60-(K60*$E$1))) -> 22294.6 | M60: N/A | N60: =+IF(M60="N/A","N/A",(M60-(M60*$E$1))) -> N/A | O60: N/A | P60: =+IF(O60="N/A","N/A",(O60-(O60*$E$1))) -> N/A | Q60: 18293 | R60: =+IF(Q60="N/A","N/A",(Q60-(Q60*$E$1))) -> 17378.35 | S60: N/A | T60: =+IF(S60="N/A","N/A",(S60-(S60*$E$1))) -> N/A | U60: N/A | V60: =+IF(U60="N/A","N/A",(U60-(U60*$E$1))) -> N/A | W60: 33843 | X60: =+IF(W60="N/A","N/A",(W60-(W60*$E$1))) -> 32150.85 | Y60: 37725 | Z60: =+IF(Y60="N/A","N/A",(Y60-(Y60*$E$1))) -> 35838.75 | AA60: 39399 | AB60: =+IF(AA60="N/A","N/A",(AA60-(AA60*$E$1))) -> 37429.05 | AC60: 32480 | AD60: =+IF(AC60="N/A","N/A",(AC60-(AC60*$E$1))) -> 30856 | AE60: N/A | AF60: =+IF(AE60="N/A","N/A",(AE60-(AE60*$E$1))) -> N/A | AG60: N/A | AH60: =+IF(AG60="N/A","N/A",(AG60-(AG60*$E$1))) -> N/A | AI60: N/A | AJ60: =+IF(AI60="N/A","N/A",(AI60-(AI60*$E$1))) -> N/A | AK60: 46152 | AL60: =+IF(AK60="N/A","N/A",(AK60-(AK60*$E$1))) -> 43844.4 | AM60: 28136 | AN60: =+IF(AM60="N/A","N/A",(AM60-(AM60*$E$1))) -> 26729.2 | AO60: 46152 | AP60: =+IF(AO60="N/A","N/A",(AO60-(AO60*$E$1))) -> 43844.4 | AQ60: 44717 | AR60: =+IF(AQ60="N/A","N/A",(AQ60-(AQ60*$E$1))) -> 42481.15 | AS60: 49262 | AT60: =+IF(AS60="N/A","N/A",(AS60-(AS60*$E$1))) -> 46798.9 | AU60: 41616 | AV60: =+IF(AU60="N/A","N/A",(AU60-(AU60*$E$1))) -> 39535.2 | AW60: N/A | AX60: =+IF(AW60="N/A","N/A",(AW60-(AW60*$E$1))) -> N/A | AY60: 69868 | AZ60: =+IF(AY60="N/A","N/A",(AY60-(AY60*$E$1))) -> 66374.6
A61: 45 | B61: Brazo Auxiliar | C61: 1 | E61: N/A | F61: =+IF(E61="N/A","N/A",(E61-(E61*$E$1))) -> N/A | G61: N/A | H61: =+IF(G61="N/A","N/A",(G61-(G61*$E$1))) -> N/A | I61: 188355 | J61: =+IF(I61="N/A","N/A",(I61-(I61*$E$1))) -> 178937.25 | K61: N/A | L61: =+IF(K61="N/A","N/A",(K61-(K61*$E$1))) -> N/A | M61: N/A | N61: =+IF(M61="N/A","N/A",(M61-(M61*$E$1))) -> N/A | O61: N/A | P61: =+IF(O61="N/A","N/A",(O61-(O61*$E$1))) -> N/A | Q61: 138981 | R61: =+IF(Q61="N/A","N/A",(Q61-(Q61*$E$1))) -> 132031.95 | S61: 170232 | T61: =+IF(S61="N/A","N/A",(S61-(S61*$E$1))) -> 161720.4 | U61: N/A | V61: =+IF(U61="N/A","N/A",(U61-(U61*$E$1))) -> N/A | W61: 235958 | X61: =+IF(W61="N/A","N/A",(W61-(W61*$E$1))) -> 224160.1 | Y61: 232047 | Z61: =+IF(Y61="N/A","N/A",(Y61-(Y61*$E$1))) -> 220444.65 | AA61: 246203 | AB61: =+IF(AA61="N/A","N/A",(AA61-(AA61*$E$1))) -> 233892.85 | AC61: 262587 | AD61: =+IF(AC61="N/A","N/A",(AC61-(AC61*$E$1))) -> 249457.65 | AE61: N/A | AF61: =+IF(AE61="N/A","N/A",(AE61-(AE61*$E$1))) -> N/A | AG61: N/A | AH61: =+IF(AG61="N/A","N/A",(AG61-(AG61*$E$1))) -> N/A | AI61: N/A | AJ61: =+IF(AI61="N/A","N/A",(AI61-(AI61*$E$1))) -> N/A | AK61: 244738 | AL61: =+IF(AK61="N/A","N/A",(AK61-(AK61*$E$1))) -> 232501.1 | AM61: N/A | AN61: =+IF(AM61="N/A","N/A",(AM61-(AM61*$E$1))) -> N/A | AO61: 285384 | AP61: =+IF(AO61="N/A","N/A",(AO61-(AO61*$E$1))) -> 271114.8 | AQ61: 164908 | AR61: =+IF(AQ61="N/A","N/A",(AQ61-(AQ61*$E$1))) -> 156662.6 | AS61: 297969 | AT61: =+IF(AS61="N/A","N/A",(AS61-(AS61*$E$1))) -> 283070.55 | AU61: N/A | AV61: =+IF(AU61="N/A","N/A",(AU61-(AU61*$E$1))) -> N/A | AW61: 1045820 | AX61: =+IF(AW61="N/A","N/A",(AW61-(AW61*$E$1))) -> 993529 | AY61: 436598 | AZ61: =+IF(AY61="N/A","N/A",(AY61-(AY61*$E$1))) -> 414768.1
A62: 46 | B62: Tijera Superior | C62: 1 | E62: 887581 | F62: =+IF(E62="N/A","N/A",(E62-(E62*$E$1))) -> 843201.95 | G62: 712055 | H62: =+IF(G62="N/A","N/A",(G62-(G62*$E$1))) -> 676452.25 | I62: N/A | J62: =+IF(I62="N/A","N/A",(I62-(I62*$E$1))) -> N/A | K62: N/A | L62: =+IF(K62="N/A","N/A",(K62-(K62*$E$1))) -> N/A | M62: N/A | N62: =+IF(M62="N/A","N/A",(M62-(M62*$E$1))) -> N/A | O62: N/A | P62: =+IF(O62="N/A","N/A",(O62-(O62*$E$1))) -> N/A | Q62: 187517 | R62: =+IF(Q62="N/A","N/A",(Q62-(Q62*$E$1))) -> 178141.15 | S62: N/A | T62: =+IF(S62="N/A","N/A",(S62-(S62*$E$1))) -> N/A | U62: N/A | V62: =+IF(U62="N/A","N/A",(U62-(U62*$E$1))) -> N/A | W62: 383911 | X62: =+IF(W62="N/A","N/A",(W62-(W62*$E$1))) -> 364715.45 | Y62: 491856 | Z62: =+IF(Y62="N/A","N/A",(Y62-(Y62*$E$1))) -> 467263.2 | AA62: 525310 | AB62: =+IF(AA62="N/A","N/A",(AA62-(AA62*$E$1))) -> 499044.5 | AC62: 627020 | AD62: =+IF(AC62="N/A","N/A",(AC62-(AC62*$E$1))) -> 595669 | AE62: N/A | AF62: =+IF(AE62="N/A","N/A",(AE62-(AE62*$E$1))) -> N/A | AG62: N/A | AH62: =+IF(AG62="N/A","N/A",(AG62-(AG62*$E$1))) -> N/A | AI62: N/A | AJ62: =+IF(AI62="N/A","N/A",(AI62-(AI62*$E$1))) -> N/A | AK62: 884568 | AL62: =+IF(AK62="N/A","N/A",(AK62-(AK62*$E$1))) -> 840339.6 | AM62: 1262702 | AN62: =+IF(AM62="N/A","N/A",(AM62-(AM62*$E$1))) -> 1199566.9 | AO62: 884568 | AP62: =+IF(AO62="N/A","N/A",(AO62-(AO62*$E$1))) -> 840339.6 | AQ62: 725877 | AR62: =+IF(AQ62="N/A","N/A",(AQ62-(AQ62*$E$1))) -> 689583.15 | AS62: 935560 | AT62: =+IF(AS62="N/A","N/A",(AS62-(AS62*$E$1))) -> 888782 | AU62: N/A | AV62: =+IF(AU62="N/A","N/A",(AU62-(AU62*$E$1))) -> N/A | AW62: 1568625 | AX62: =+IF(AW62="N/A","N/A",(AW62-(AW62*$E$1))) -> 1490193.8 | AY62: 931544 | AZ62: =+IF(AY62="N/A","N/A",(AY62-(AY62*$E$1))) -> 884966.8
A63: 47 | B63: Tijera Inferior | C63: 1 | E63: 1237615 | F63: =+IF(E63="N/A","N/A",(E63-(E63*$E$1))) -> 1175734.2 | G63: 623826 | H63: =+IF(G63="N/A","N/A",(G63-(G63*$E$1))) -> 592634.7 | I63: 532336 | J63: =+IF(I63="N/A","N/A",(I63-(I63*$E$1))) -> 505719.2 | K63: N/A | L63: =+IF(K63="N/A","N/A",(K63-(K63*$E$1))) -> N/A | M63: 352756 | N63: =+IF(M63="N/A","N/A",(M63-(M63*$E$1))) -> 335118.2 | O63: 275452 | P63: =+IF(O63="N/A","N/A",(O63-(O63*$E$1))) -> 261679.4 | Q63: 198006 | R63: =+IF(Q63="N/A","N/A",(Q63-(Q63*$E$1))) -> 188105.7 | S63: 383408 | T63: =+IF(S63="N/A","N/A",(S63-(S63*$E$1))) -> 364237.6 | U63: 436441 | V63: =+IF(U63="N/A","N/A",(U63-(U63*$E$1))) -> 414618.95 | W63: 392430 | X63: =+IF(W63="N/A","N/A",(W63-(W63*$E$1))) -> 372808.5 | Y63: 531850 | Z63: =+IF(Y63="N/A","N/A",(Y63-(Y63*$E$1))) -> 505257.5 | AA63: 567732 | AB63: =+IF(AA63="N/A","N/A",(AA63-(AA63*$E$1))) -> 539345.4 | AC63: 785612 | AD63: =+IF(AC63="N/A","N/A",(AC63-(AC63*$E$1))) -> 746331.4 | AE63: 698448 | AF63: =+IF(AE63="N/A","N/A",(AE63-(AE63*$E$1))) -> 663525.6 | AG63: 671807 | AH63: =+IF(AG63="N/A","N/A",(AG63-(AG63*$E$1))) -> 638216.65 | AI63: 698448 | AJ63: =+IF(AI63="N/A","N/A",(AI63-(AI63*$E$1))) -> 663525.6 | AK63: 770181 | AL63: =+IF(AK63="N/A","N/A",(AK63-(AK63*$E$1))) -> 731671.95 | AM63: 1106244 | AN63: =+IF(AM63="N/A","N/A",(AM63-(AM63*$E$1))) -> 1050931.8 | AO63: 770181 | AP63: =+IF(AO63="N/A","N/A",(AO63-(AO63*$E$1))) -> 731671.95 | AQ63: 940842 | AR63: =+IF(AQ63="N/A","N/A",(AQ63-(AQ63*$E$1))) -> 893799.9 | AS63: 801200 | AT63: =+IF(AS63="N/A","N/A",(AS63-(AS63*$E$1))) -> 761140 | AU63: N/A | AV63: =+IF(AU63="N/A","N/A",(AU63-(AU63*$E$1))) -> N/A | AW63: 1365779 | AX63: =+IF(AW63="N/A","N/A",(AW63-(AW63*$E$1))) -> 1297490.1 | AY63: 1006772 | AZ63: =+IF(AY63="N/A","N/A",(AY63-(AY63*$E$1))) -> 956433.4
A64: 48 | B64: Base Superior Amortiguador Delantero | C64: 1 | E64: N/A | F64: =+IF(E64="N/A","N/A",(E64-(E64*$E$1))) -> N/A | G64: N/A | H64: =+IF(G64="N/A","N/A",(G64-(G64*$E$1))) -> N/A | I64: 178572 | J64: =+IF(I64="N/A","N/A",(I64-(I64*$E$1))) -> 169643.4 | K64: 25524 | L64: =+IF(K64="N/A","N/A",(K64-(K64*$E$1))) -> 24247.8 | M64: 151787 | N64: =+IF(M64="N/A","N/A",(M64-(M64*$E$1))) -> 144197.65 | O64: 91796 | P64: =+IF(O64="N/A","N/A",(O64-(O64*$E$1))) -> 87206.2 | Q64: 76102 | R64: =+IF(Q64="N/A","N/A",(Q64-(Q64*$E$1))) -> 72296.9 | S64: 125000 | T64: =+IF(S64="N/A","N/A",(S64-(S64*$E$1))) -> 118750 | U64: 184808 | V64: =+IF(U64="N/A","N/A",(U64-(U64*$E$1))) -> 175567.6 | W64: N/A | X64: =+IF(W64="N/A","N/A",(W64-(W64*$E$1))) -> N/A | Y64: 272708 | Z64: =+IF(Y64="N/A","N/A",(Y64-(Y64*$E$1))) -> 259072.6 | AA64: 272708 | AB64: =+IF(AA64="N/A","N/A",(AA64-(AA64*$E$1))) -> 259072.6 | AC64: 402464 | AD64: =+IF(AC64="N/A","N/A",(AC64-(AC64*$E$1))) -> 382340.8 | AE64: 372773 | AF64: =+IF(AE64="N/A","N/A",(AE64-(AE64*$E$1))) -> 354134.35 | AG64: 352979 | AH64: =+IF(AG64="N/A","N/A",(AG64-(AG64*$E$1))) -> 335330.05 | AI64: 372773 | AJ64: =+IF(AI64="N/A","N/A",(AI64-(AI64*$E$1))) -> 354134.35 | AK64: 272708 | AL64: =+IF(AK64="N/A","N/A",(AK64-(AK64*$E$1))) -> 259072.6 | AM64: N/A | AN64: =+IF(AM64="N/A","N/A",(AM64-(AM64*$E$1))) -> N/A | AO64: 272708 | AP64: =+IF(AO64="N/A","N/A",(AO64-(AO64*$E$1))) -> 259072.6 | AQ64: 272708 | AR64: =+IF(AQ64="N/A","N/A",(AQ64-(AQ64*$E$1))) -> 259072.6 | AS64: 272708 | AT64: =+IF(AS64="N/A","N/A",(AS64-(AS64*$E$1))) -> 259072.6 | AU64: 45262 | AV64: =+IF(AU64="N/A","N/A",(AU64-(AU64*$E$1))) -> 42998.9 | AW64: 483600 | AX64: =+IF(AW64="N/A","N/A",(AW64-(AW64*$E$1))) -> 459420 | AY64: 483600 | AZ64: =+IF(AY64="N/A","N/A",(AY64-(AY64*$E$1))) -> 459420
A65: 49 | B65: Base Superior Amortiguador Trasero | C65: 1 | E65: N/A | F65: =+IF(E65="N/A","N/A",(E65-(E65*$E$1))) -> N/A | G65: N/A | H65: =+IF(G65="N/A","N/A",(G65-(G65*$E$1))) -> N/A | I65: 180535 | J65: =+IF(I65="N/A","N/A",(I65-(I65*$E$1))) -> 171508.25 | K65: 36226 | L65: =+IF(K65="N/A","N/A",(K65-(K65*$E$1))) -> 34414.7 | M65: 149418 | N65: =+IF(M65="N/A","N/A",(M65-(M65*$E$1))) -> 141947.1 | O65: 79947 | P65: =+IF(O65="N/A","N/A",(O65-(O65*$E$1))) -> 75949.65 | Q65: 142151 | R65: =+IF(Q65="N/A","N/A",(Q65-(Q65*$E$1))) -> 135043.45 | S65: 198929 | T65: =+IF(S65="N/A","N/A",(S65-(S65*$E$1))) -> 188982.55 | U65: 102992 | V65: =+IF(U65="N/A","N/A",(U65-(U65*$E$1))) -> 97842.4 | W65: N/A | X65: =+IF(W65="N/A","N/A",(W65-(W65*$E$1))) -> N/A | Y65: 272708 | Z65: =+IF(Y65="N/A","N/A",(Y65-(Y65*$E$1))) -> 259072.6 | AA65: 272708 | AB65: =+IF(AA65="N/A","N/A",(AA65-(AA65*$E$1))) -> 259072.6 | AC65: 376988 | AD65: =+IF(AC65="N/A","N/A",(AC65-(AC65*$E$1))) -> 358138.6 | AE65: 351119 | AF65: =+IF(AE65="N/A","N/A",(AE65-(AE65*$E$1))) -> 333563.05 | AG65: 333874 | AH65: =+IF(AG65="N/A","N/A",(AG65-(AG65*$E$1))) -> 317180.3 | AI65: 351119 | AJ65: =+IF(AI65="N/A","N/A",(AI65-(AI65*$E$1))) -> 333563.05 | AK65: 272708 | AL65: =+IF(AK65="N/A","N/A",(AK65-(AK65*$E$1))) -> 259072.6 | AM65: N/A | AN65: =+IF(AM65="N/A","N/A",(AM65-(AM65*$E$1))) -> N/A | AO65: 272708 | AP65: =+IF(AO65="N/A","N/A",(AO65-(AO65*$E$1))) -> 259072.6 | AQ65: 272708 | AR65: =+IF(AQ65="N/A","N/A",(AQ65-(AQ65*$E$1))) -> 259072.6 | AS65: 272708 | AT65: =+IF(AS65="N/A","N/A",(AS65-(AS65*$E$1))) -> 259072.6 | AU65: 64241 | AV65: =+IF(AU65="N/A","N/A",(AU65-(AU65*$E$1))) -> 61028.95 | AW65: 483600 | AX65: =+IF(AW65="N/A","N/A",(AW65-(AW65*$E$1))) -> 459420 | AY65: 483600 | AZ65: =+IF(AY65="N/A","N/A",(AY65-(AY65*$E$1))) -> 459420
B66: SISTEMA DE TRANSMISIÓN | F66: =+IF(E66="N/A","N/A",(E66-(E66*$E$1))) -> 0 | H66: =+IF(G66="N/A","N/A",(G66-(G66*$E$1))) -> 0 | J66: =+IF(I66="N/A","N/A",(I66-(I66*$E$1))) -> 0 | L66: =+IF(K66="N/A","N/A",(K66-(K66*$E$1))) -> 0 | N66: =+IF(M66="N/A","N/A",(M66-(M66*$E$1))) -> 0 | P66: =+IF(O66="N/A","N/A",(O66-(O66*$E$1))) -> 0 | R66: =+IF(Q66="N/A","N/A",(Q66-(Q66*$E$1))) -> 0 | T66: =+IF(S66="N/A","N/A",(S66-(S66*$E$1))) -> 0 | V66: =+IF(U66="N/A","N/A",(U66-(U66*$E$1))) -> 0 | X66: =+IF(W66="N/A","N/A",(W66-(W66*$E$1))) -> 0 | Z66: =+IF(Y66="N/A","N/A",(Y66-(Y66*$E$1))) -> 0 | AB66: =+IF(AA66="N/A","N/A",(AA66-(AA66*$E$1))) -> 0 | AD66: =+IF(AC66="N/A","N/A",(AC66-(AC66*$E$1))) -> 0 | AF66: =+IF(AE66="N/A","N/A",(AE66-(AE66*$E$1))) -> 0 | AH66: =+IF(AG66="N/A","N/A",(AG66-(AG66*$E$1))) -> 0 | AJ66: =+IF(AI66="N/A","N/A",(AI66-(AI66*$E$1))) -> 0 | AL66: =+IF(AK66="N/A","N/A",(AK66-(AK66*$E$1))) -> 0 | AN66: =+IF(AM66="N/A","N/A",(AM66-(AM66*$E$1))) -> 0 | AP66: =+IF(AO66="N/A","N/A",(AO66-(AO66*$E$1))) -> 0 | AR66: =+IF(AQ66="N/A","N/A",(AQ66-(AQ66*$E$1))) -> 0 | AT66: =+IF(AS66="N/A","N/A",(AS66-(AS66*$E$1))) -> 0 | AV66: =+IF(AU66="N/A","N/A",(AU66-(AU66*$E$1))) -> 0 | AX66: =+IF(AW66="N/A","N/A",(AW66-(AW66*$E$1))) -> 0 | AZ66: =+IF(AY66="N/A","N/A",(AY66-(AY66*$E$1))) -> 0
A67: 50 | B67: Guardapolvo Semieje | C67: 1 | E67: 110638 | F67: =+IF(E67="N/A","N/A",(E67-(E67*$E$1))) -> 105106.1 | G67: 76310 | H67: =+IF(G67="N/A","N/A",(G67-(G67*$E$1))) -> 72494.5 | I67: 115775 | J67: =+IF(I67="N/A","N/A",(I67-(I67*$E$1))) -> 109986.25 | K67: 73751 | L67: =+IF(K67="N/A","N/A",(K67-(K67*$E$1))) -> 70063.45 | M67: 153817 | N67: =+IF(M67="N/A","N/A",(M67-(M67*$E$1))) -> 146126.15 | O67: 77102 | P67: =+IF(O67="N/A","N/A",(O67-(O67*$E$1))) -> 73246.9 | Q67: 40335 | R67: =+IF(Q67="N/A","N/A",(Q67-(Q67*$E$1))) -> 38318.25 | S67: 87119 | T67: =+IF(S67="N/A","N/A",(S67-(S67*$E$1))) -> 82763.05 | U67: 47529 | V67: =+IF(U67="N/A","N/A",(U67-(U67*$E$1))) -> 45152.55 | W67: 42003 | X67: =+IF(W67="N/A","N/A",(W67-(W67*$E$1))) -> 39902.85 | Y67: 51989 | Z67: =+IF(Y67="N/A","N/A",(Y67-(Y67*$E$1))) -> 49389.55 | AA67: 55440 | AB67: =+IF(AA67="N/A","N/A",(AA67-(AA67*$E$1))) -> 52668 | AC67: 70541 | AD67: =+IF(AC67="N/A","N/A",(AC67-(AC67*$E$1))) -> 67013.95 | AE67: 63627 | AF67: =+IF(AE67="N/A","N/A",(AE67-(AE67*$E$1))) -> 60445.65 | AG67: 58199 | AH67: =+IF(AG67="N/A","N/A",(AG67-(AG67*$E$1))) -> 55289.05 | AI67: 63627 | AJ67: =+IF(AI67="N/A","N/A",(AI67-(AI67*$E$1))) -> 60445.65 | AK67: 48324 | AL67: =+IF(AK67="N/A","N/A",(AK67-(AK67*$E$1))) -> 45907.8 | AM67: 135323 | AN67: =+IF(AM67="N/A","N/A",(AM67-(AM67*$E$1))) -> 128556.85 | AO67: 53767 | AP67: =+IF(AO67="N/A","N/A",(AO67-(AO67*$E$1))) -> 51078.65 | AQ67: 70537 | AR67: =+IF(AQ67="N/A","N/A",(AQ67-(AQ67*$E$1))) -> 67010.15 | AS67: 58251 | AT67: =+IF(AS67="N/A","N/A",(AS67-(AS67*$E$1))) -> 55338.45 | AU67: 130783 | AV67: =+IF(AU67="N/A","N/A",(AU67-(AU67*$E$1))) -> 124243.85 | AW67: 258900 | AX67: =+IF(AW67="N/A","N/A",(AW67-(AW67*$E$1))) -> 245955 | AY67: 98313 | AZ67: =+IF(AY67="N/A","N/A",(AY67-(AY67*$E$1))) -> 93397.35
A68: 51 | B68: Suministro Botella Direccion | C68: 1 | E68: 3890000 | F68: =+IF(E68="N/A","N/A",(E68-(E68*$E$1))) -> 3695500 | G68: 3890000 | H68: =+IF(G68="N/A","N/A",(G68-(G68*$E$1))) -> 3695500 | I68: 3489570 | J68: =+IF(I68="N/A","N/A",(I68-(I68*$E$1))) -> 3315091.5 | K68: 12589520 | L68: =+IF(K68="N/A","N/A",(K68-(K68*$E$1))) -> 11960044 | M68: 3125480 | N68: =+IF(M68="N/A","N/A",(M68-(M68*$E$1))) -> 2969206 | O68: 1542152 | P68: =+IF(O68="N/A","N/A",(O68-(O68*$E$1))) -> 1465044.4 | Q68: 4582452 | R68: =+IF(Q68="N/A","N/A",(Q68-(Q68*$E$1))) -> 4353329.4 | S68: 11250980 | T68: =+IF(S68="N/A","N/A",(S68-(S68*$E$1))) -> 10688431 | U68: 2154522 | V68: =+IF(U68="N/A","N/A",(U68-(U68*$E$1))) -> 2046795.9 | W68: 3840521 | X68: =+IF(W68="N/A","N/A",(W68-(W68*$E$1))) -> 3648495 | Y68: 4215625 | Z68: =+IF(Y68="N/A","N/A",(Y68-(Y68*$E$1))) -> 4004843.8 | AA68: 4215535 | AB68: =+IF(AA68="N/A","N/A",(AA68-(AA68*$E$1))) -> 4004758.2 | AC68: 3895698 | AD68: =+IF(AC68="N/A","N/A",(AC68-(AC68*$E$1))) -> 3700913.1 | AE68: 2158890 | AF68: =+IF(AE68="N/A","N/A",(AE68-(AE68*$E$1))) -> 2050945.5 | AG68: 2158890 | AH68: =+IF(AG68="N/A","N/A",(AG68-(AG68*$E$1))) -> 2050945.5 | AI68: 2158890 | AJ68: =+IF(AI68="N/A","N/A",(AI68-(AI68*$E$1))) -> 2050945.5 | AK68: 1845800 | AL68: =+IF(AK68="N/A","N/A",(AK68-(AK68*$E$1))) -> 1753510 | AM68: 3890000 | AN68: =+IF(AM68="N/A","N/A",(AM68-(AM68*$E$1))) -> 3695500 | AO68: 3254850 | AP68: =+IF(AO68="N/A","N/A",(AO68-(AO68*$E$1))) -> 3092107.5 | AQ68: 3254850 | AR68: =+IF(AQ68="N/A","N/A",(AQ68-(AQ68*$E$1))) -> 3092107.5 | AS68: 2895870 | AT68: =+IF(AS68="N/A","N/A",(AS68-(AS68*$E$1))) -> 2751076.5 | AU68: 12589520 | AV68: =+IF(AU68="N/A","N/A",(AU68-(AU68*$E$1))) -> 11960044 | AW68: 18986698 | AX68: =+IF(AW68="N/A","N/A",(AW68-(AW68*$E$1))) -> 18037363 | AY68: 4215535 | AZ68: =+IF(AY68="N/A","N/A",(AY68-(AY68*$E$1))) -> 4004758.2
A69: 52 | B69: Sunistro Balinera Cardan | C69: 1 | E69: 320000 | F69: =+IF(E69="N/A","N/A",(E69-(E69*$E$1))) -> 304000 | G69: 320000 | H69: =+IF(G69="N/A","N/A",(G69-(G69*$E$1))) -> 304000 | I69: 320000 | J69: =+IF(I69="N/A","N/A",(I69-(I69*$E$1))) -> 304000 | K69: 460000 | L69: =+IF(K69="N/A","N/A",(K69-(K69*$E$1))) -> 437000 | M69: 250000 | N69: =+IF(M69="N/A","N/A",(M69-(M69*$E$1))) -> 237500 | O69: 250000 | P69: =+IF(O69="N/A","N/A",(O69-(O69*$E$1))) -> 237500 | Q69: 320000 | R69: =+IF(Q69="N/A","N/A",(Q69-(Q69*$E$1))) -> 304000 | S69: 540000 | T69: =+IF(S69="N/A","N/A",(S69-(S69*$E$1))) -> 513000 | U69: 220000 | V69: =+IF(U69="N/A","N/A",(U69-(U69*$E$1))) -> 209000 | W69: 320000 | X69: =+IF(W69="N/A","N/A",(W69-(W69*$E$1))) -> 304000 | Y69: 320000 | Z69: =+IF(Y69="N/A","N/A",(Y69-(Y69*$E$1))) -> 304000 | AA69: 320000 | AB69: =+IF(AA69="N/A","N/A",(AA69-(AA69*$E$1))) -> 304000 | AC69: 320000 | AD69: =+IF(AC69="N/A","N/A",(AC69-(AC69*$E$1))) -> 304000 | AE69: 220000 | AF69: =+IF(AE69="N/A","N/A",(AE69-(AE69*$E$1))) -> 209000 | AG69: 220000 | AH69: =+IF(AG69="N/A","N/A",(AG69-(AG69*$E$1))) -> 209000 | AI69: 220000 | AJ69: =+IF(AI69="N/A","N/A",(AI69-(AI69*$E$1))) -> 209000 | AK69: 320000 | AL69: =+IF(AK69="N/A","N/A",(AK69-(AK69*$E$1))) -> 304000 | AM69: 320000 | AN69: =+IF(AM69="N/A","N/A",(AM69-(AM69*$E$1))) -> 304000 | AO69: 450000 | AP69: =+IF(AO69="N/A","N/A",(AO69-(AO69*$E$1))) -> 427500 | AQ69: 450000 | AR69: =+IF(AQ69="N/A","N/A",(AQ69-(AQ69*$E$1))) -> 427500 | AS69: 380000 | AT69: =+IF(AS69="N/A","N/A",(AS69-(AS69*$E$1))) -> 361000 | AU69: 460000 | AV69: =+IF(AU69="N/A","N/A",(AU69-(AU69*$E$1))) -> 437000 | AW69: 898784 | AX69: =+IF(AW69="N/A","N/A",(AW69-(AW69*$E$1))) -> 853844.8 | AY69: 320000 | AZ69: =+IF(AY69="N/A","N/A",(AY69-(AY69*$E$1))) -> 304000
A70: 53 | B70: Suministro Soporte Cardan | C70: 1 | E70: 890000 | F70: =+IF(E70="N/A","N/A",(E70-(E70*$E$1))) -> 845500 | G70: 890000 | H70: =+IF(G70="N/A","N/A",(G70-(G70*$E$1))) -> 845500 | I70: 780000 | J70: =+IF(I70="N/A","N/A",(I70-(I70*$E$1))) -> 741000 | K70: 890000 | L70: =+IF(K70="N/A","N/A",(K70-(K70*$E$1))) -> 845500 | M70: 450000 | N70: =+IF(M70="N/A","N/A",(M70-(M70*$E$1))) -> 427500 | O70: 450000 | P70: =+IF(O70="N/A","N/A",(O70-(O70*$E$1))) -> 427500 | Q70: 680000 | R70: =+IF(Q70="N/A","N/A",(Q70-(Q70*$E$1))) -> 646000 | S70: 1450000 | T70: =+IF(S70="N/A","N/A",(S70-(S70*$E$1))) -> 1377500 | U70: 400000 | V70: =+IF(U70="N/A","N/A",(U70-(U70*$E$1))) -> 380000 | W70: 652000 | X70: =+IF(W70="N/A","N/A",(W70-(W70*$E$1))) -> 619400 | Y70: 652000 | Z70: =+IF(Y70="N/A","N/A",(Y70-(Y70*$E$1))) -> 619400 | AA70: 758960 | AB70: =+IF(AA70="N/A","N/A",(AA70-(AA70*$E$1))) -> 721012 | AC70: 789690 | AD70: =+IF(AC70="N/A","N/A",(AC70-(AC70*$E$1))) -> 750205.5 | AE70: 400000 | AF70: =+IF(AE70="N/A","N/A",(AE70-(AE70*$E$1))) -> 380000 | AG70: 400000 | AH70: =+IF(AG70="N/A","N/A",(AG70-(AG70*$E$1))) -> 380000 | AI70: 400000 | AJ70: =+IF(AI70="N/A","N/A",(AI70-(AI70*$E$1))) -> 380000 | AK70: 580000 | AL70: =+IF(AK70="N/A","N/A",(AK70-(AK70*$E$1))) -> 551000 | AM70: 890000 | AN70: =+IF(AM70="N/A","N/A",(AM70-(AM70*$E$1))) -> 845500 | AO70: 689580 | AP70: =+IF(AO70="N/A","N/A",(AO70-(AO70*$E$1))) -> 655101 | AQ70: 689580 | AR70: =+IF(AQ70="N/A","N/A",(AQ70-(AQ70*$E$1))) -> 655101 | AS70: 587485 | AT70: =+IF(AS70="N/A","N/A",(AS70-(AS70*$E$1))) -> 558110.75 | AU70: 890000 | AV70: =+IF(AU70="N/A","N/A",(AU70-(AU70*$E$1))) -> 845500 | AW70: 2548985 | AX70: =+IF(AW70="N/A","N/A",(AW70-(AW70*$E$1))) -> 2421535.8 | AY70: 758960 | AZ70: =+IF(AY70="N/A","N/A",(AY70-(AY70*$E$1))) -> 721012
A71: 54 | B71: Cruceta | C71: 1 | E71: 154826 | F71: =+IF(E71="N/A","N/A",(E71-(E71*$E$1))) -> 147084.7 | G71: 219990 | H71: =+IF(G71="N/A","N/A",(G71-(G71*$E$1))) -> 208990.5 | I71: 164449 | J71: =+IF(I71="N/A","N/A",(I71-(I71*$E$1))) -> 156226.55 | K71: N/A | L71: =+IF(K71="N/A","N/A",(K71-(K71*$E$1))) -> N/A | M71: N/A | N71: =+IF(M71="N/A","N/A",(M71-(M71*$E$1))) -> N/A | O71: N/A | P71: =+IF(O71="N/A","N/A",(O71-(O71*$E$1))) -> N/A | Q71: 184747 | R71: =+IF(Q71="N/A","N/A",(Q71-(Q71*$E$1))) -> 175509.65 | S71: 174324 | T71: =+IF(S71="N/A","N/A",(S71-(S71*$E$1))) -> 165607.8 | U71: N/A | V71: =+IF(U71="N/A","N/A",(U71-(U71*$E$1))) -> N/A | W71: 188156 | X71: =+IF(W71="N/A","N/A",(W71-(W71*$E$1))) -> 178748.2 | Y71: 185211 | Z71: =+IF(Y71="N/A","N/A",(Y71-(Y71*$E$1))) -> 175950.45 | AA71: 196916 | AB71: =+IF(AA71="N/A","N/A",(AA71-(AA71*$E$1))) -> 187070.2 | AC71: 139396 | AD71: =+IF(AC71="N/A","N/A",(AC71-(AC71*$E$1))) -> 132426.2 | AE71: N/A | AF71: =+IF(AE71="N/A","N/A",(AE71-(AE71*$E$1))) -> N/A | AG71: N/A | AH71: =+IF(AG71="N/A","N/A",(AG71-(AG71*$E$1))) -> N/A | AI71: N/A | AJ71: =+IF(AI71="N/A","N/A",(AI71-(AI71*$E$1))) -> N/A | AK71: 165843 | AL71: =+IF(AK71="N/A","N/A",(AK71-(AK71*$E$1))) -> 157550.85 | AM71: 390114 | AN71: =+IF(AM71="N/A","N/A",(AM71-(AM71*$E$1))) -> 370608.3 | AO71: 183082 | AP71: =+IF(AO71="N/A","N/A",(AO71-(AO71*$E$1))) -> 173927.9 | AQ71: 298805 | AR71: =+IF(AQ71="N/A","N/A",(AQ71-(AQ71*$E$1))) -> 283864.75 | AS71: 197278 | AT71: =+IF(AS71="N/A","N/A",(AS71-(AS71*$E$1))) -> 187414.1 | AU71: N/A | AV71: =+IF(AU71="N/A","N/A",(AU71-(AU71*$E$1))) -> N/A | AW71: 542154 | AX71: =+IF(AW71="N/A","N/A",(AW71-(AW71*$E$1))) -> 515046.3 | AY71: 349196 | AZ71: =+IF(AY71="N/A","N/A",(AY71-(AY71*$E$1))) -> 331736.2
A72: 55 | B72: Retenedor Eje De Cardan | C72: 1 | E72: 49087 | F72: =+IF(E72="N/A","N/A",(E72-(E72*$E$1))) -> 46632.65 | G72: 36741 | H72: =+IF(G72="N/A","N/A",(G72-(G72*$E$1))) -> 34903.95 | I72: 40897 | J72: =+IF(I72="N/A","N/A",(I72-(I72*$E$1))) -> 38852.15 | K72: N/A | L72: =+IF(K72="N/A","N/A",(K72-(K72*$E$1))) -> N/A | M72: N/A | N72: =+IF(M72="N/A","N/A",(M72-(M72*$E$1))) -> N/A | O72: N/A | P72: =+IF(O72="N/A","N/A",(O72-(O72*$E$1))) -> N/A | Q72: 72758 | R72: =+IF(Q72="N/A","N/A",(Q72-(Q72*$E$1))) -> 69120.1 | S72: 74053 | T72: =+IF(S72="N/A","N/A",(S72-(S72*$E$1))) -> 70350.35 | U72: N/A | V72: =+IF(U72="N/A","N/A",(U72-(U72*$E$1))) -> N/A | W72: 73631 | X72: =+IF(W72="N/A","N/A",(W72-(W72*$E$1))) -> 69949.45 | Y72: 51989 | Z72: =+IF(Y72="N/A","N/A",(Y72-(Y72*$E$1))) -> 49389.55 | AA72: 55440 | AB72: =+IF(AA72="N/A","N/A",(AA72-(AA72*$E$1))) -> 52668 | AC72: 64471 | AD72: =+IF(AC72="N/A","N/A",(AC72-(AC72*$E$1))) -> 61247.45 | AE72: N/A | AF72: =+IF(AE72="N/A","N/A",(AE72-(AE72*$E$1))) -> N/A | AG72: N/A | AH72: =+IF(AG72="N/A","N/A",(AG72-(AG72*$E$1))) -> N/A | AI72: N/A | AJ72: =+IF(AI72="N/A","N/A",(AI72-(AI72*$E$1))) -> N/A | AK72: 57748 | AL72: =+IF(AK72="N/A","N/A",(AK72-(AK72*$E$1))) -> 54860.6 | AM72: 65154 | AN72: =+IF(AM72="N/A","N/A",(AM72-(AM72*$E$1))) -> 61896.3 | AO72: 64854 | AP72: =+IF(AO72="N/A","N/A",(AO72-(AO72*$E$1))) -> 61611.3 | AQ72: 64471 | AR72: =+IF(AQ72="N/A","N/A",(AQ72-(AQ72*$E$1))) -> 61247.45 | AS72: 70186 | AT72: =+IF(AS72="N/A","N/A",(AS72-(AS72*$E$1))) -> 66676.7 | AU72: N/A | AV72: =+IF(AU72="N/A","N/A",(AU72-(AU72*$E$1))) -> N/A | AW72: 254580 | AX72: =+IF(AW72="N/A","N/A",(AW72-(AW72*$E$1))) -> 241851 | AY72: 98313 | AZ72: =+IF(AY72="N/A","N/A",(AY72-(AY72*$E$1))) -> 93397.35
A73: 56 | B73: Retenedor Eje De La Doble | C73: 1 | E73: 54662 | F73: =+IF(E73="N/A","N/A",(E73-(E73*$E$1))) -> 51928.9 | G73: 63565 | H73: =+IF(G73="N/A","N/A",(G73-(G73*$E$1))) -> 60386.75 | I73: 49949 | J73: =+IF(I73="N/A","N/A",(I73-(I73*$E$1))) -> 47451.55 | K73: N/A | L73: =+IF(K73="N/A","N/A",(K73-(K73*$E$1))) -> N/A | M73: N/A | N73: =+IF(M73="N/A","N/A",(M73-(M73*$E$1))) -> N/A | O73: N/A | P73: =+IF(O73="N/A","N/A",(O73-(O73*$E$1))) -> N/A | Q73: 74457 | R73: =+IF(Q73="N/A","N/A",(Q73-(Q73*$E$1))) -> 70734.15 | S73: 125688 | T73: =+IF(S73="N/A","N/A",(S73-(S73*$E$1))) -> 119403.6 | U73: N/A | V73: =+IF(U73="N/A","N/A",(U73-(U73*$E$1))) -> N/A | W73: 75638 | X73: =+IF(W73="N/A","N/A",(W73-(W73*$E$1))) -> 71856.1 | Y73: 95745 | Z73: =+IF(Y73="N/A","N/A",(Y73-(Y73*$E$1))) -> 90957.75 | AA73: 100250 | AB73: =+IF(AA73="N/A","N/A",(AA73-(AA73*$E$1))) -> 95237.5 | AC73: 74715 | AD73: =+IF(AC73="N/A","N/A",(AC73-(AC73*$E$1))) -> 70979.25 | AE73: N/A | AF73: =+IF(AE73="N/A","N/A",(AE73-(AE73*$E$1))) -> N/A | AG73: N/A | AH73: =+IF(AG73="N/A","N/A",(AG73-(AG73*$E$1))) -> N/A | AI73: N/A | AJ73: =+IF(AI73="N/A","N/A",(AI73-(AI73*$E$1))) -> N/A | AK73: 90968 | AL73: =+IF(AK73="N/A","N/A",(AK73-(AK73*$E$1))) -> 86419.6 | AM73: 112722 | AN73: =+IF(AM73="N/A","N/A",(AM73-(AM73*$E$1))) -> 107085.9 | AO73: 98079 | AP73: =+IF(AO73="N/A","N/A",(AO73-(AO73*$E$1))) -> 93175.05 | AQ73: 92399 | AR73: =+IF(AQ73="N/A","N/A",(AQ73-(AQ73*$E$1))) -> 87779.05 | AS73: 103932 | AT73: =+IF(AS73="N/A","N/A",(AS73-(AS73*$E$1))) -> 98735.4 | AU73: N/A | AV73: =+IF(AU73="N/A","N/A",(AU73-(AU73*$E$1))) -> N/A | AW73: N/A | AX73: =+IF(AW73="N/A","N/A",(AW73-(AW73*$E$1))) -> N/A | AY73: 177776 | AZ73: =+IF(AY73="N/A","N/A",(AY73-(AY73*$E$1))) -> 168887.2
B74: SISTEMA DE RODAMIENTOS | F74: =+IF(E74="N/A","N/A",(E74-(E74*$E$1))) -> 0 | H74: =+IF(G74="N/A","N/A",(G74-(G74*$E$1))) -> 0 | J74: =+IF(I74="N/A","N/A",(I74-(I74*$E$1))) -> 0 | L74: =+IF(K74="N/A","N/A",(K74-(K74*$E$1))) -> 0 | N74: =+IF(M74="N/A","N/A",(M74-(M74*$E$1))) -> 0 | P74: =+IF(O74="N/A","N/A",(O74-(O74*$E$1))) -> 0 | R74: =+IF(Q74="N/A","N/A",(Q74-(Q74*$E$1))) -> 0 | T74: =+IF(S74="N/A","N/A",(S74-(S74*$E$1))) -> 0 | V74: =+IF(U74="N/A","N/A",(U74-(U74*$E$1))) -> 0 | X74: =+IF(W74="N/A","N/A",(W74-(W74*$E$1))) -> 0 | Z74: =+IF(Y74="N/A","N/A",(Y74-(Y74*$E$1))) -> 0 | AB74: =+IF(AA74="N/A","N/A",(AA74-(AA74*$E$1))) -> 0 | AD74: =+IF(AC74="N/A","N/A",(AC74-(AC74*$E$1))) -> 0 | AF74: =+IF(AE74="N/A","N/A",(AE74-(AE74*$E$1))) -> 0 | AH74: =+IF(AG74="N/A","N/A",(AG74-(AG74*$E$1))) -> 0 | AJ74: =+IF(AI74="N/A","N/A",(AI74-(AI74*$E$1))) -> 0 | AL74: =+IF(AK74="N/A","N/A",(AK74-(AK74*$E$1))) -> 0 | AN74: =+IF(AM74="N/A","N/A",(AM74-(AM74*$E$1))) -> 0 | AP74: =+IF(AO74="N/A","N/A",(AO74-(AO74*$E$1))) -> 0 | AR74: =+IF(AQ74="N/A","N/A",(AQ74-(AQ74*$E$1))) -> 0 | AT74: =+IF(AS74="N/A","N/A",(AS74-(AS74*$E$1))) -> 0 | AV74: =+IF(AU74="N/A","N/A",(AU74-(AU74*$E$1))) -> 0 | AX74: =+IF(AW74="N/A","N/A",(AW74-(AW74*$E$1))) -> 0 | AZ74: =+IF(AY74="N/A","N/A",(AY74-(AY74*$E$1))) -> 0
A75: 57 | B75: Retenedor Bocín Delantero | C75: 1 | E75: 37114 | F75: =+IF(E75="N/A","N/A",(E75-(E75*$E$1))) -> 35258.3 | G75: 33363 | H75: =+IF(G75="N/A","N/A",(G75-(G75*$E$1))) -> 31694.85 | I75: 42574 | J75: =+IF(I75="N/A","N/A",(I75-(I75*$E$1))) -> 40445.3 | K75: 30065 | L75: =+IF(K75="N/A","N/A",(K75-(K75*$E$1))) -> 28561.75 | M75: 19113 | N75: =+IF(M75="N/A","N/A",(M75-(M75*$E$1))) -> 18157.35 | O75: 21912 | P75: =+IF(O75="N/A","N/A",(O75-(O75*$E$1))) -> 20816.4 | Q75: 36314 | R75: =+IF(Q75="N/A","N/A",(Q75-(Q75*$E$1))) -> 34498.3 | S75: 49872 | T75: =+IF(S75="N/A","N/A",(S75-(S75*$E$1))) -> 47378.4 | U75: 37507 | V75: =+IF(U75="N/A","N/A",(U75-(U75*$E$1))) -> 35631.65 | W75: 38767 | X75: =+IF(W75="N/A","N/A",(W75-(W75*$E$1))) -> 36828.65 | Y75: 40499 | Z75: =+IF(Y75="N/A","N/A",(Y75-(Y75*$E$1))) -> 38474.05 | AA75: 42801 | AB75: =+IF(AA75="N/A","N/A",(AA75-(AA75*$E$1))) -> 40660.95 | AC75: 70537 | AD75: =+IF(AC75="N/A","N/A",(AC75-(AC75*$E$1))) -> 67010.15 | AE75: 61868 | AF75: =+IF(AE75="N/A","N/A",(AE75-(AE75*$E$1))) -> 58774.6 | AG75: 56440 | AH75: =+IF(AG75="N/A","N/A",(AG75-(AG75*$E$1))) -> 53618 | AI75: 61868 | AJ75: =+IF(AI75="N/A","N/A",(AI75-(AI75*$E$1))) -> 58774.6 | AK75: 66349 | AL75: =+IF(AK75="N/A","N/A",(AK75-(AK75*$E$1))) -> 63031.55 | AM75: 59163 | AN75: =+IF(AM75="N/A","N/A",(AM75-(AM75*$E$1))) -> 56204.85 | AO75: 71609 | AP75: =+IF(AO75="N/A","N/A",(AO75-(AO75*$E$1))) -> 68028.55 | AQ75: 77932 | AR75: =+IF(AQ75="N/A","N/A",(AQ75-(AQ75*$E$1))) -> 74035.4 | AS75: 73976 | AT75: =+IF(AS75="N/A","N/A",(AS75-(AS75*$E$1))) -> 70277.2 | AU75: 53314 | AV75: =+IF(AU75="N/A","N/A",(AU75-(AU75*$E$1))) -> 50648.3 | AW75: 126985 | AX75: =+IF(AW75="N/A","N/A",(AW75-(AW75*$E$1))) -> 120635.75 | AY75: 75900 | AZ75: =+IF(AY75="N/A","N/A",(AY75-(AY75*$E$1))) -> 72105
A76: 58 | B76: Retenedor Bocín Trasero | C76: 1 | E76: N/A | F76: =+IF(E76="N/A","N/A",(E76-(E76*$E$1))) -> N/A | G76: N/A | H76: =+IF(G76="N/A","N/A",(G76-(G76*$E$1))) -> N/A | I76: N/A | J76: =+IF(I76="N/A","N/A",(I76-(I76*$E$1))) -> N/A | K76: 20640 | L76: =+IF(K76="N/A","N/A",(K76-(K76*$E$1))) -> 19608 | M76: 14157 | N76: =+IF(M76="N/A","N/A",(M76-(M76*$E$1))) -> 13449.15 | O76: 14419 | P76: =+IF(O76="N/A","N/A",(O76-(O76*$E$1))) -> 13698.05 | Q76: N/A | R76: =+IF(Q76="N/A","N/A",(Q76-(Q76*$E$1))) -> N/A | S76: N/A | T76: =+IF(S76="N/A","N/A",(S76-(S76*$E$1))) -> N/A | U76: 18264 | V76: =+IF(U76="N/A","N/A",(U76-(U76*$E$1))) -> 17350.8 | W76: N/A | X76: =+IF(W76="N/A","N/A",(W76-(W76*$E$1))) -> N/A | Y76: N/A | Z76: =+IF(Y76="N/A","N/A",(Y76-(Y76*$E$1))) -> N/A | AA76: N/A | AB76: =+IF(AA76="N/A","N/A",(AA76-(AA76*$E$1))) -> N/A | AC76: N/A | AD76: =+IF(AC76="N/A","N/A",(AC76-(AC76*$E$1))) -> N/A | AE76: 34526 | AF76: =+IF(AE76="N/A","N/A",(AE76-(AE76*$E$1))) -> 32799.7 | AG76: 34526 | AH76: =+IF(AG76="N/A","N/A",(AG76-(AG76*$E$1))) -> 32799.7 | AI76: N/A | AJ76: =+IF(AI76="N/A","N/A",(AI76-(AI76*$E$1))) -> N/A | AK76: N/A | AL76: =+IF(AK76="N/A","N/A",(AK76-(AK76*$E$1))) -> N/A | AM76: N/A | AN76: =+IF(AM76="N/A","N/A",(AM76-(AM76*$E$1))) -> N/A | AO76: N/A | AP76: =+IF(AO76="N/A","N/A",(AO76-(AO76*$E$1))) -> N/A | AQ76: N/A | AR76: =+IF(AQ76="N/A","N/A",(AQ76-(AQ76*$E$1))) -> N/A | AS76: N/A | AT76: =+IF(AS76="N/A","N/A",(AS76-(AS76*$E$1))) -> N/A | AU76: 36602 | AV76: =+IF(AU76="N/A","N/A",(AU76-(AU76*$E$1))) -> 34771.9 | AW76: N/A | AX76: =+IF(AW76="N/A","N/A",(AW76-(AW76*$E$1))) -> N/A | AY76: N/A | AZ76: =+IF(AY76="N/A","N/A",(AY76-(AY76*$E$1))) -> N/A
A77: 59 | B77: Retenedor Interno | C77: 1 | E77: 45152 | F77: =+IF(E77="N/A","N/A",(E77-(E77*$E$1))) -> 42894.4 | G77: 22753 | H77: =+IF(G77="N/A","N/A",(G77-(G77*$E$1))) -> 21615.35 | I77: 43222 | J77: =+IF(I77="N/A","N/A",(I77-(I77*$E$1))) -> 41060.9 | K77: 18309 | L77: =+IF(K77="N/A","N/A",(K77-(K77*$E$1))) -> 17393.55 | M77: 11832 | N77: =+IF(M77="N/A","N/A",(M77-(M77*$E$1))) -> 11240.4 | O77: 12806 | P77: =+IF(O77="N/A","N/A",(O77-(O77*$E$1))) -> 12165.7 | Q77: 20291 | R77: =+IF(Q77="N/A","N/A",(Q77-(Q77*$E$1))) -> 19276.45 | S77: 26706 | T77: =+IF(S77="N/A","N/A",(S77-(S77*$E$1))) -> 25370.7 | U77: 18863 | V77: =+IF(U77="N/A","N/A",(U77-(U77*$E$1))) -> 17919.85 | W77: 20291 | X77: =+IF(W77="N/A","N/A",(W77-(W77*$E$1))) -> 19276.45 | Y77: 40499 | Z77: =+IF(Y77="N/A","N/A",(Y77-(Y77*$E$1))) -> 38474.05 | AA77: 42801 | AB77: =+IF(AA77="N/A","N/A",(AA77-(AA77*$E$1))) -> 40660.95 | AC77: 69139 | AD77: =+IF(AC77="N/A","N/A",(AC77-(AC77*$E$1))) -> 65682.05 | AE77: 59639 | AF77: =+IF(AE77="N/A","N/A",(AE77-(AE77*$E$1))) -> 56657.05 | AG77: 54474 | AH77: =+IF(AG77="N/A","N/A",(AG77-(AG77*$E$1))) -> 51750.3 | AI77: 59639 | AJ77: =+IF(AI77="N/A","N/A",(AI77-(AI77*$E$1))) -> 56657.05 | AK77: 48549 | AL77: =+IF(AK77="N/A","N/A",(AK77-(AK77*$E$1))) -> 46121.55 | AM77: 40348 | AN77: =+IF(AM77="N/A","N/A",(AM77-(AM77*$E$1))) -> 38330.6 | AO77: 54035 | AP77: =+IF(AO77="N/A","N/A",(AO77-(AO77*$E$1))) -> 51333.25 | AQ77: 76184 | AR77: =+IF(AQ77="N/A","N/A",(AQ77-(AQ77*$E$1))) -> 72374.8 | AS77: 58550 | AT77: =+IF(AS77="N/A","N/A",(AS77-(AS77*$E$1))) -> 55622.5 | AU77: 32469 | AV77: =+IF(AU77="N/A","N/A",(AU77-(AU77*$E$1))) -> 30845.55 | AW77: 254850 | AX77: =+IF(AW77="N/A","N/A",(AW77-(AW77*$E$1))) -> 242107.5 | AY77: 75900 | AZ77: =+IF(AY77="N/A","N/A",(AY77-(AY77*$E$1))) -> 72105
A78: 60 | B78: Retenedor Externo | C78: 1 | E78: 38522 | F78: =+IF(E78="N/A","N/A",(E78-(E78*$E$1))) -> 36595.9 | G78: 23833 | H78: =+IF(G78="N/A","N/A",(G78-(G78*$E$1))) -> 22641.35 | I78: 60889 | J78: =+IF(I78="N/A","N/A",(I78-(I78*$E$1))) -> 57844.55 | K78: 16546 | L78: =+IF(K78="N/A","N/A",(K78-(K78*$E$1))) -> 15718.7 | M78: 14149 | N78: =+IF(M78="N/A","N/A",(M78-(M78*$E$1))) -> 13441.55 | O78: 12728 | P78: =+IF(O78="N/A","N/A",(O78-(O78*$E$1))) -> 12091.6 | Q78: 18843 | R78: =+IF(Q78="N/A","N/A",(Q78-(Q78*$E$1))) -> 17900.85 | S78: 27972 | T78: =+IF(S78="N/A","N/A",(S78-(S78*$E$1))) -> 26573.4 | U78: 17309 | V78: =+IF(U78="N/A","N/A",(U78-(U78*$E$1))) -> 16443.55 | W78: 18843 | X78: =+IF(W78="N/A","N/A",(W78-(W78*$E$1))) -> 17900.85 | Y78: 51989 | Z78: =+IF(Y78="N/A","N/A",(Y78-(Y78*$E$1))) -> 49389.55 | AA78: 55440 | AB78: =+IF(AA78="N/A","N/A",(AA78-(AA78*$E$1))) -> 52668 | AC78: 57234 | AD78: =+IF(AC78="N/A","N/A",(AC78-(AC78*$E$1))) -> 54372.3 | AE78: 49523 | AF78: =+IF(AE78="N/A","N/A",(AE78-(AE78*$E$1))) -> 47046.85 | AG78: 45548 | AH78: =+IF(AG78="N/A","N/A",(AG78-(AG78*$E$1))) -> 43270.6 | AI78: 49523 | AJ78: =+IF(AI78="N/A","N/A",(AI78-(AI78*$E$1))) -> 47046.85 | AK78: 66349 | AL78: =+IF(AK78="N/A","N/A",(AK78-(AK78*$E$1))) -> 63031.55 | AM78: 42264 | AN78: =+IF(AM78="N/A","N/A",(AM78-(AM78*$E$1))) -> 40150.8 | AO78: 71609 | AP78: =+IF(AO78="N/A","N/A",(AO78-(AO78*$E$1))) -> 68028.55 | AQ78: 70939 | AR78: =+IF(AQ78="N/A","N/A",(AQ78-(AQ78*$E$1))) -> 67392.05 | AS78: 73976 | AT78: =+IF(AS78="N/A","N/A",(AS78-(AS78*$E$1))) -> 70277.2 | AU78: 29341 | AV78: =+IF(AU78="N/A","N/A",(AU78-(AU78*$E$1))) -> 27873.95 | AW78: 458780 | AX78: =+IF(AW78="N/A","N/A",(AW78-(AW78*$E$1))) -> 435841 | AY78: 98313 | AZ78: =+IF(AY78="N/A","N/A",(AY78-(AY78*$E$1))) -> 93397.35
A79: 61 | B79: Rodamiento Delantero | C79: 1 | E79: 1303278 | F79: =+IF(E79="N/A","N/A",(E79-(E79*$E$1))) -> 1238114.1 | G79: 1291132 | H79: =+IF(G79="N/A","N/A",(G79-(G79*$E$1))) -> 1226575.4 | I79: 1318276 | J79: =+IF(I79="N/A","N/A",(I79-(I79*$E$1))) -> 1252362.2 | K79: 48879 | L79: =+IF(K79="N/A","N/A",(K79-(K79*$E$1))) -> 46435.05 | M79: 122178 | N79: =+IF(M79="N/A","N/A",(M79-(M79*$E$1))) -> 116069.1 | O79: 75252 | P79: =+IF(O79="N/A","N/A",(O79-(O79*$E$1))) -> 71489.4 | Q79: 111597 | R79: =+IF(Q79="N/A","N/A",(Q79-(Q79*$E$1))) -> 106017.15 | S79: 120463 | T79: =+IF(S79="N/A","N/A",(S79-(S79*$E$1))) -> 114439.85 | U79: 75305 | V79: =+IF(U79="N/A","N/A",(U79-(U79*$E$1))) -> 71539.75 | W79: 111597 | X79: =+IF(W79="N/A","N/A",(W79-(W79*$E$1))) -> 106017.15 | Y79: 122205 | Z79: =+IF(Y79="N/A","N/A",(Y79-(Y79*$E$1))) -> 116094.75 | AA79: 127612 | AB79: =+IF(AA79="N/A","N/A",(AA79-(AA79*$E$1))) -> 121231.4 | AC79: 237424 | AD79: =+IF(AC79="N/A","N/A",(AC79-(AC79*$E$1))) -> 225552.8 | AE79: 210288 | AF79: =+IF(AE79="N/A","N/A",(AE79-(AE79*$E$1))) -> 199773.6 | AG79: 193364 | AH79: =+IF(AG79="N/A","N/A",(AG79-(AG79*$E$1))) -> 183695.8 | AI79: 210288 | AJ79: =+IF(AI79="N/A","N/A",(AI79-(AI79*$E$1))) -> 199773.6 | AK79: 297777 | AL79: =+IF(AK79="N/A","N/A",(AK79-(AK79*$E$1))) -> 282888.15 | AM79: 2289593 | AN79: =+IF(AM79="N/A","N/A",(AM79-(AM79*$E$1))) -> 2175113.4 | AO79: 314234 | AP79: =+IF(AO79="N/A","N/A",(AO79-(AO79*$E$1))) -> 298522.3 | AQ79: 349920 | AR79: =+IF(AQ79="N/A","N/A",(AQ79-(AQ79*$E$1))) -> 332424 | AS79: 327790 | AT79: =+IF(AS79="N/A","N/A",(AS79-(AS79*$E$1))) -> 311400.5 | AU79: 86678 | AV79: =+IF(AU79="N/A","N/A",(AU79-(AU79*$E$1))) -> 82344.1 | AW79: 2458895 | AX79: =+IF(AW79="N/A","N/A",(AW79-(AW79*$E$1))) -> 2335950.2 | AY79: 226297 | AZ79: =+IF(AY79="N/A","N/A",(AY79-(AY79*$E$1))) -> 214982.15
A80: 62 | B80: Rodamiento Trasero | C80: 1 | E80: 196800 | F80: =+IF(E80="N/A","N/A",(E80-(E80*$E$1))) -> 186960 | G80: 180417 | H80: =+IF(G80="N/A","N/A",(G80-(G80*$E$1))) -> 171396.15 | I80: 179180 | J80: =+IF(I80="N/A","N/A",(I80-(I80*$E$1))) -> 170221 | K80: 73473 | L80: =+IF(K80="N/A","N/A",(K80-(K80*$E$1))) -> 69799.35 | M80: 140584 | N80: =+IF(M80="N/A","N/A",(M80-(M80*$E$1))) -> 133554.8 | O80: 52896 | P80: =+IF(O80="N/A","N/A",(O80-(O80*$E$1))) -> 50251.2 | Q80: 66753 | R80: =+IF(Q80="N/A","N/A",(Q80-(Q80*$E$1))) -> 63415.35 | S80: 103302 | T80: =+IF(S80="N/A","N/A",(S80-(S80*$E$1))) -> 98136.9 | U80: 76067 | V80: =+IF(U80="N/A","N/A",(U80-(U80*$E$1))) -> 72263.65 | W80: 66753 | X80: =+IF(W80="N/A","N/A",(W80-(W80*$E$1))) -> 63415.35 | Y80: 118385 | Z80: =+IF(Y80="N/A","N/A",(Y80-(Y80*$E$1))) -> 112465.75 | AA80: 124107 | AB80: =+IF(AA80="N/A","N/A",(AA80-(AA80*$E$1))) -> 117901.65 | AC80: 260234 | AD80: =+IF(AC80="N/A","N/A",(AC80-(AC80*$E$1))) -> 247222.3 | AE80: 243487 | AF80: =+IF(AE80="N/A","N/A",(AE80-(AE80*$E$1))) -> 231312.65 | AG80: 231967 | AH80: =+IF(AG80="N/A","N/A",(AG80-(AG80*$E$1))) -> 220368.65 | AI80: 243487 | AJ80: =+IF(AI80="N/A","N/A",(AI80-(AI80*$E$1))) -> 231312.65 | AK80: 372681 | AL80: =+IF(AK80="N/A","N/A",(AK80-(AK80*$E$1))) -> 354046.95 | AM80: 319938 | AN80: =+IF(AM80="N/A","N/A",(AM80-(AM80*$E$1))) -> 303941.1 | AO80: 406056 | AP80: =+IF(AO80="N/A","N/A",(AO80-(AO80*$E$1))) -> 385753.2 | AQ80: 315494 | AR80: =+IF(AQ80="N/A","N/A",(AQ80-(AQ80*$E$1))) -> 299719.3 | AS80: 433556 | AT80: =+IF(AS80="N/A","N/A",(AS80-(AS80*$E$1))) -> 411878.2 | AU80: 130292 | AV80: =+IF(AU80="N/A","N/A",(AU80-(AU80*$E$1))) -> 123777.4 | AW80: 2358785 | AX80: =+IF(AW80="N/A","N/A",(AW80-(AW80*$E$1))) -> 2240845.8 | AY80: 220081 | AZ80: =+IF(AY80="N/A","N/A",(AY80-(AY80*$E$1))) -> 209076.95
A81: 63 | B81: Esparrago Ruedas | C81: 1 | E81: 13867 | F81: =+IF(E81="N/A","N/A",(E81-(E81*$E$1))) -> 13173.65 | G81: 8185 | H81: =+IF(G81="N/A","N/A",(G81-(G81*$E$1))) -> 7775.75 | I81: 12974 | J81: =+IF(I81="N/A","N/A",(I81-(I81*$E$1))) -> 12325.3 | K81: 10116 | L81: =+IF(K81="N/A","N/A",(K81-(K81*$E$1))) -> 9610.2 | M81: 10740 | N81: =+IF(M81="N/A","N/A",(M81-(M81*$E$1))) -> 10203 | O81: 2678 | P81: =+IF(O81="N/A","N/A",(O81-(O81*$E$1))) -> 2544.1 | Q81: 5494 | R81: =+IF(Q81="N/A","N/A",(Q81-(Q81*$E$1))) -> 5219.3 | S81: 6073 | T81: =+IF(S81="N/A","N/A",(S81-(S81*$E$1))) -> 5769.35 | U81: 4679 | V81: =+IF(U81="N/A","N/A",(U81-(U81*$E$1))) -> 4445.05 | W81: 5494 | X81: =+IF(W81="N/A","N/A",(W81-(W81*$E$1))) -> 5219.3 | Y81: 14282 | Z81: =+IF(Y81="N/A","N/A",(Y81-(Y81*$E$1))) -> 13567.9 | AA81: 15273 | AB81: =+IF(AA81="N/A","N/A",(AA81-(AA81*$E$1))) -> 14509.35 | AC81: 17922 | AD81: =+IF(AC81="N/A","N/A",(AC81-(AC81*$E$1))) -> 17025.9 | AE81: 13529 | AF81: =+IF(AE81="N/A","N/A",(AE81-(AE81*$E$1))) -> 12852.55 | AG81: 13048 | AH81: =+IF(AG81="N/A","N/A",(AG81-(AG81*$E$1))) -> 12395.6 | AI81: 13529 | AJ81: =+IF(AI81="N/A","N/A",(AI81-(AI81*$E$1))) -> 12852.55 | AK81: 12158 | AL81: =+IF(AK81="N/A","N/A",(AK81-(AK81*$E$1))) -> 11550.1 | AM81: 14515 | AN81: =+IF(AM81="N/A","N/A",(AM81-(AM81*$E$1))) -> 13789.25 | AO81: 13538 | AP81: =+IF(AO81="N/A","N/A",(AO81-(AO81*$E$1))) -> 12861.1 | AQ81: 22554 | AR81: =+IF(AQ81="N/A","N/A",(AQ81-(AQ81*$E$1))) -> 21426.3 | AS81: 14670 | AT81: =+IF(AS81="N/A","N/A",(AS81-(AS81*$E$1))) -> 13936.5 | AU81: 17939 | AV81: =+IF(AU81="N/A","N/A",(AU81-(AU81*$E$1))) -> 17042.05 | AW81: 80000 | AX81: =+IF(AW81="N/A","N/A",(AW81-(AW81*$E$1))) -> 76000 | AY81: 27085 | AZ81: =+IF(AY81="N/A","N/A",(AY81-(AY81*$E$1))) -> 25730.75
A82: 64 | B82: Bocín Rueda Delantera | C82: 1 | E82: 420252 | F82: =+IF(E82="N/A","N/A",(E82-(E82*$E$1))) -> 399239.4 | G82: 387223 | H82: =+IF(G82="N/A","N/A",(G82-(G82*$E$1))) -> 367861.85 | I82: 372700 | J82: =+IF(I82="N/A","N/A",(I82-(I82*$E$1))) -> 354065 | K82: 357664 | L82: =+IF(K82="N/A","N/A",(K82-(K82*$E$1))) -> 339780.8 | M82: 76338 | N82: =+IF(M82="N/A","N/A",(M82-(M82*$E$1))) -> 72521.1 | O82: 142412 | P82: =+IF(O82="N/A","N/A",(O82-(O82*$E$1))) -> 135291.4 | Q82: 111597 | R82: =+IF(Q82="N/A","N/A",(Q82-(Q82*$E$1))) -> 106017.15 | S82: 292444 | T82: =+IF(S82="N/A","N/A",(S82-(S82*$E$1))) -> 277821.8 | U82: 131293 | V82: =+IF(U82="N/A","N/A",(U82-(U82*$E$1))) -> 124728.35 | W82: 111597 | X82: =+IF(W82="N/A","N/A",(W82-(W82*$E$1))) -> 106017.15 | Y82: 325065 | Z82: =+IF(Y82="N/A","N/A",(Y82-(Y82*$E$1))) -> 308811.75 | AA82: 337118 | AB82: =+IF(AA82="N/A","N/A",(AA82-(AA82*$E$1))) -> 320262.1 | AC82: 464297 | AD82: =+IF(AC82="N/A","N/A",(AC82-(AC82*$E$1))) -> 441082.15 | AE82: 404353 | AF82: =+IF(AE82="N/A","N/A",(AE82-(AE82*$E$1))) -> 384135.35 | AG82: 378378 | AH82: =+IF(AG82="N/A","N/A",(AG82-(AG82*$E$1))) -> 359459.1 | AI82: 404353 | AJ82: =+IF(AI82="N/A","N/A",(AI82-(AI82*$E$1))) -> 384135.35 | AK82: 575758 | AL82: =+IF(AK82="N/A","N/A",(AK82-(AK82*$E$1))) -> 546970.1 | AM82: 686672 | AN82: =+IF(AM82="N/A","N/A",(AM82-(AM82*$E$1))) -> 652338.4 | AO82: 641269 | AP82: =+IF(AO82="N/A","N/A",(AO82-(AO82*$E$1))) -> 609205.55 | AQ82: 577897 | AR82: =+IF(AQ82="N/A","N/A",(AQ82-(AQ82*$E$1))) -> 549002.15 | AS82: 695246 | AT82: =+IF(AS82="N/A","N/A",(AS82-(AS82*$E$1))) -> 660483.7 | AU82: 634253 | AV82: =+IF(AU82="N/A","N/A",(AU82-(AU82*$E$1))) -> 602540.35 | AW82: 1137176 | AX82: =+IF(AW82="N/A","N/A",(AW82-(AW82*$E$1))) -> 1080317.2 | AY82: 597820 | AZ82: =+IF(AY82="N/A","N/A",(AY82-(AY82*$E$1))) -> 567929
A83: 65 | B83: Bocín Rueda Trasera | C83: 1 | E83: N/A | F83: =+IF(E83="N/A","N/A",(E83-(E83*$E$1))) -> N/A | G83: N/A | H83: =+IF(G83="N/A","N/A",(G83-(G83*$E$1))) -> N/A | I83: N/A | J83: =+IF(I83="N/A","N/A",(I83-(I83*$E$1))) -> N/A | K83: 402927 | L83: =+IF(K83="N/A","N/A",(K83-(K83*$E$1))) -> 382780.65 | M83: 221374 | N83: =+IF(M83="N/A","N/A",(M83-(M83*$E$1))) -> 210305.3 | O83: 146238 | P83: =+IF(O83="N/A","N/A",(O83-(O83*$E$1))) -> 138926.1 | Q83: N/A | R83: =+IF(Q83="N/A","N/A",(Q83-(Q83*$E$1))) -> N/A | S83: N/A | T83: =+IF(S83="N/A","N/A",(S83-(S83*$E$1))) -> N/A | U83: 245114 | V83: =+IF(U83="N/A","N/A",(U83-(U83*$E$1))) -> 232858.3 | W83: N/A | X83: =+IF(W83="N/A","N/A",(W83-(W83*$E$1))) -> N/A | Y83: N/A | Z83: =+IF(Y83="N/A","N/A",(Y83-(Y83*$E$1))) -> N/A | AA83: N/A | AB83: =+IF(AA83="N/A","N/A",(AA83-(AA83*$E$1))) -> N/A | AC83: N/A | AD83: =+IF(AC83="N/A","N/A",(AC83-(AC83*$E$1))) -> N/A | AE83: 692260 | AF83: =+IF(AE83="N/A","N/A",(AE83-(AE83*$E$1))) -> 657647 | AG83: 692260 | AH83: =+IF(AG83="N/A","N/A",(AG83-(AG83*$E$1))) -> 657647 | AI83: 692260 | AJ83: =+IF(AI83="N/A","N/A",(AI83-(AI83*$E$1))) -> 657647 | AK83: N/A | AL83: =+IF(AK83="N/A","N/A",(AK83-(AK83*$E$1))) -> N/A | AM83: N/A | AN83: =+IF(AM83="N/A","N/A",(AM83-(AM83*$E$1))) -> N/A | AO83: N/A | AP83: =+IF(AO83="N/A","N/A",(AO83-(AO83*$E$1))) -> N/A | AQ83: N/A | AR83: =+IF(AQ83="N/A","N/A",(AQ83-(AQ83*$E$1))) -> N/A | AS83: N/A | AT83: =+IF(AS83="N/A","N/A",(AS83-(AS83*$E$1))) -> N/A | AU83: 714519 | AV83: =+IF(AU83="N/A","N/A",(AU83-(AU83*$E$1))) -> 678793.05 | AW83: N/A | AX83: =+IF(AW83="N/A","N/A",(AW83-(AW83*$E$1))) -> N/A | AY83: N/A | AZ83: =+IF(AY83="N/A","N/A",(AY83-(AY83*$E$1))) -> N/A
A84: 66 | B84: Bocín Completo | C84: 1 | E84: 829555 | F84: =+IF(E84="N/A","N/A",(E84-(E84*$E$1))) -> 788077.25 | G84: 761313 | H84: =+IF(G84="N/A","N/A",(G84-(G84*$E$1))) -> 723247.35 | I84: 671351 | J84: =+IF(I84="N/A","N/A",(I84-(I84*$E$1))) -> 637783.45 | K84: 473555 | L84: =+IF(K84="N/A","N/A",(K84-(K84*$E$1))) -> 449877.25 | M84: 237718 | N84: =+IF(M84="N/A","N/A",(M84-(M84*$E$1))) -> 225832.1 | O84: 299033 | P84: =+IF(O84="N/A","N/A",(O84-(O84*$E$1))) -> 284081.35 | Q84: 660084 | R84: =+IF(Q84="N/A","N/A",(Q84-(Q84*$E$1))) -> 627079.8 | S84: 814858 | T84: =+IF(S84="N/A","N/A",(S84-(S84*$E$1))) -> 774115.1 | U84: 356699 | V84: =+IF(U84="N/A","N/A",(U84-(U84*$E$1))) -> 338864.05 | W84: 705635 | X84: =+IF(W84="N/A","N/A",(W84-(W84*$E$1))) -> 670353.25 | Y84: 687816 | Z84: =+IF(Y84="N/A","N/A",(Y84-(Y84*$E$1))) -> 653425.2 | AA84: 709399 | AB84: =+IF(AA84="N/A","N/A",(AA84-(AA84*$E$1))) -> 673929.05 | AC84: 803529 | AD84: =+IF(AC84="N/A","N/A",(AC84-(AC84*$E$1))) -> 763352.55 | AE84: 753798 | AF84: =+IF(AE84="N/A","N/A",(AE84-(AE84*$E$1))) -> 716108.1 | AG84: 720644 | AH84: =+IF(AG84="N/A","N/A",(AG84-(AG84*$E$1))) -> 684611.8 | AI84: 753798 | AJ84: =+IF(AI84="N/A","N/A",(AI84-(AI84*$E$1))) -> 716108.1 | AK84: 1021148 | AL84: =+IF(AK84="N/A","N/A",(AK84-(AK84*$E$1))) -> 970090.6 | AM84: 1350053 | AN84: =+IF(AM84="N/A","N/A",(AM84-(AM84*$E$1))) -> 1282550.4 | AO84: 1118059 | AP84: =+IF(AO84="N/A","N/A",(AO84-(AO84*$E$1))) -> 1062156.1 | AQ84: 845361 | AR84: =+IF(AQ84="N/A","N/A",(AQ84-(AQ84*$E$1))) -> 803092.95 | AS84: 1197909 | AT84: =+IF(AS84="N/A","N/A",(AS84-(AS84*$E$1))) -> 1138013.6 | AU84: 839765 | AV84: =+IF(AU84="N/A","N/A",(AU84-(AU84*$E$1))) -> 797776.75 | AW84: 4587895 | AX84: =+IF(AW84="N/A","N/A",(AW84-(AW84*$E$1))) -> 4358500.2 | AY84: 1257992 | AZ84: =+IF(AY84="N/A","N/A",(AY84-(AY84*$E$1))) -> 1195092.4
B85: SISTEMA DE EMBRAGUE | F85: =+IF(E85="N/A","N/A",(E85-(E85*$E$1))) -> 0 | H85: =+IF(G85="N/A","N/A",(G85-(G85*$E$1))) -> 0 | J85: =+IF(I85="N/A","N/A",(I85-(I85*$E$1))) -> 0 | L85: =+IF(K85="N/A","N/A",(K85-(K85*$E$1))) -> 0 | N85: =+IF(M85="N/A","N/A",(M85-(M85*$E$1))) -> 0 | P85: =+IF(O85="N/A","N/A",(O85-(O85*$E$1))) -> 0 | R85: =+IF(Q85="N/A","N/A",(Q85-(Q85*$E$1))) -> 0 | T85: =+IF(S85="N/A","N/A",(S85-(S85*$E$1))) -> 0 | V85: =+IF(U85="N/A","N/A",(U85-(U85*$E$1))) -> 0 | X85: =+IF(W85="N/A","N/A",(W85-(W85*$E$1))) -> 0 | Z85: =+IF(Y85="N/A","N/A",(Y85-(Y85*$E$1))) -> 0 | AB85: =+IF(AA85="N/A","N/A",(AA85-(AA85*$E$1))) -> 0 | AD85: =+IF(AC85="N/A","N/A",(AC85-(AC85*$E$1))) -> 0 | AF85: =+IF(AE85="N/A","N/A",(AE85-(AE85*$E$1))) -> 0 | AH85: =+IF(AG85="N/A","N/A",(AG85-(AG85*$E$1))) -> 0 | AJ85: =+IF(AI85="N/A","N/A",(AI85-(AI85*$E$1))) -> 0 | AL85: =+IF(AK85="N/A","N/A",(AK85-(AK85*$E$1))) -> 0 | AN85: =+IF(AM85="N/A","N/A",(AM85-(AM85*$E$1))) -> 0 | AP85: =+IF(AO85="N/A","N/A",(AO85-(AO85*$E$1))) -> 0 | AR85: =+IF(AQ85="N/A","N/A",(AQ85-(AQ85*$E$1))) -> 0 | AT85: =+IF(AS85="N/A","N/A",(AS85-(AS85*$E$1))) -> 0 | AV85: =+IF(AU85="N/A","N/A",(AU85-(AU85*$E$1))) -> 0 | AX85: =+IF(AW85="N/A","N/A",(AW85-(AW85*$E$1))) -> 0 | AZ85: =+IF(AY85="N/A","N/A",(AY85-(AY85*$E$1))) -> 0
A86: 67 | B86: Horquilla De Cambio | C86: 1 | E86: 146637 | F86: =+IF(E86="N/A","N/A",(E86-(E86*$E$1))) -> 139305.15 | G86: 137385 | H86: =+IF(G86="N/A","N/A",(G86-(G86*$E$1))) -> 130515.75 | I86: 150684 | J86: =+IF(I86="N/A","N/A",(I86-(I86*$E$1))) -> 143149.8 | K86: 200436 | L86: =+IF(K86="N/A","N/A",(K86-(K86*$E$1))) -> 190414.2 | M86: 131347 | N86: =+IF(M86="N/A","N/A",(M86-(M86*$E$1))) -> 124779.65 | O86: 76867 | P86: =+IF(O86="N/A","N/A",(O86-(O86*$E$1))) -> 73023.65 | Q86: 109170 | R86: =+IF(Q86="N/A","N/A",(Q86-(Q86*$E$1))) -> 103711.5 | S86: 358839 | T86: =+IF(S86="N/A","N/A",(S86-(S86*$E$1))) -> 340897.05 | U86: 123035 | V86: =+IF(U86="N/A","N/A",(U86-(U86*$E$1))) -> 116883.25 | W86: 107480 | X86: =+IF(W86="N/A","N/A",(W86-(W86*$E$1))) -> 102106 | Y86: 167733 | Z86: =+IF(Y86="N/A","N/A",(Y86-(Y86*$E$1))) -> 159346.35 | AA86: 174542 | AB86: =+IF(AA86="N/A","N/A",(AA86-(AA86*$E$1))) -> 165814.9 | AC86: 166630 | AD86: =+IF(AC86="N/A","N/A",(AC86-(AC86*$E$1))) -> 158298.5 | AE86: 140849 | AF86: =+IF(AE86="N/A","N/A",(AE86-(AE86*$E$1))) -> 133806.55 | AG86: 134150 | AH86: =+IF(AG86="N/A","N/A",(AG86-(AG86*$E$1))) -> 127442.5 | AI86: 140849 | AJ86: =+IF(AI86="N/A","N/A",(AI86-(AI86*$E$1))) -> 133806.55 | AK86: 171532 | AL86: =+IF(AK86="N/A","N/A",(AK86-(AK86*$E$1))) -> 162955.4 | AM86: 243628 | AN86: =+IF(AM86="N/A","N/A",(AM86-(AM86*$E$1))) -> 231446.6 | AO86: 184220 | AP86: =+IF(AO86="N/A","N/A",(AO86-(AO86*$E$1))) -> 175009 | AQ86: 150257 | AR86: =+IF(AQ86="N/A","N/A",(AQ86-(AQ86*$E$1))) -> 142744.15 | AS86: 194672 | AT86: =+IF(AS86="N/A","N/A",(AS86-(AS86*$E$1))) -> 184938.4 | AU86: 355437 | AV86: =+IF(AU86="N/A","N/A",(AU86-(AU86*$E$1))) -> 337665.15 | AW86: N/A | AX86: =+IF(AW86="N/A","N/A",(AW86-(AW86*$E$1))) -> N/A | AY86: 309520 | AZ86: =+IF(AY86="N/A","N/A",(AY86-(AY86*$E$1))) -> 294044
A87: 68 | B87: Volanta Sistema de Embrague | C87: 1 | E87: 7000000 | F87: =+IF(E87="N/A","N/A",(E87-(E87*$E$1))) -> 6650000 | G87: 7000000 | H87: =+IF(G87="N/A","N/A",(G87-(G87*$E$1))) -> 6650000 | I87: 7000000 | J87: =+IF(I87="N/A","N/A",(I87-(I87*$E$1))) -> 6650000 | K87: 7000000 | L87: =+IF(K87="N/A","N/A",(K87-(K87*$E$1))) -> 6650000 | M87: 4500215 | N87: =+IF(M87="N/A","N/A",(M87-(M87*$E$1))) -> 4275204.2 | O87: 25488548 | P87: =+IF(O87="N/A","N/A",(O87-(O87*$E$1))) -> 24214121 | Q87: 7000000 | R87: =+IF(Q87="N/A","N/A",(Q87-(Q87*$E$1))) -> 6650000 | S87: 7000000 | T87: =+IF(S87="N/A","N/A",(S87-(S87*$E$1))) -> 6650000 | U87: 3589674 | V87: =+IF(U87="N/A","N/A",(U87-(U87*$E$1))) -> 3410190.3 | W87: 6585242 | X87: =+IF(W87="N/A","N/A",(W87-(W87*$E$1))) -> 6255979.9 | Y87: 6584587 | Z87: =+IF(Y87="N/A","N/A",(Y87-(Y87*$E$1))) -> 6255357.7 | AA87: 6487854 | AB87: =+IF(AA87="N/A","N/A",(AA87-(AA87*$E$1))) -> 6163461.3 | AC87: 6784124 | AD87: =+IF(AC87="N/A","N/A",(AC87-(AC87*$E$1))) -> 6444917.8 | AE87: 4587854 | AF87: =+IF(AE87="N/A","N/A",(AE87-(AE87*$E$1))) -> 4358461.3 | AG87: 4587758 | AH87: =+IF(AG87="N/A","N/A",(AG87-(AG87*$E$1))) -> 4358370.1 | AI87: 4982152 | AJ87: =+IF(AI87="N/A","N/A",(AI87-(AI87*$E$1))) -> 4733044.4 | AK87: 3589875 | AL87: =+IF(AK87="N/A","N/A",(AK87-(AK87*$E$1))) -> 3410381.2 | AM87: 7000000 | AN87: =+IF(AM87="N/A","N/A",(AM87-(AM87*$E$1))) -> 6650000 | AO87: 5848548 | AP87: =+IF(AO87="N/A","N/A",(AO87-(AO87*$E$1))) -> 5556120.6 | AQ87: 5848548 | AR87: =+IF(AQ87="N/A","N/A",(AQ87-(AQ87*$E$1))) -> 5556120.6 | AS87: 4785587 | AT87: =+IF(AS87="N/A","N/A",(AS87-(AS87*$E$1))) -> 4546307.7 | AU87: 7000000 | AV87: =+IF(AU87="N/A","N/A",(AU87-(AU87*$E$1))) -> 6650000 | AW87: 12458784 | AX87: =+IF(AW87="N/A","N/A",(AW87-(AW87*$E$1))) -> 11835845 | AY87: 6487854 | AZ87: =+IF(AY87="N/A","N/A",(AY87-(AY87*$E$1))) -> 6163461.3
A88: 69 | B88: Retenedor Caja (Delantero) | C88: 1 | E88: 35670 | F88: =+IF(E88="N/A","N/A",(E88-(E88*$E$1))) -> 33886.5 | G88: 28900 | H88: =+IF(G88="N/A","N/A",(G88-(G88*$E$1))) -> 27455 | I88: 49744 | J88: =+IF(I88="N/A","N/A",(I88-(I88*$E$1))) -> 47256.8 | K88: 41433 | L88: =+IF(K88="N/A","N/A",(K88-(K88*$E$1))) -> 39361.35 | M88: 52526 | N88: =+IF(M88="N/A","N/A",(M88-(M88*$E$1))) -> 49899.7 | O88: 26807 | P88: =+IF(O88="N/A","N/A",(O88-(O88*$E$1))) -> 25466.65 | Q88: 94765 | R88: =+IF(Q88="N/A","N/A",(Q88-(Q88*$E$1))) -> 90026.75 | S88: 81897 | T88: =+IF(S88="N/A","N/A",(S88-(S88*$E$1))) -> 77802.15 | U88: 45291 | V88: =+IF(U88="N/A","N/A",(U88-(U88*$E$1))) -> 43026.45 | W88: 75271 | X88: =+IF(W88="N/A","N/A",(W88-(W88*$E$1))) -> 71507.45 | Y88: 51989 | Z88: =+IF(Y88="N/A","N/A",(Y88-(Y88*$E$1))) -> 49389.55 | AA88: 54391 | AB88: =+IF(AA88="N/A","N/A",(AA88-(AA88*$E$1))) -> 51671.45 | AC88: 64586 | AD88: =+IF(AC88="N/A","N/A",(AC88-(AC88*$E$1))) -> 61356.7 | AE88: 55594 | AF88: =+IF(AE88="N/A","N/A",(AE88-(AE88*$E$1))) -> 52814.3 | AG88: 51933 | AH88: =+IF(AG88="N/A","N/A",(AG88-(AG88*$E$1))) -> 49336.35 | AI88: 55594 | AJ88: =+IF(AI88="N/A","N/A",(AI88-(AI88*$E$1))) -> 52814.3 | AK88: 44878 | AL88: =+IF(AK88="N/A","N/A",(AK88-(AK88*$E$1))) -> 42634.1 | AM88: 51249 | AN88: =+IF(AM88="N/A","N/A",(AM88-(AM88*$E$1))) -> 48686.55 | AO88: 47862 | AP88: =+IF(AO88="N/A","N/A",(AO88-(AO88*$E$1))) -> 45468.9 | AQ88: 60643 | AR88: =+IF(AQ88="N/A","N/A",(AQ88-(AQ88*$E$1))) -> 57610.85 | AS88: 50316 | AT88: =+IF(AS88="N/A","N/A",(AS88-(AS88*$E$1))) -> 47800.2 | AU88: 73475 | AV88: =+IF(AU88="N/A","N/A",(AU88-(AU88*$E$1))) -> 69801.25 | AW88: 215451 | AX88: =+IF(AW88="N/A","N/A",(AW88-(AW88*$E$1))) -> 204678.45 | AY88: 96453 | AZ88: =+IF(AY88="N/A","N/A",(AY88-(AY88*$E$1))) -> 91630.35
A89: 70 | B89: Retenedor Caja (Trasero) | C89: 1 | E89: 43439 | F89: =+IF(E89="N/A","N/A",(E89-(E89*$E$1))) -> 41267.05 | G89: 46843 | H89: =+IF(G89="N/A","N/A",(G89-(G89*$E$1))) -> 44500.85 | I89: 42945 | J89: =+IF(I89="N/A","N/A",(I89-(I89*$E$1))) -> 40797.75 | K89: 27168 | L89: =+IF(K89="N/A","N/A",(K89-(K89*$E$1))) -> 25809.6 | M89: 51822 | N89: =+IF(M89="N/A","N/A",(M89-(M89*$E$1))) -> 49230.9 | O89: 24996 | P89: =+IF(O89="N/A","N/A",(O89-(O89*$E$1))) -> 23746.2 | Q89: 98361 | R89: =+IF(Q89="N/A","N/A",(Q89-(Q89*$E$1))) -> 93442.95 | S89: 66500 | T89: =+IF(S89="N/A","N/A",(S89-(S89*$E$1))) -> 63175 | U89: 44050 | V89: =+IF(U89="N/A","N/A",(U89-(U89*$E$1))) -> 41847.5 | W89: 75513 | X89: =+IF(W89="N/A","N/A",(W89-(W89*$E$1))) -> 71737.35 | Y89: 62478 | Z89: =+IF(Y89="N/A","N/A",(Y89-(Y89*$E$1))) -> 59354.1 | AA89: 65929 | AB89: =+IF(AA89="N/A","N/A",(AA89-(AA89*$E$1))) -> 62632.55 | AC89: 69149 | AD89: =+IF(AC89="N/A","N/A",(AC89-(AC89*$E$1))) -> 65691.55 | AE89: 59475 | AF89: =+IF(AE89="N/A","N/A",(AE89-(AE89*$E$1))) -> 56501.25 | AG89: 55358 | AH89: =+IF(AG89="N/A","N/A",(AG89-(AG89*$E$1))) -> 52590.1 | AI89: 59475 | AJ89: =+IF(AI89="N/A","N/A",(AI89-(AI89*$E$1))) -> 56501.25 | AK89: 46572 | AL89: =+IF(AK89="N/A","N/A",(AK89-(AK89*$E$1))) -> 44243.4 | AM89: 83067 | AN89: =+IF(AM89="N/A","N/A",(AM89-(AM89*$E$1))) -> 78913.65 | AO89: 49860 | AP89: =+IF(AO89="N/A","N/A",(AO89-(AO89*$E$1))) -> 47367 | AQ89: 53615 | AR89: =+IF(AQ89="N/A","N/A",(AQ89-(AQ89*$E$1))) -> 50934.25 | AS89: 52561 | AT89: =+IF(AS89="N/A","N/A",(AS89-(AS89*$E$1))) -> 49932.95 | AU89: 48177 | AV89: =+IF(AU89="N/A","N/A",(AU89-(AU89*$E$1))) -> 45768.15 | AW89: 214514 | AX89: =+IF(AW89="N/A","N/A",(AW89-(AW89*$E$1))) -> 203788.3 | AY89: 116913 | AZ89: =+IF(AY89="N/A","N/A",(AY89-(AY89*$E$1))) -> 111067.35
A90: 71 | B90: Kit Embrague (Prensa, disco y balinera) | C90: 1 | E90: 1101693 | F90: =+IF(E90="N/A","N/A",(E90-(E90*$E$1))) -> 1046608.3 | G90: 1190077 | H90: =+IF(G90="N/A","N/A",(G90-(G90*$E$1))) -> 1130573.1 | I90: 1161203 | J90: =+IF(I90="N/A","N/A",(I90-(I90*$E$1))) -> 1103142.9 | K90: 1093806 | L90: =+IF(K90="N/A","N/A",(K90-(K90*$E$1))) -> 1039115.7 | M90: 777025 | N90: =+IF(M90="N/A","N/A",(M90-(M90*$E$1))) -> 738173.75 | O90: 546427 | P90: =+IF(O90="N/A","N/A",(O90-(O90*$E$1))) -> 519105.65 | Q90: 1237891 | R90: =+IF(Q90="N/A","N/A",(Q90-(Q90*$E$1))) -> 1175996.4 | S90: 1361130 | T90: =+IF(S90="N/A","N/A",(S90-(S90*$E$1))) -> 1293073.5 | U90: 864745 | V90: =+IF(U90="N/A","N/A",(U90-(U90*$E$1))) -> 821507.75 | W90: 1279730 | X90: =+IF(W90="N/A","N/A",(W90-(W90*$E$1))) -> 1215743.5 | Y90: 1601096 | Z90: =+IF(Y90="N/A","N/A",(Y90-(Y90*$E$1))) -> 1521041.2 | AA90: 1661562 | AB90: =+IF(AA90="N/A","N/A",(AA90-(AA90*$E$1))) -> 1578483.9 | AC90: 1411516 | AD90: =+IF(AC90="N/A","N/A",(AC90-(AC90*$E$1))) -> 1340940.2 | AE90: 1139477 | AF90: =+IF(AE90="N/A","N/A",(AE90-(AE90*$E$1))) -> 1082503.1 | AG90: 1097970 | AH90: =+IF(AG90="N/A","N/A",(AG90-(AG90*$E$1))) -> 1043071.5 | AI90: 1139477 | AJ90: =+IF(AI90="N/A","N/A",(AI90-(AI90*$E$1))) -> 1082503.1 | AK90: 1434434 | AL90: =+IF(AK90="N/A","N/A",(AK90-(AK90*$E$1))) -> 1362712.3 | AM90: 2110390 | AN90: =+IF(AM90="N/A","N/A",(AM90-(AM90*$E$1))) -> 2004870.5 | AO90: 1511730 | AP90: =+IF(AO90="N/A","N/A",(AO90-(AO90*$E$1))) -> 1436143.5 | AQ90: 1183745 | AR90: =+IF(AQ90="N/A","N/A",(AQ90-(AQ90*$E$1))) -> 1124557.8 | AS90: 1575418 | AT90: =+IF(AS90="N/A","N/A",(AS90-(AS90*$E$1))) -> 1496647.1 | AU90: 1939671 | AV90: =+IF(AU90="N/A","N/A",(AU90-(AU90*$E$1))) -> 1842687.4 | AW90: N/A | AX90: =+IF(AW90="N/A","N/A",(AW90-(AW90*$E$1))) -> N/A | AY90: 2946485 | AZ90: =+IF(AY90="N/A","N/A",(AY90-(AY90*$E$1))) -> 2799160.8
A91: 72 | B91: Balinera Piloto | C91: 1 | E91: 25560 | F91: =+IF(E91="N/A","N/A",(E91-(E91*$E$1))) -> 24282 | G91: 25951 | H91: =+IF(G91="N/A","N/A",(G91-(G91*$E$1))) -> 24653.45 | I91: 49445 | J91: =+IF(I91="N/A","N/A",(I91-(I91*$E$1))) -> 46972.75 | K91: 48982 | L91: =+IF(K91="N/A","N/A",(K91-(K91*$E$1))) -> 46532.9 | M91: 53409 | N91: =+IF(M91="N/A","N/A",(M91-(M91*$E$1))) -> 50738.55 | O91: 20994 | P91: =+IF(O91="N/A","N/A",(O91-(O91*$E$1))) -> 19944.3 | Q91: 39203 | R91: =+IF(Q91="N/A","N/A",(Q91-(Q91*$E$1))) -> 37242.85 | S91: 51359 | T91: =+IF(S91="N/A","N/A",(S91-(S91*$E$1))) -> 48791.05 | U91: 30505 | V91: =+IF(U91="N/A","N/A",(U91-(U91*$E$1))) -> 28979.75 | W91: 42136 | X91: =+IF(W91="N/A","N/A",(W91-(W91*$E$1))) -> 40029.2 | Y91: 34508 | Z91: =+IF(Y91="N/A","N/A",(Y91-(Y91*$E$1))) -> 32782.6 | AA91: 36386 | AB91: =+IF(AA91="N/A","N/A",(AA91-(AA91*$E$1))) -> 34566.7 | AC91: 50241 | AD91: =+IF(AC91="N/A","N/A",(AC91-(AC91*$E$1))) -> 47728.95 | AE91: 39821 | AF91: =+IF(AE91="N/A","N/A",(AE91-(AE91*$E$1))) -> 37829.95 | AG91: 36370 | AH91: =+IF(AG91="N/A","N/A",(AG91-(AG91*$E$1))) -> 34551.5 | AI91: 39821 | AJ91: =+IF(AI91="N/A","N/A",(AI91-(AI91*$E$1))) -> 37829.95 | AK91: 32353 | AL91: =+IF(AK91="N/A","N/A",(AK91-(AK91*$E$1))) -> 30735.35 | AM91: 46020 | AN91: =+IF(AM91="N/A","N/A",(AM91-(AM91*$E$1))) -> 43719 | AO91: 35290 | AP91: =+IF(AO91="N/A","N/A",(AO91-(AO91*$E$1))) -> 33525.5 | AQ91: 49035 | AR91: =+IF(AQ91="N/A","N/A",(AQ91-(AQ91*$E$1))) -> 46583.25 | AS91: 37702 | AT91: =+IF(AS91="N/A","N/A",(AS91-(AS91*$E$1))) -> 35816.9 | AU91: 86861 | AV91: =+IF(AU91="N/A","N/A",(AU91-(AU91*$E$1))) -> 82517.95 | AW91: 212545 | AX91: =+IF(AW91="N/A","N/A",(AW91-(AW91*$E$1))) -> 201917.75 | AY91: 64523 | AZ91: =+IF(AY91="N/A","N/A",(AY91-(AY91*$E$1))) -> 61296.85
A92: 73 | B92: Soporte Transmisión y/o Caja. | C92: 1 | E92: 184593 | F92: =+IF(E92="N/A","N/A",(E92-(E92*$E$1))) -> 175363.35 | G92: 167882 | H92: =+IF(G92="N/A","N/A",(G92-(G92*$E$1))) -> 159487.9 | I92: 167959 | J92: =+IF(I92="N/A","N/A",(I92-(I92*$E$1))) -> 159561.05 | K92: 177329 | L92: =+IF(K92="N/A","N/A",(K92-(K92*$E$1))) -> 168462.55 | M92: 161232 | N92: =+IF(M92="N/A","N/A",(M92-(M92*$E$1))) -> 153170.4 | O92: 78928 | P92: =+IF(O92="N/A","N/A",(O92-(O92*$E$1))) -> 74981.6 | Q92: 166341 | R92: =+IF(Q92="N/A","N/A",(Q92-(Q92*$E$1))) -> 158023.95 | S92: 311242 | T92: =+IF(S92="N/A","N/A",(S92-(S92*$E$1))) -> 295679.9 | U92: 178391 | V92: =+IF(U92="N/A","N/A",(U92-(U92*$E$1))) -> 169471.45 | W92: 167826 | X92: =+IF(W92="N/A","N/A",(W92-(W92*$E$1))) -> 159434.7 | Y92: 191560 | Z92: =+IF(Y92="N/A","N/A",(Y92-(Y92*$E$1))) -> 181982 | AA92: 197605 | AB92: =+IF(AA92="N/A","N/A",(AA92-(AA92*$E$1))) -> 187724.75 | AC92: 216384 | AD92: =+IF(AC92="N/A","N/A",(AC92-(AC92*$E$1))) -> 205564.8 | AE92: 166882 | AF92: =+IF(AE92="N/A","N/A",(AE92-(AE92*$E$1))) -> 158537.9 | AG92: 158354 | AH92: =+IF(AG92="N/A","N/A",(AG92-(AG92*$E$1))) -> 150436.3 | AI92: 166882 | AJ92: =+IF(AI92="N/A","N/A",(AI92-(AI92*$E$1))) -> 158537.9 | AK92: 198088 | AL92: =+IF(AK92="N/A","N/A",(AK92-(AK92*$E$1))) -> 188183.6 | AM92: 297709 | AN92: =+IF(AM92="N/A","N/A",(AM92-(AM92*$E$1))) -> 282823.55 | AO92: 209909 | AP92: =+IF(AO92="N/A","N/A",(AO92-(AO92*$E$1))) -> 199413.55 | AQ92: 230718 | AR92: =+IF(AQ92="N/A","N/A",(AQ92-(AQ92*$E$1))) -> 219182.1 | AS92: 219647 | AT92: =+IF(AS92="N/A","N/A",(AS92-(AS92*$E$1))) -> 208664.65 | AU92: 314461 | AV92: =+IF(AU92="N/A","N/A",(AU92-(AU92*$E$1))) -> 298737.95 | AW92: 658985 | AX92: =+IF(AW92="N/A","N/A",(AW92-(AW92*$E$1))) -> 626035.75 | AY92: 350418 | AZ92: =+IF(AY92="N/A","N/A",(AY92-(AY92*$E$1))) -> 332897.1
A93: 74 | B93: Retenedor De Transfer | C93: 1 | E93: 42815 | F93: =+IF(E93="N/A","N/A",(E93-(E93*$E$1))) -> 40674.25 | G93: 34764 | H93: =+IF(G93="N/A","N/A",(G93-(G93*$E$1))) -> 33025.8 | I93: 52936 | J93: =+IF(I93="N/A","N/A",(I93-(I93*$E$1))) -> 50289.2 | K93: N/A | L93: =+IF(K93="N/A","N/A",(K93-(K93*$E$1))) -> N/A | M93: N/A | N93: =+IF(M93="N/A","N/A",(M93-(M93*$E$1))) -> N/A | O93: N/A | P93: =+IF(O93="N/A","N/A",(O93-(O93*$E$1))) -> N/A | Q93: 58713 | R93: =+IF(Q93="N/A","N/A",(Q93-(Q93*$E$1))) -> 55777.35 | S93: 73937 | T93: =+IF(S93="N/A","N/A",(S93-(S93*$E$1))) -> 70240.15 | U93: N/A | V93: =+IF(U93="N/A","N/A",(U93-(U93*$E$1))) -> N/A | W93: 62334 | X93: =+IF(W93="N/A","N/A",(W93-(W93*$E$1))) -> 59217.3 | Y93: 40819 | Z93: =+IF(Y93="N/A","N/A",(Y93-(Y93*$E$1))) -> 38778.05 | AA93: 43153 | AB93: =+IF(AA93="N/A","N/A",(AA93-(AA93*$E$1))) -> 40995.35 | AC93: 51680 | AD93: =+IF(AC93="N/A","N/A",(AC93-(AC93*$E$1))) -> 49096 | AE93: N/A | AF93: =+IF(AE93="N/A","N/A",(AE93-(AE93*$E$1))) -> N/A | AG93: N/A | AH93: =+IF(AG93="N/A","N/A",(AG93-(AG93*$E$1))) -> N/A | AI93: N/A | AJ93: =+IF(AI93="N/A","N/A",(AI93-(AI93*$E$1))) -> N/A | AK93: 57753 | AL93: =+IF(AK93="N/A","N/A",(AK93-(AK93*$E$1))) -> 54865.35 | AM93: 61648 | AN93: =+IF(AM93="N/A","N/A",(AM93-(AM93*$E$1))) -> 58565.6 | AO93: 64864 | AP93: =+IF(AO93="N/A","N/A",(AO93-(AO93*$E$1))) -> 61620.8 | AQ93: 62389 | AR93: =+IF(AQ93="N/A","N/A",(AQ93-(AQ93*$E$1))) -> 59269.55 | AS93: 70189 | AT93: =+IF(AS93="N/A","N/A",(AS93-(AS93*$E$1))) -> 66679.55 | AU93: N/A | AV93: =+IF(AU93="N/A","N/A",(AU93-(AU93*$E$1))) -> N/A | AW93: 215451 | AX93: =+IF(AW93="N/A","N/A",(AW93-(AW93*$E$1))) -> 204678.45 | AY93: 76524 | AZ93: =+IF(AY93="N/A","N/A",(AY93-(AY93*$E$1))) -> 72697.8
A94: 75 | B94: Balinera Volante | C94: 1 | E94: N/A | F94: =+IF(E94="N/A","N/A",(E94-(E94*$E$1))) -> N/A | G94: N/A | H94: =+IF(G94="N/A","N/A",(G94-(G94*$E$1))) -> N/A | I94: 66083 | J94: =+IF(I94="N/A","N/A",(I94-(I94*$E$1))) -> 62778.85 | K94: 51397 | L94: =+IF(K94="N/A","N/A",(K94-(K94*$E$1))) -> 48827.15 | M94: N/A | N94: =+IF(M94="N/A","N/A",(M94-(M94*$E$1))) -> N/A | O94: 26692 | P94: =+IF(O94="N/A","N/A",(O94-(O94*$E$1))) -> 25357.4 | Q94: N/A | R94: =+IF(Q94="N/A","N/A",(Q94-(Q94*$E$1))) -> N/A | S94: 51698 | T94: =+IF(S94="N/A","N/A",(S94-(S94*$E$1))) -> 49113.1 | U94: N/A | V94: =+IF(U94="N/A","N/A",(U94-(U94*$E$1))) -> N/A | W94: N/A | X94: =+IF(W94="N/A","N/A",(W94-(W94*$E$1))) -> N/A | Y94: N/A | Z94: =+IF(Y94="N/A","N/A",(Y94-(Y94*$E$1))) -> N/A | AA94: N/A | AB94: =+IF(AA94="N/A","N/A",(AA94-(AA94*$E$1))) -> N/A | AC94: N/A | AD94: =+IF(AC94="N/A","N/A",(AC94-(AC94*$E$1))) -> N/A | AE94: N/A | AF94: =+IF(AE94="N/A","N/A",(AE94-(AE94*$E$1))) -> N/A | AG94: N/A | AH94: =+IF(AG94="N/A","N/A",(AG94-(AG94*$E$1))) -> N/A | AI94: N/A | AJ94: =+IF(AI94="N/A","N/A",(AI94-(AI94*$E$1))) -> N/A | AK94: N/A | AL94: =+IF(AK94="N/A","N/A",(AK94-(AK94*$E$1))) -> N/A | AM94: N/A | AN94: =+IF(AM94="N/A","N/A",(AM94-(AM94*$E$1))) -> N/A | AO94: N/A | AP94: =+IF(AO94="N/A","N/A",(AO94-(AO94*$E$1))) -> N/A | AQ94: N/A | AR94: =+IF(AQ94="N/A","N/A",(AQ94-(AQ94*$E$1))) -> N/A | AS94: N/A | AT94: =+IF(AS94="N/A","N/A",(AS94-(AS94*$E$1))) -> N/A | AU94: 91144 | AV94: =+IF(AU94="N/A","N/A",(AU94-(AU94*$E$1))) -> 86586.8 | AW94: N/A | AX94: =+IF(AW94="N/A","N/A",(AW94-(AW94*$E$1))) -> N/A | AY94: N/A | AZ94: =+IF(AY94="N/A","N/A",(AY94-(AY94*$E$1))) -> N/A
A95: 76 | B95: Balinera Clutch | C95: 1 | E95: 128172 | F95: =+IF(E95="N/A","N/A",(E95-(E95*$E$1))) -> 121763.4 | G95: 102761 | H95: =+IF(G95="N/A","N/A",(G95-(G95*$E$1))) -> 97622.95 | I95: 131016 | J95: =+IF(I95="N/A","N/A",(I95-(I95*$E$1))) -> 124465.2 | K95: 133720 | L95: =+IF(K95="N/A","N/A",(K95-(K95*$E$1))) -> 127034 | M95: 97257 | N95: =+IF(M95="N/A","N/A",(M95-(M95*$E$1))) -> 92394.15 | O95: 81518 | P95: =+IF(O95="N/A","N/A",(O95-(O95*$E$1))) -> 77442.1 | Q95: 75336 | R95: =+IF(Q95="N/A","N/A",(Q95-(Q95*$E$1))) -> 71569.2 | S95: 116304 | T95: =+IF(S95="N/A","N/A",(S95-(S95*$E$1))) -> 110488.8 | U95: 86035 | V95: =+IF(U95="N/A","N/A",(U95-(U95*$E$1))) -> 81733.25 | W95: 81274 | X95: =+IF(W95="N/A","N/A",(W95-(W95*$E$1))) -> 77210.3 | Y95: 64436 | Z95: =+IF(Y95="N/A","N/A",(Y95-(Y95*$E$1))) -> 61214.2 | AA95: 66160 | AB95: =+IF(AA95="N/A","N/A",(AA95-(AA95*$E$1))) -> 62852 | AC95: 71518 | AD95: =+IF(AC95="N/A","N/A",(AC95-(AC95*$E$1))) -> 67942.1 | AE95: 67869 | AF95: =+IF(AE95="N/A","N/A",(AE95-(AE95*$E$1))) -> 64475.55 | AG95: 65438 | AH95: =+IF(AG95="N/A","N/A",(AG95-(AG95*$E$1))) -> 62166.1 | AI95: 67869 | AJ95: =+IF(AI95="N/A","N/A",(AI95-(AI95*$E$1))) -> 64475.55 | AK95: 99511 | AL95: =+IF(AK95="N/A","N/A",(AK95-(AK95*$E$1))) -> 94535.45 | AM95: 182229 | AN95: =+IF(AM95="N/A","N/A",(AM95-(AM95*$E$1))) -> 173117.55 | AO95: 108743 | AP95: =+IF(AO95="N/A","N/A",(AO95-(AO95*$E$1))) -> 103305.85 | AQ95: 65590 | AR95: =+IF(AQ95="N/A","N/A",(AQ95-(AQ95*$E$1))) -> 62310.5 | AS95: 116349 | AT95: =+IF(AS95="N/A","N/A",(AS95-(AS95*$E$1))) -> 110531.55 | AU95: 237129 | AV95: =+IF(AU95="N/A","N/A",(AU95-(AU95*$E$1))) -> 225272.55 | AW95: N/A | AX95: =+IF(AW95="N/A","N/A",(AW95-(AW95*$E$1))) -> N/A | AY95: 117323 | AZ95: =+IF(AY95="N/A","N/A",(AY95-(AY95*$E$1))) -> 111456.85
A96: 77 | B96: Bomba Auxiliar Clucth | C96: 1 | E96: 179768 | F96: =+IF(E96="N/A","N/A",(E96-(E96*$E$1))) -> 170779.6 | G96: 184019 | H96: =+IF(G96="N/A","N/A",(G96-(G96*$E$1))) -> 174818.05 | I96: 214400 | J96: =+IF(I96="N/A","N/A",(I96-(I96*$E$1))) -> 203680 | K96: 241112 | L96: =+IF(K96="N/A","N/A",(K96-(K96*$E$1))) -> 229056.4 | M96: 185256 | N96: =+IF(M96="N/A","N/A",(M96-(M96*$E$1))) -> 175993.2 | O96: N/A | P96: =+IF(O96="N/A","N/A",(O96-(O96*$E$1))) -> N/A | Q96: 182597 | R96: =+IF(Q96="N/A","N/A",(Q96-(Q96*$E$1))) -> 173467.15 | S96: 200687 | T96: =+IF(S96="N/A","N/A",(S96-(S96*$E$1))) -> 190652.65 | U96: N/A | V96: =+IF(U96="N/A","N/A",(U96-(U96*$E$1))) -> N/A | W96: 185453 | X96: =+IF(W96="N/A","N/A",(W96-(W96*$E$1))) -> 176180.35 | Y96: 174603 | Z96: =+IF(Y96="N/A","N/A",(Y96-(Y96*$E$1))) -> 165872.85 | AA96: 179107 | AB96: =+IF(AA96="N/A","N/A",(AA96-(AA96*$E$1))) -> 170151.65 | AC96: 197375 | AD96: =+IF(AC96="N/A","N/A",(AC96-(AC96*$E$1))) -> 187506.25 | AE96: 187435 | AF96: =+IF(AE96="N/A","N/A",(AE96-(AE96*$E$1))) -> 178063.25 | AG96: 180807 | AH96: =+IF(AG96="N/A","N/A",(AG96-(AG96*$E$1))) -> 171766.65 | AI96: 187435 | AJ96: =+IF(AI96="N/A","N/A",(AI96-(AI96*$E$1))) -> 178063.25 | AK96: 220097 | AL96: =+IF(AK96="N/A","N/A",(AK96-(AK96*$E$1))) -> 209092.15 | AM96: 326326 | AN96: =+IF(AM96="N/A","N/A",(AM96-(AM96*$E$1))) -> 310009.7 | AO96: 235802 | AP96: =+IF(AO96="N/A","N/A",(AO96-(AO96*$E$1))) -> 224011.9 | AQ96: 201888 | AR96: =+IF(AQ96="N/A","N/A",(AQ96-(AQ96*$E$1))) -> 191793.6 | AS96: 248740 | AT96: =+IF(AS96="N/A","N/A",(AS96-(AS96*$E$1))) -> 236303 | AU96: 427569 | AV96: =+IF(AU96="N/A","N/A",(AU96-(AU96*$E$1))) -> 406190.55 | AW96: N/A | AX96: =+IF(AW96="N/A","N/A",(AW96-(AW96*$E$1))) -> N/A | AY96: 317614 | AZ96: =+IF(AY96="N/A","N/A",(AY96-(AY96*$E$1))) -> 301733.3
A97: 78 | B97: Bomba Principal Clucth | C97: 1 | E97: 373735 | F97: =+IF(E97="N/A","N/A",(E97-(E97*$E$1))) -> 355048.25 | G97: 261914 | H97: =+IF(G97="N/A","N/A",(G97-(G97*$E$1))) -> 248818.3 | I97: 259636 | J97: =+IF(I97="N/A","N/A",(I97-(I97*$E$1))) -> 246654.2 | K97: 268293 | L97: =+IF(K97="N/A","N/A",(K97-(K97*$E$1))) -> 254878.35 | M97: 186225 | N97: =+IF(M97="N/A","N/A",(M97-(M97*$E$1))) -> 176913.75 | O97: 96581 | P97: =+IF(O97="N/A","N/A",(O97-(O97*$E$1))) -> 91751.95 | Q97: 249799 | R97: =+IF(Q97="N/A","N/A",(Q97-(Q97*$E$1))) -> 237309.05 | S97: 343626 | T97: =+IF(S97="N/A","N/A",(S97-(S97*$E$1))) -> 326444.7 | U97: N/A | V97: =+IF(U97="N/A","N/A",(U97-(U97*$E$1))) -> N/A | W97: 256503 | X97: =+IF(W97="N/A","N/A",(W97-(W97*$E$1))) -> 243677.85 | Y97: 248200 | Z97: =+IF(Y97="N/A","N/A",(Y97-(Y97*$E$1))) -> 235790 | AA97: 257286 | AB97: =+IF(AA97="N/A","N/A",(AA97-(AA97*$E$1))) -> 244421.7 | AC97: 239945 | AD97: =+IF(AC97="N/A","N/A",(AC97-(AC97*$E$1))) -> 227947.75 | AE97: 227552 | AF97: =+IF(AE97="N/A","N/A",(AE97-(AE97*$E$1))) -> 216174.4 | AG97: 219291 | AH97: =+IF(AG97="N/A","N/A",(AG97-(AG97*$E$1))) -> 208326.45 | AI97: 227552 | AJ97: =+IF(AI97="N/A","N/A",(AI97-(AI97*$E$1))) -> 216174.4 | AK97: 258804 | AL97: =+IF(AK97="N/A","N/A",(AK97-(AK97*$E$1))) -> 245863.8 | AM97: 464458 | AN97: =+IF(AM97="N/A","N/A",(AM97-(AM97*$E$1))) -> 441235.1 | AO97: 276712 | AP97: =+IF(AO97="N/A","N/A",(AO97-(AO97*$E$1))) -> 262876.4 | AQ97: 253021 | AR97: =+IF(AQ97="N/A","N/A",(AQ97-(AQ97*$E$1))) -> 240369.95 | AS97: 291466 | AT97: =+IF(AS97="N/A","N/A",(AS97-(AS97*$E$1))) -> 276892.7 | AU97: 475770 | AV97: =+IF(AU97="N/A","N/A",(AU97-(AU97*$E$1))) -> 451981.5 | AW97: N/A | AX97: =+IF(AW97="N/A","N/A",(AW97-(AW97*$E$1))) -> N/A | AY97: 456252 | AZ97: =+IF(AY97="N/A","N/A",(AY97-(AY97*$E$1))) -> 433439.4
B98: SISTEMA ELÉCTRICO | F98: =+IF(E98="N/A","N/A",(E98-(E98*$E$1))) -> 0 | H98: =+IF(G98="N/A","N/A",(G98-(G98*$E$1))) -> 0 | J98: =+IF(I98="N/A","N/A",(I98-(I98*$E$1))) -> 0 | L98: =+IF(K98="N/A","N/A",(K98-(K98*$E$1))) -> 0 | N98: =+IF(M98="N/A","N/A",(M98-(M98*$E$1))) -> 0 | P98: =+IF(O98="N/A","N/A",(O98-(O98*$E$1))) -> 0 | R98: =+IF(Q98="N/A","N/A",(Q98-(Q98*$E$1))) -> 0 | T98: =+IF(S98="N/A","N/A",(S98-(S98*$E$1))) -> 0 | V98: =+IF(U98="N/A","N/A",(U98-(U98*$E$1))) -> 0 | X98: =+IF(W98="N/A","N/A",(W98-(W98*$E$1))) -> 0 | Z98: =+IF(Y98="N/A","N/A",(Y98-(Y98*$E$1))) -> 0 | AB98: =+IF(AA98="N/A","N/A",(AA98-(AA98*$E$1))) -> 0 | AD98: =+IF(AC98="N/A","N/A",(AC98-(AC98*$E$1))) -> 0 | AF98: =+IF(AE98="N/A","N/A",(AE98-(AE98*$E$1))) -> 0 | AH98: =+IF(AG98="N/A","N/A",(AG98-(AG98*$E$1))) -> 0 | AJ98: =+IF(AI98="N/A","N/A",(AI98-(AI98*$E$1))) -> 0 | AL98: =+IF(AK98="N/A","N/A",(AK98-(AK98*$E$1))) -> 0 | AN98: =+IF(AM98="N/A","N/A",(AM98-(AM98*$E$1))) -> 0 | AP98: =+IF(AO98="N/A","N/A",(AO98-(AO98*$E$1))) -> 0 | AR98: =+IF(AQ98="N/A","N/A",(AQ98-(AQ98*$E$1))) -> 0 | AT98: =+IF(AS98="N/A","N/A",(AS98-(AS98*$E$1))) -> 0 | AV98: =+IF(AU98="N/A","N/A",(AU98-(AU98*$E$1))) -> 0 | AX98: =+IF(AW98="N/A","N/A",(AW98-(AW98*$E$1))) -> 0 | AZ98: =+IF(AY98="N/A","N/A",(AY98-(AY98*$E$1))) -> 0
A99: 79 | B99: Pito | C99: 1 | E99: 142244 | F99: =+IF(E99="N/A","N/A",(E99-(E99*$E$1))) -> 135131.8 | G99: 129015 | H99: =+IF(G99="N/A","N/A",(G99-(G99*$E$1))) -> 122564.25 | I99: 127899 | J99: =+IF(I99="N/A","N/A",(I99-(I99*$E$1))) -> 121504.05 | K99: 134655 | L99: =+IF(K99="N/A","N/A",(K99-(K99*$E$1))) -> 127922.25 | M99: 124215 | N99: =+IF(M99="N/A","N/A",(M99-(M99*$E$1))) -> 118004.25 | O99: 122612 | P99: =+IF(O99="N/A","N/A",(O99-(O99*$E$1))) -> 116481.4 | Q99: 122915 | R99: =+IF(Q99="N/A","N/A",(Q99-(Q99*$E$1))) -> 116769.25 | S99: 127702 | T99: =+IF(S99="N/A","N/A",(S99-(S99*$E$1))) -> 121316.9 | U99: 125328 | V99: =+IF(U99="N/A","N/A",(U99-(U99*$E$1))) -> 119061.6 | W99: 122727 | X99: =+IF(W99="N/A","N/A",(W99-(W99*$E$1))) -> 116590.65 | Y99: 134326 | Z99: =+IF(Y99="N/A","N/A",(Y99-(Y99*$E$1))) -> 127609.7 | AA99: 135844 | AB99: =+IF(AA99="N/A","N/A",(AA99-(AA99*$E$1))) -> 129051.8 | AC99: 137100 | AD99: =+IF(AC99="N/A","N/A",(AC99-(AC99*$E$1))) -> 130245 | AE99: 131970 | AF99: =+IF(AE99="N/A","N/A",(AE99-(AE99*$E$1))) -> 125371.5 | AG99: 131324 | AH99: =+IF(AG99="N/A","N/A",(AG99-(AG99*$E$1))) -> 124757.8 | AI99: 131970 | AJ99: =+IF(AI99="N/A","N/A",(AI99-(AI99*$E$1))) -> 125371.5 | AK99: 124657 | AL99: =+IF(AK99="N/A","N/A",(AK99-(AK99*$E$1))) -> 118424.15 | AM99: 228785 | AN99: =+IF(AM99="N/A","N/A",(AM99-(AM99*$E$1))) -> 217345.75 | AO99: 125630 | AP99: =+IF(AO99="N/A","N/A",(AO99-(AO99*$E$1))) -> 119348.5 | AQ99: 131702 | AR99: =+IF(AQ99="N/A","N/A",(AQ99-(AQ99*$E$1))) -> 125116.9 | AS99: 126430 | AT99: =+IF(AS99="N/A","N/A",(AS99-(AS99*$E$1))) -> 120108.5 | AU99: 238787 | AV99: =+IF(AU99="N/A","N/A",(AU99-(AU99*$E$1))) -> 226847.65 | AW99: 226806 | AX99: =+IF(AW99="N/A","N/A",(AW99-(AW99*$E$1))) -> 215465.7 | AY99: 226806 | AZ99: =+IF(AY99="N/A","N/A",(AY99-(AY99*$E$1))) -> 215465.7
A100: 80 | B100: Swiche Encendido | C100: 1 | E100: 261715 | F100: =+IF(E100="N/A","N/A",(E100-(E100*$E$1))) -> 248629.25 | G100: 244824 | H100: =+IF(G100="N/A","N/A",(G100-(G100*$E$1))) -> 232582.8 | I100: 277737 | J100: =+IF(I100="N/A","N/A",(I100-(I100*$E$1))) -> 263850.15 | K100: 689858 | L100: =+IF(K100="N/A","N/A",(K100-(K100*$E$1))) -> 655365.1 | M100: 275673 | N100: =+IF(M100="N/A","N/A",(M100-(M100*$E$1))) -> 261889.35 | O100: 261678 | P100: =+IF(O100="N/A","N/A",(O100-(O100*$E$1))) -> 248594.1 | Q100: 278126 | R100: =+IF(Q100="N/A","N/A",(Q100-(Q100*$E$1))) -> 264219.7 | S100: 332706 | T100: =+IF(S100="N/A","N/A",(S100-(S100*$E$1))) -> 316070.7 | U100: 289591 | V100: =+IF(U100="N/A","N/A",(U100-(U100*$E$1))) -> 275111.45 | W100: 279690 | X100: =+IF(W100="N/A","N/A",(W100-(W100*$E$1))) -> 265705.5 | Y100: 287006 | Z100: =+IF(Y100="N/A","N/A",(Y100-(Y100*$E$1))) -> 272655.7 | AA100: 288881 | AB100: =+IF(AA100="N/A","N/A",(AA100-(AA100*$E$1))) -> 274436.95 | AC100: 292360 | AD100: =+IF(AC100="N/A","N/A",(AC100-(AC100*$E$1))) -> 277742 | AE100: 287555 | AF100: =+IF(AE100="N/A","N/A",(AE100-(AE100*$E$1))) -> 273177.25 | AG100: 285144 | AH100: =+IF(AG100="N/A","N/A",(AG100-(AG100*$E$1))) -> 270886.8 | AI100: 287555 | AJ100: =+IF(AI100="N/A","N/A",(AI100-(AI100*$E$1))) -> 273177.25 | AK100: 271104 | AL100: =+IF(AK100="N/A","N/A",(AK100-(AK100*$E$1))) -> 257548.8 | AM100: 434152 | AN100: =+IF(AM100="N/A","N/A",(AM100-(AM100*$E$1))) -> 412444.4 | AO100: 274195 | AP100: =+IF(AO100="N/A","N/A",(AO100-(AO100*$E$1))) -> 260485.25 | AQ100: 275971 | AR100: =+IF(AQ100="N/A","N/A",(AQ100-(AQ100*$E$1))) -> 262172.45 | AS100: 275969 | AT100: =+IF(AS100="N/A","N/A",(AS100-(AS100*$E$1))) -> 262170.55 | AU100: 1223341 | AV100: =+IF(AU100="N/A","N/A",(AU100-(AU100*$E$1))) -> 1162173.9 | AW100: 492518 | AX100: =+IF(AW100="N/A","N/A",(AW100-(AW100*$E$1))) -> 467892.1 | AY100: 492518 | AZ100: =+IF(AY100="N/A","N/A",(AY100-(AY100*$E$1))) -> 467892.1
A101: 81 | B101: Farola | C101: 1 | E101: 596770 | F101: =+IF(E101="N/A","N/A",(E101-(E101*$E$1))) -> 566931.5 | G101: 795315 | H101: =+IF(G101="N/A","N/A",(G101-(G101*$E$1))) -> 755549.25 | I101: 583047 | J101: =+IF(I101="N/A","N/A",(I101-(I101*$E$1))) -> 553894.65 | K101: 470503 | L101: =+IF(K101="N/A","N/A",(K101-(K101*$E$1))) -> 446977.85 | M101: 577867 | N101: =+IF(M101="N/A","N/A",(M101-(M101*$E$1))) -> 548973.65 | O101: 560144 | P101: =+IF(O101="N/A","N/A",(O101-(O101*$E$1))) -> 532136.8 | Q101: 571914 | R101: =+IF(Q101="N/A","N/A",(Q101-(Q101*$E$1))) -> 543318.3 | S101: 611355 | T101: =+IF(S101="N/A","N/A",(S101-(S101*$E$1))) -> 580787.25 | U101: 564267 | V101: =+IF(U101="N/A","N/A",(U101-(U101*$E$1))) -> 536053.65 | W101: 573380 | X101: =+IF(W101="N/A","N/A",(W101-(W101*$E$1))) -> 544711 | Y101: 593381 | Z101: =+IF(Y101="N/A","N/A",(Y101-(Y101*$E$1))) -> 563711.95 | AA101: 595970 | AB101: =+IF(AA101="N/A","N/A",(AA101-(AA101*$E$1))) -> 566171.5 | AC101: 596643 | AD101: =+IF(AC101="N/A","N/A",(AC101-(AC101*$E$1))) -> 566810.85 | AE101: 583354 | AF101: =+IF(AE101="N/A","N/A",(AE101-(AE101*$E$1))) -> 554186.3 | AG101: 580439 | AH101: =+IF(AG101="N/A","N/A",(AG101-(AG101*$E$1))) -> 551417.05 | AI101: 583354 | AJ101: =+IF(AI101="N/A","N/A",(AI101-(AI101*$E$1))) -> 554186.3 | AK101: 592531 | AL101: =+IF(AK101="N/A","N/A",(AK101-(AK101*$E$1))) -> 562904.45 | AM101: 1410350 | AN101: =+IF(AM101="N/A","N/A",(AM101-(AM101*$E$1))) -> 1339832.5 | AO101: 596950 | AP101: =+IF(AO101="N/A","N/A",(AO101-(AO101*$E$1))) -> 567102.5 | AQ101: 592952 | AR101: =+IF(AQ101="N/A","N/A",(AQ101-(AQ101*$E$1))) -> 563304.4 | AS101: 600591 | AT101: =+IF(AS101="N/A","N/A",(AS101-(AS101*$E$1))) -> 570561.45 | AU101: 834354 | AV101: =+IF(AU101="N/A","N/A",(AU101-(AU101*$E$1))) -> 792636.3 | AW101: 16895845 | AX101: =+IF(AW101="N/A","N/A",(AW101-(AW101*$E$1))) -> 16051053 | AY101: 1033930 | AZ101: =+IF(AY101="N/A","N/A",(AY101-(AY101*$E$1))) -> 982233.5
A102: 82 | B102: Inducido | C102: 1 | E102: 356527 | F102: =+IF(E102="N/A","N/A",(E102-(E102*$E$1))) -> 338700.65 | G102: 287832 | H102: =+IF(G102="N/A","N/A",(G102-(G102*$E$1))) -> 273440.4 | I102: 419151 | J102: =+IF(I102="N/A","N/A",(I102-(I102*$E$1))) -> 398193.45 | K102: 250887 | L102: =+IF(K102="N/A","N/A",(K102-(K102*$E$1))) -> 238342.65 | M102: 394882 | N102: =+IF(M102="N/A","N/A",(M102-(M102*$E$1))) -> 375137.9 | O102: 386364 | P102: =+IF(O102="N/A","N/A",(O102-(O102*$E$1))) -> 367045.8 | Q102: 398194 | R102: =+IF(Q102="N/A","N/A",(Q102-(Q102*$E$1))) -> 378284.3 | S102: 409160 | T102: =+IF(S102="N/A","N/A",(S102-(S102*$E$1))) -> 388702 | U102: 420464 | V102: =+IF(U102="N/A","N/A",(U102-(U102*$E$1))) -> 399440.8 | W102: 396931 | X102: =+IF(W102="N/A","N/A",(W102-(W102*$E$1))) -> 377084.45 | Y102: 402523 | Z102: =+IF(Y102="N/A","N/A",(Y102-(Y102*$E$1))) -> 382396.85 | AA102: 403315 | AB102: =+IF(AA102="N/A","N/A",(AA102-(AA102*$E$1))) -> 383149.25 | AC102: 404705 | AD102: =+IF(AC102="N/A","N/A",(AC102-(AC102*$E$1))) -> 384469.75 | AE102: 397873 | AF102: =+IF(AE102="N/A","N/A",(AE102-(AE102*$E$1))) -> 377979.35 | AG102: 396885 | AH102: =+IF(AG102="N/A","N/A",(AG102-(AG102*$E$1))) -> 377040.75 | AI102: 397873 | AJ102: =+IF(AI102="N/A","N/A",(AI102-(AI102*$E$1))) -> 377979.35 | AK102: 405758 | AL102: =+IF(AK102="N/A","N/A",(AK102-(AK102*$E$1))) -> 385470.1 | AM102: 510418 | AN102: =+IF(AM102="N/A","N/A",(AM102-(AM102*$E$1))) -> 484897.1 | AO102: 407687 | AP102: =+IF(AO102="N/A","N/A",(AO102-(AO102*$E$1))) -> 387302.65 | AQ102: 428225 | AR102: =+IF(AQ102="N/A","N/A",(AQ102-(AQ102*$E$1))) -> 406813.75 | AS102: 409276 | AT102: =+IF(AS102="N/A","N/A",(AS102-(AS102*$E$1))) -> 388812.2 | AU102: 444904 | AV102: =+IF(AU102="N/A","N/A",(AU102-(AU102*$E$1))) -> 422658.8 | AW102: 743289 | AX102: =+IF(AW102="N/A","N/A",(AW102-(AW102*$E$1))) -> 706124.55 | AY102: 743289 | AZ102: =+IF(AY102="N/A","N/A",(AY102-(AY102*$E$1))) -> 706124.55
A103: 83 | B103: Bendix | C103: 1 | E103: 224581 | F103: =+IF(E103="N/A","N/A",(E103-(E103*$E$1))) -> 213351.95 | G103: 170373 | H103: =+IF(G103="N/A","N/A",(G103-(G103*$E$1))) -> 161854.35 | I103: 177558 | J103: =+IF(I103="N/A","N/A",(I103-(I103*$E$1))) -> 168680.1 | K103: 282265 | L103: =+IF(K103="N/A","N/A",(K103-(K103*$E$1))) -> 268151.75 | M103: 170630 | N103: =+IF(M103="N/A","N/A",(M103-(M103*$E$1))) -> 162098.5 | O103: 170329 | P103: =+IF(O103="N/A","N/A",(O103-(O103*$E$1))) -> 161812.55 | Q103: 173384 | R103: =+IF(Q103="N/A","N/A",(Q103-(Q103*$E$1))) -> 164714.8 | S103: 178574 | T103: =+IF(S103="N/A","N/A",(S103-(S103*$E$1))) -> 169645.3 | U103: 171423 | V103: =+IF(U103="N/A","N/A",(U103-(U103*$E$1))) -> 162851.85 | W103: 172932 | X103: =+IF(W103="N/A","N/A",(W103-(W103*$E$1))) -> 164285.4 | Y103: 215841 | Z103: =+IF(Y103="N/A","N/A",(Y103-(Y103*$E$1))) -> 205048.95 | AA103: 220730 | AB103: =+IF(AA103="N/A","N/A",(AA103-(AA103*$E$1))) -> 209693.5 | AC103: 180534 | AD103: =+IF(AC103="N/A","N/A",(AC103-(AC103*$E$1))) -> 171507.3 | AE103: 176118 | AF103: =+IF(AE103="N/A","N/A",(AE103-(AE103*$E$1))) -> 167312.1 | AG103: 174759 | AH103: =+IF(AG103="N/A","N/A",(AG103-(AG103*$E$1))) -> 166021.05 | AI103: 176118 | AJ103: =+IF(AI103="N/A","N/A",(AI103-(AI103*$E$1))) -> 167312.1 | AK103: 170561 | AL103: =+IF(AK103="N/A","N/A",(AK103-(AK103*$E$1))) -> 162032.95 | AM103: 302126 | AN103: =+IF(AM103="N/A","N/A",(AM103-(AM103*$E$1))) -> 287019.7 | AO103: 171199 | AP103: =+IF(AO103="N/A","N/A",(AO103-(AO103*$E$1))) -> 162639.05 | AQ103: 176104 | AR103: =+IF(AQ103="N/A","N/A",(AQ103-(AQ103*$E$1))) -> 167298.8 | AS103: 171725 | AT103: =+IF(AS103="N/A","N/A",(AS103-(AS103*$E$1))) -> 163138.75 | AU103: 500546 | AV103: =+IF(AU103="N/A","N/A",(AU103-(AU103*$E$1))) -> 475518.7 | AW103: 314868 | AX103: =+IF(AW103="N/A","N/A",(AW103-(AW103*$E$1))) -> 299124.6 | AY103: 314868 | AZ103: =+IF(AY103="N/A","N/A",(AY103-(AY103*$E$1))) -> 299124.6
...

Sheet MANO DE OBRA MOTOS
E1: 0.05
A3: NECESIDAD CONTRATACION MOTOS MANO DE OBRA | C3: CANTIDAD | E3: MANO DE OBRA | F3: VALOR CON DESCUENTO | G3: MANO DE OBRA | H3: VALOR CON DESCUENTO
A5: NOMBRE DEL ACTIVO
A6: CILINDRAJE | E6: 0- 150 CC | G6: 151 - 250 CC
A8: DESCRIPCIÒN | E8: COSTO MANO DE OBRA | G8: COSTO MANO DE OBRA
E9: VALOR UNITARIO INCLUIDO IVA | G9: VALOR UNITARIO INCLUIDO IVA
B11: SINCRONIZACIÓN
A12: 1 | B12: Sincronización (entiéndase por : calibración de válvulas, limpieza cuerpo de aceleración ya sea un motor inyectado o carburado, lavado de inyectores por ultrasonido, cambio de filtros, cambio o mantenimiento de bujías, calibración de sensores y revisión eléctrica. | C12: 1 | E12: 93920 | F12: =+IF(E12="N/A","N/A",(E12-(E12*$E$1))) -> 89224 | G12: 128949 | H12: =+IF(G12="N/A","N/A",(G12-(G12*$E$1))) -> 122501.55
A13: 2 | B13: CALIBRACIÓN VÁLVULAS | C13: 1 | E13: 57967 | F13: =+IF(E13="N/A","N/A",(E13-(E13*$E$1))) -> 55068.65 | G13: 62642 | H13: =+IF(G13="N/A","N/A",(G13-(G13*$E$1))) -> 59509.9
A14: 3 | B14: LIMPIEZA TANQUE COMBUSTIBLE ( INCLUYE DESMONTAR Y MONTAR) | C14: 1 | E14: 55512 | F14: =+IF(E14="N/A","N/A",(E14-(E14*$E$1))) -> 52736.4 | G14: 58871 | H14: =+IF(G14="N/A","N/A",(G14-(G14*$E$1))) -> 55927.45
A15: 4 | B15: CAMBIO GUAYA ACELERADOR | C15: 1 | E15: 31885 | F15: =+IF(E15="N/A","N/A",(E15-(E15*$E$1))) -> 30290.75 | G15: 37629 | H15: =+IF(G15="N/A","N/A",(G15-(G15*$E$1))) -> 35747.55
A16: 5 | B16: CAMBIO GUAYA CHOKE | C16: 1 | E16: 31195 | F16: =+IF(E16="N/A","N/A",(E16-(E16*$E$1))) -> 29635.25 | G16: N/A | H16: =+IF(G16="N/A","N/A",(G16-(G16*$E$1))) -> N/A
A17: 6 | B17: LUBRICAR GUAYAS | C17: 1 | E17: 14101 | F17: =+IF(E17="N/A","N/A",(E17-(E17*$E$1))) -> 13395.95 | G17: 15716 | H17: =+IF(G17="N/A","N/A",(G17-(G17*$E$1))) -> 14930.2
A18: 7 | B18: COMPROBACIÓN NIVELES | C18: 1 | E18: 15945 | F18: =+IF(E18="N/A","N/A",(E18-(E18*$E$1))) -> 15147.75 | G18: 19162 | H18: =+IF(G18="N/A","N/A",(G18-(G18*$E$1))) -> 18203.9
A19: 8 | B19: CAMBIO CAPUCHÓN BUJÍA | C19: 1 | E19: 11903 | F19: =+IF(E19="N/A","N/A",(E19-(E19*$E$1))) -> 11307.85 | G19: 13436 | H19: =+IF(G19="N/A","N/A",(G19-(G19*$E$1))) -> 12764.2
A20: 9 | B20: CAMBIO BOMBA COMBUSTIBLE ( INCLUYE DESMONTAR Y MONTAR) | C20: 1 | E20: N/A | F20: =+IF(E20="N/A","N/A",(E20-(E20*$E$1))) -> N/A | G20: 57686 | H20: =+IF(G20="N/A","N/A",(G20-(G20*$E$1))) -> 54801.7
A21: 10 | B21: LIMPIEZA INYECTORES | C21: 1 | E21: N/A | F21: =+IF(E21="N/A","N/A",(E21-(E21*$E$1))) -> N/A | G21: 59626 | H21: =+IF(G21="N/A","N/A",(G21-(G21*$E$1))) -> 56644.7
B22: MOTOR | F22: =+IF(E22="N/A","N/A",(E22-(E22*$E$1))) -> 0 | H22: =+IF(G22="N/A","N/A",(G22-(G22*$E$1))) -> 0
A23: 11 | B23: REPARACIÓN MOTOR (INCLUYE DESARME, ARMADO Y SERVICIO DE RECTIFICADORA) | C23: 1 | E23: 398981 | F23: =+IF(E23="N/A","N/A",(E23-(E23*$E$1))) -> 379031.95 | G23: 503837 | H23: =+IF(G23="N/A","N/A",(G23-(G23*$E$1))) -> 478645.15
A24: 12 | B24: EMPACAR MOTOR | C24: 1 | E24: 122927 | F24: =+IF(E24="N/A","N/A",(E24-(E24*$E$1))) -> 116780.65 | G24: 141309 | H24: =+IF(G24="N/A","N/A",(G24-(G24*$E$1))) -> 134243.55
A25: 13 | B25: CAMBIO CANASTILLA BALANCINES | C25: 1 | E25: 55301 | F25: =+IF(E25="N/A","N/A",(E25-(E25*$E$1))) -> 52535.95 | G25: 95410 | H25: =+IF(G25="N/A","N/A",(G25-(G25*$E$1))) -> 90639.5
A26: 14 | B26: CAMBIO BOMBA ACEITE MOTOR | C26: 1 | E26: 63687 | F26: =+IF(E26="N/A","N/A",(E26-(E26*$E$1))) -> 60502.65 | G26: 71988 | H26: =+IF(G26="N/A","N/A",(G26-(G26*$E$1))) -> 68388.6
A27: 15 | B27: CAMBIO ACEITE MOTOR | C27: 1 | E27: 31797 | F27: =+IF(E27="N/A","N/A",(E27-(E27*$E$1))) -> 30207.15 | G27: 23879 | H27: =+IF(G27="N/A","N/A",(G27-(G27*$E$1))) -> 22685.05
A28: 16 | B28: CAMBIO FILTRO ACEITE | C28: 1 | E28: 18128 | F28: =+IF(E28="N/A","N/A",(E28-(E28*$E$1))) -> 17221.6 | G28: 10255 | H28: =+IF(G28="N/A","N/A",(G28-(G28*$E$1))) -> 9742.25
A29: 17 | B29: ARREGLO ROSCAS CILINDRO | C29: 1 | E29: 57186 | F29: =+IF(E29="N/A","N/A",(E29-(E29*$E$1))) -> 54326.7 | G29: 60348 | H29: =+IF(G29="N/A","N/A",(G29-(G29*$E$1))) -> 57330.6
A30: 18 | B30: CAMBIO TAPA FILTRO | C30: 1 | E30: 17314 | F30: =+IF(E30="N/A","N/A",(E30-(E30*$E$1))) -> 16448.3 | G30: 17399 | H30: =+IF(G30="N/A","N/A",(G30-(G30*$E$1))) -> 16529.05
A31: 19 | B31: CAMBIO RODAMIENTO VOLANTE | C31: 1 | E31: N/A | F31: =+IF(E31="N/A","N/A",(E31-(E31*$E$1))) -> N/A | G31: 56986 | H31: =+IF(G31="N/A","N/A",(G31-(G31*$E$1))) -> 54136.7
A32: 20 | B32: CAMBIO BALANCINES | C32: 1 | E32: 50839 | F32: =+IF(E32="N/A","N/A",(E32-(E32*$E$1))) -> 48297.05 | G32: 83672 | H32: =+IF(G32="N/A","N/A",(G32-(G32*$E$1))) -> 79488.4
A33: 21 | B33: CAMBIO RODAMIENTOS CIGÜEÑAL | C33: 1 | E33: 94306 | F33: =+IF(E33="N/A","N/A",(E33-(E33*$E$1))) -> 89590.7 | G33: 109547 | H33: =+IF(G33="N/A","N/A",(G33-(G33*$E$1))) -> 104069.65
A34: 22 | B34: CAMBIO CAUCHOS O SELLOS DE VÁLVULAS | C34: 1 | E34: 69173 | F34: =+IF(E34="N/A","N/A",(E34-(E34*$E$1))) -> 65714.35 | G34: 112575 | H34: =+IF(G34="N/A","N/A",(G34-(G34*$E$1))) -> 106946.25
A35: 23 | B35: CAMBIO RETENEDOR NIVEL ACEITE | C35: 1 | E35: N/A | F35: =+IF(E35="N/A","N/A",(E35-(E35*$E$1))) -> N/A | G35: 65493 | H35: =+IF(G35="N/A","N/A",(G35-(G35*$E$1))) -> 62218.35
A36: 24 | B36: CAMBIO VÁLVULA DESCOMPRESIONADORA | C36: 1 | E36: N/A | F36: =+IF(E36="N/A","N/A",(E36-(E36*$E$1))) -> N/A | G36: 74250 | H36: =+IF(G36="N/A","N/A",(G36-(G36*$E$1))) -> 70537.5
B37: RECTIFICADORA | F37: =+IF(E37="N/A","N/A",(E37-(E37*$E$1))) -> 0 | H37: =+IF(G37="N/A","N/A",(G37-(G37*$E$1))) -> 0
A38: 25 | B38: ENCAMISAR CILINDRO | C38: 1 | E38: 99103 | F38: =+IF(E38="N/A","N/A",(E38-(E38*$E$1))) -> 94147.85 | G38: 120970 | H38: =+IF(G38="N/A","N/A",(G38-(G38*$E$1))) -> 114921.5
A39: 26 | B39: RECTIFICAR CILINDRO | C39: 1 | E39: 68864 | F39: =+IF(E39="N/A","N/A",(E39-(E39*$E$1))) -> 65420.8 | G39: 81414 | H39: =+IF(G39="N/A","N/A",(G39-(G39*$E$1))) -> 77343.3
A40: 27 | B40: CAMBIAR BUJES EJE DE LEVAS | C40: 1 | E40: 47910 | F40: =+IF(E40="N/A","N/A",(E40-(E40*$E$1))) -> 45514.5 | G40: 73912 | H40: =+IF(G40="N/A","N/A",(G40-(G40*$E$1))) -> 70216.4
A41: 28 | B41: CAMBIAR GUIAS VÁLVULAS | C41: 1 | E41: 54187 | F41: =+IF(E41="N/A","N/A",(E41-(E41*$E$1))) -> 51477.65 | G41: 56603 | H41: =+IF(G41="N/A","N/A",(G41-(G41*$E$1))) -> 53772.85
A42: 29 | B42: ANILLAR BASES VÁLVULAS | C42: 1 | E42: 84850 | F42: =+IF(E42="N/A","N/A",(E42-(E42*$E$1))) -> 80607.5 | G42: 59998 | H42: =+IF(G42="N/A","N/A",(G42-(G42*$E$1))) -> 56998.1
A43: 30 | B43: RIMAR GUIAS VÁLVULAS | C43: 1 | E43: 44359 | F43: =+IF(E43="N/A","N/A",(E43-(E43*$E$1))) -> 42141.05 | G43: 55854 | H43: =+IF(G43="N/A","N/A",(G43-(G43*$E$1))) -> 53061.3
A44: 31 | B44: RECTIFICAR BASES VÁLVULAS | C44: 1 | E44: 48717 | F44: =+IF(E44="N/A","N/A",(E44-(E44*$E$1))) -> 46281.15 | G44: 60533 | H44: =+IF(G44="N/A","N/A",(G44-(G44*$E$1))) -> 57506.35
A45: 32 | B45: RECONSTRUIR ROSCAS BUJÍAS | C45: 1 | E45: 49610 | F45: =+IF(E45="N/A","N/A",(E45-(E45*$E$1))) -> 47129.5 | G45: 54661 | H45: =+IF(G45="N/A","N/A",(G45-(G45*$E$1))) -> 51927.95
A46: 33 | B46: RECONSTRUIR ROSCAS TAPÓN ACEITE | C46: 1 | E46: 32292 | F46: =+IF(E46="N/A","N/A",(E46-(E46*$E$1))) -> 30677.4 | G46: 34171 | H46: =+IF(G46="N/A","N/A",(G46-(G46*$E$1))) -> 32462.45
B47: SISTEMA DE TRANSFERENCIA | F47: =+IF(E47="N/A","N/A",(E47-(E47*$E$1))) -> 0 | H47: =+IF(G47="N/A","N/A",(G47-(G47*$E$1))) -> 0
A48: 34 | B48: REPARACIÓN CAJA VELOCIDADES | C48: 1 | E48: 115983 | F48: =+IF(E48="N/A","N/A",(E48-(E48*$E$1))) -> 110183.85 | G48: 134927 | H48: =+IF(G48="N/A","N/A",(G48-(G48*$E$1))) -> 128180.65
A49: 35 | B49: CAMBIO EMBRAGUE | C49: 1 | E49: 72358 | F49: =+IF(E49="N/A","N/A",(E49-(E49*$E$1))) -> 68740.1 | G49: 89842 | H49: =+IF(G49="N/A","N/A",(G49-(G49*$E$1))) -> 85349.9
A50: 36 | B50: CAMBIO EMPAQUE TAPA EMBRAGUE | C50: 1 | E50: 33265 | F50: =+IF(E50="N/A","N/A",(E50-(E50*$E$1))) -> 31601.75 | G50: 44545 | H50: =+IF(G50="N/A","N/A",(G50-(G50*$E$1))) -> 42317.75
A51: 37 | B51: CAMBIO DISCOS EMBRAGUE | C51: 1 | E51: 72298 | F51: =+IF(E51="N/A","N/A",(E51-(E51*$E$1))) -> 68683.1 | G51: 64557 | H51: =+IF(G51="N/A","N/A",(G51-(G51*$E$1))) -> 61329.15
A52: 38 | B52: CAMBIO VARILLA EMBRAGUE | C52: 1 | E52: 56684 | F52: =+IF(E52="N/A","N/A",(E52-(E52*$E$1))) -> 53849.8 | G52: 73466 | H52: =+IF(G52="N/A","N/A",(G52-(G52*$E$1))) -> 69792.7
A53: 39 | B53: CAMBIO MANIGUETA EMBRAGUE | C53: 1 | E53: 26293 | F53: =+IF(E53="N/A","N/A",(E53-(E53*$E$1))) -> 24978.35 | G53: 31277 | H53: =+IF(G53="N/A","N/A",(G53-(G53*$E$1))) -> 29713.15
A54: 40 | B54: CAMBIO GUAYA EMBRAGUE | C54: 1 | E54: 31569 | F54: =+IF(E54="N/A","N/A",(E54-(E54*$E$1))) -> 29990.55 | G54: 32070 | H54: =+IF(G54="N/A","N/A",(G54-(G54*$E$1))) -> 30466.5
A55: 41 | B55: CAMBIO CABLE GUAYA EMBRAGUE | C55: 1 | E55: 26764 | F55: =+IF(E55="N/A","N/A",(E55-(E55*$E$1))) -> 25425.8 | G55: 32159 | H55: =+IF(G55="N/A","N/A",(G55-(G55*$E$1))) -> 30551.05
A56: 42 | B56: CAMBIO RETENEDOR LEVA EMBRAGUE | C56: 1 | E56: 40401 | F56: =+IF(E56="N/A","N/A",(E56-(E56*$E$1))) -> 38380.95 | G56: 49920 | H56: =+IF(G56="N/A","N/A",(G56-(G56*$E$1))) -> 47424
A57: 43 | B57: CAMBIO RETENEDOR PIÑÓN SALIDA | C57: 1 | E57: 35161 | F57: =+IF(E57="N/A","N/A",(E57-(E57*$E$1))) -> 33402.95 | G57: 42363 | H57: =+IF(G57="N/A","N/A",(G57-(G57*$E$1))) -> 40244.85
A58: 44 | B58: REVISIÓN Y/O ARREGLO CONTROL CAMBIOS | C58: 1 | E58: 49014 | F58: =+IF(E58="N/A","N/A",(E58-(E58*$E$1))) -> 46563.3 | G58: 66040 | H58: =+IF(G58="N/A","N/A",(G58-(G58*$E$1))) -> 62738
A59: 45 | B59: CAMBIO BUJES EMBRAGUE | C59: 1 | E59: 54782 | F59: =+IF(E59="N/A","N/A",(E59-(E59*$E$1))) -> 52042.9 | G59: 73290 | H59: =+IF(G59="N/A","N/A",(G59-(G59*$E$1))) -> 69625.5
... A78: 64 | B78: CAMBO EMPAQUE/RETENEDOR SELECTOR CAMBIOS | C78: 1 | E78: 44285 | F78: =+IF(E78="N/A","N/A",(E78-(E78*$E$1))) -> 42070.75 | G78: 33361 | H78: =+IF(G78="N/A","N/A",(G78-(G78*$E$1))) -> 31692.95
B79: SISTEMA DE SUSPENSIÓN | F79: =+IF(E79="N/A","N/A",(E79-(E79*$E$1))) -> 0 | H79: =+IF(G79="N/A","N/A",(G79-(G79*$E$1))) -> 0
A80: 65 | B80: ARREGLO GENERAL SUSPENSIÓN DELANTERA | C80: 1 | E80: 86405 | F80: =+IF(E80="N/A","N/A",(E80-(E80*$E$1))) -> 82084.75 | G80: 98177 | H80: =+IF(G80="N/A","N/A",(G80-(G80*$E$1))) -> 93268.15
A81: 66 | B81: ARREGLO GENERAL SUSPENSIÓN TRASERA | C81: 1 | E81: 65995 | F81: =+IF(E81="N/A","N/A",(E81-(E81*$E$1))) -> 62695.25 | G81: 90605 | H81: =+IF(G81="N/A","N/A",(G81-(G81*$E$1))) -> 86074.75
A82: 67 | B82: CAMBIO ACEITE AMORTIGUADOR DELANTERO | C82: 1 | E82: 43890 | F82: =+IF(E82="N/A","N/A",(E82-(E82*$E$1))) -> 41695.5 | G82: 48791 | H82: =+IF(G82="N/A","N/A",(G82-(G82*$E$1))) -> 46351.45
A83: 68 | B83: CAMBIO RETENEDOR TELESCÓPICOS | C83: 1 | E83: 51487 | F83: =+IF(E83="N/A","N/A",(E83-(E83*$E$1))) -> 48912.65 | G83: 61519 | H83: =+IF(G83="N/A","N/A",(G83-(G83*$E$1))) -> 58443.05
A84: 69 | B84: CAMBIO BUJES AMORTIGUADOR DELANTERO | C84: 1 | E84: 45960 | F84: =+IF(E84="N/A","N/A",(E84-(E84*$E$1))) -> 43662 | G84: 55075 | H84: =+IF(G84="N/A","N/A",(G84-(G84*$E$1))) -> 52321.25
A85: 70 | B85: REVISIÓN Y/O CAMBIO AMORTIGUADOR TRASERO | C85: 1 | E85: 40539 | F85: =+IF(E85="N/A","N/A",(E85-(E85*$E$1))) -> 38512.05 | G85: 39348 | H85: =+IF(G85="N/A","N/A",(G85-(G85*$E$1))) -> 37380.6
A86: 71 | B86: CAMBIO BUJE AMORTIGUADOR TRASERO | C86: 1 | E86: 33576 | F86: =+IF(E86="N/A","N/A",(E86-(E86*$E$1))) -> 31897.2 | G86: 42772 | H86: =+IF(G86="N/A","N/A",(G86-(G86*$E$1))) -> 40633.4
A87: 72 | B87: GRADUAR AMORTIGUADOR TRASERO | C87: 1 | E87: 30163 | F87: =+IF(E87="N/A","N/A",(E87-(E87*$E$1))) -> 28654.85 | G87: 42833 | H87: =+IF(G87="N/A","N/A",(G87-(G87*$E$1))) -> 40691.35
A88: 73 | B88: CAMBIO EJE RUEDA DELANTERA | C88: 1 | E88: 23614 | F88: =+IF(E88="N/A","N/A",(E88-(E88*$E$1))) -> 22433.3 | G88: 28405 | H88: =+IF(G88="N/A","N/A",(G88-(G88*$E$1))) -> 26984.75
A89: 74 | B89: CAMBIO EJE RUEDA TRASERA | C89: 1 | E89: 21971 | F89: =+IF(E89="N/A","N/A",(E89-(E89*$E$1))) -> 20872.45 | G89: 25579 | H89: =+IF(G89="N/A","N/A",(G89-(G89*$E$1))) -> 24300.05
A90: 75 | B90: CAMBIO TIJERA | C90: 1 | E90: 44956 | F90: =+IF(E90="N/A","N/A",(E90-(E90*$E$1))) -> 42708.2 | G90: 57500 | H90: =+IF(G90="N/A","N/A",(G90-(G90*$E$1))) -> 54625
A91: 76 | B91: CAMBIO BUJE TIJERA | C91: 1 | E91: 48983 | F91: =+IF(E91="N/A","N/A",(E91-(E91*$E$1))) -> 46533.85 | G91: 57361 | H91: =+IF(G91="N/A","N/A",(G91-(G91*$E$1))) -> 54492.95
... A95: 80 | B95: ENGRASAR RODAMIENTOS DELANTEROS/TRASEROS | C95: 1 | E95: 20532 | F95: =+IF(E95="N/A","N/A",(E95-(E95*$E$1))) -> 19505.4 | G95: 22581 | H95: =+IF(G95="N/A","N/A",(G95-(G95*$E$1))) -> 21451.95
B96: SISTEMA DE DIRECCIÓN | F96: =+IF(E96="N/A","N/A",(E96-(E96*$E$1))) -> 0 | H96: =+IF(G96="N/A","N/A",(G96-(G96*$E$1))) -> 0
A97: 81 | B97: Mantenimiento tren delantero (entiéndase por: mantenimiento o cambio de cunas de dirección, limpieza y engrase de eje, revisión y cambio de rodamientos si es necesario, mantenimiento de barras de suspensión con cambio de aceite de barras y si es necesario cambio de retenedores telescópicos.) | C97: 1 | E97: 120308 | F97: =+IF(E97="N/A","N/A",(E97-(E97*$E$1))) -> 114292.6 | G97: 139237 | H97: =+IF(G97="N/A","N/A",(G97-(G97*$E$1))) -> 132275.15
A98: 82 | B98: CAMBIAR CUNAS DIRECCION | C98: 1 | E98: 64165 | F98: =+IF(E98="N/A","N/A",(E98-(E98*$E$1))) -> 60956.75 | G98: 74437 | H98: =+IF(G98="N/A","N/A",(G98-(G98*$E$1))) -> 70715.15
A99: 83 | B99: ENGRASAR CUNAS DIRECCION | C99: 1 | E99: 34395 | F99: =+IF(E99="N/A","N/A",(E99-(E99*$E$1))) -> 32675.25 | G99: 31989 | H99: =+IF(G99="N/A","N/A",(G99-(G99*$E$1))) -> 30389.55
A100: 84 | B100: CAMBIO PESA | C100: 1 | E100: 38162 | F100: =+IF(E100="N/A","N/A",(E100-(E100*$E$1))) -> 36253.9 | G100: 30992 | H100: =+IF(G100="N/A","N/A",(G100-(G100*$E$1))) -> 29442.4
A101: 85 | B101: AJUSTE RODAMIENTO DIRECCION | C101: 1 | E101: 38229 | F101: =+IF(E101="N/A","N/A",(E101-(E101*$E$1))) -> 36317.55 | G101: 29781 | H101: =+IF(G101="N/A","N/A",(G101-(G101*$E$1))) -> 28291.95
A102: 86 | B102: CAMBIAR RODAMIENTO DIRECCION | C102: 1 | E102: 57438 | F102: =+IF(E102="N/A","N/A",(E102-(E102*$E$1))) -> 54566.1 | G102: 57895 | H102: =+IF(G102="N/A","N/A",(G102-(G102*$E$1))) -> 55000.25
A103: 87 | B103: ENGRASAR RODAMIENTO DIRECCION | C103: 1 | E103: 26807 | F103: =+IF(E103="N/A","N/A",(E103-(E103*$E$1))) -> 25466.65 | G103: 23608 | H103: =+IF(G103="N/A","N/A",(G103-(G103*$E$1))) -> 22427.6
B104: SISTEMA DE FRENOS | F104: =+IF(E104="N/A","N/A",(E104-(E104*$E$1))) -> 0 | H104: =+IF(G104="N/A","N/A",(G104-(G104*$E$1))) -> 0
A105: 88 | B105: Mantenimiento general frenos (entiéndase por: limpieza profunda de mordazas y campana, mantenimiento bombas de freno, mantenimiento de cilindros con cambio de orrings , cambio de liquido de frenos según corresponda, purga de frenos, cambio de pastillas según corresponda, cambio o mantenimiento de bandas según corresponda. | C105: 1 | E105: 80407 | F105: =+IF(E105="N/A","N/A",(E105-(E105*$E$1))) -> 76386.65 | G105: 113051 | H105: =+IF(G105="N/A","N/A",(G105-(G105*$E$1))) -> 107398.45
A106: 89 | B106: CAMBIAR PASTILLAS DELANTERAS | C106: 1 | E106: 39663 | F106: =+IF(E106="N/A","N/A",(E106-(E106*$E$1))) -> 37679.85 | G106: 35085 | H106: =+IF(G106="N/A","N/A",(G106-(G106*$E$1))) -> 33330.75
A107: 90 | B107: CAMBIAR PASTILLAS TRASERAS | C107: 1 | E107: N/A | F107: =+IF(E107="N/A","N/A",(E107-(E107*$E$1))) -> N/A | G107: 41260 | H107: =+IF(G107="N/A","N/A",(G107-(G107*$E$1))) -> 39197
A108: 91 | B108: CAMBIO BANDAS DELANTERAS | C108: 1 | E108: 35083 | F108: =+IF(E108="N/A","N/A",(E108-(E108*$E$1))) -> 33328.85 | G108: 41217 | H108: =+IF(G108="N/A","N/A",(G108-(G108*$E$1))) -> 39156.15
A109: 92 | B109: CAMBIO BANDAS TRASERAS | C109: 1 | E109: 51424 | F109: =+IF(E109="N/A","N/A",(E109-(E109*$E$1))) -> 48852.8 | G109: 41202 | H109: =+IF(G109="N/A","N/A",(G109-(G109*$E$1))) -> 39141.9
A110: 93 | B110: CAMBIO BOMBA FRENOS | C110: 1 | E110: 56213 | F110: =+IF(E110="N/A","N/A",(E110-(E110*$E$1))) -> 53402.35 | G110: 65124 | H110: =+IF(G110="N/A","N/A",(G110-(G110*$E$1))) -> 61867.8
A111: 94 | B111: CAMBIO DISCO FRENO DELANTEROS | C111: 1 | E111: 32910 | F111: =+IF(E111="N/A","N/A",(E111-(E111*$E$1))) -> 31264.5 | G111: 41814 | H111: =+IF(G111="N/A","N/A",(G111-(G111*$E$1))) -> 39723.3
A112: 95 | B112: CAMBIO DISCO FRENO TRASEROS | C112: 1 | E112: N/A | F112: =+IF(E112="N/A","N/A",(E112-(E112*$E$1))) -> N/A | G112: 49227 | H112: =+IF(G112="N/A","N/A",(G112-(G112*$E$1))) -> 46765.65
A113: 96 | B113: CAMBIO CAMPANA | C113: 1 | E113: 39563 | F113: =+IF(E113="N/A","N/A",(E113-(E113*$E$1))) -> 37584.85 | G113: 58651 | H113: =+IF(G113="N/A","N/A",(G113-(G113*$E$1))) -> 55718.45
A114: 97 | B114: RECTIFICAR CAMPANA | C114: 1 | E114: 31939 | F114: =+IF(E114="N/A","N/A",(E114-(E114*$E$1))) -> 30342.05 | G114: 34230 | H114: =+IF(G114="N/A","N/A",(G114-(G114*$E$1))) -> 32518.5
A115: 98 | B115: CAMBIO MORDAZA | C115: 1 | E115: 28356 | F115: =+IF(E115="N/A","N/A",(E115-(E115*$E$1))) -> 26938.2 | G115: 34160 | H115: =+IF(G115="N/A","N/A",(G115-(G115*$E$1))) -> 32452
A116: 99 | B116: CAMBIO GUAYA FRENO | C116: 1 | E116: 21486 | F116: =+IF(E116="N/A","N/A",(E116-(E116*$E$1))) -> 20411.7 | G116: 25011 | H116: =+IF(G116="N/A","N/A",(G116-(G116*$E$1))) -> 23760.45
A117: 100 | B117: CAMBIO MANGUERA FRENO | C117: 1 | E117: 23905 | F117: =+IF(E117="N/A","N/A",(E117-(E117*$E$1))) -> 22709.75 | G117: 30153 | H117: =+IF(G117="N/A","N/A",(G117-(G117*$E$1))) -> 28645.35
A118: 101 | B118: CAMBIO LIQUIDO FRENOS | C118: 1 | E118: 19743 | F118: =+IF(E118="N/A","N/A",(E118-(E118*$E$1))) -> 18755.85 | G118: 13615 | H118: =+IF(G118="N/A","N/A",(G118-(G118*$E$1))) -> 12934.25
A119: 102 | B119: TENSIÓN FRENOS | C119: 1 | E119: 11606 | F119: =+IF(E119="N/A","N/A",(E119-(E119*$E$1))) -> 11025.7 | G119: 13180 | H119: =+IF(G119="N/A","N/A",(G119-(G119*$E$1))) -> 12521
A120: 103 | B120: CAMBIO PERA PEDAL FRENO | C120: 1 | E120: 21886 | F120: =+IF(E120="N/A","N/A",(E120-(E120*$E$1))) -> 20791.7 | G120: 26538 | H120: =+IF(G120="N/A","N/A",(G120-(G120*$E$1))) -> 25211.1
A121: 104 | B121: CAMBIO PALANCA FRENO | C121: 1 | E121: 29942 | F121: =+IF(E121="N/A","N/A",(E121-(E121*$E$1))) -> 28444.9 | G121: 36412 | H121: =+IF(G121="N/A","N/A",(G121-(G121*$E$1))) -> 34591.4
A122: 105 | B122: MANTENIMIENTO MORDAZAS O KALIPER FRENOS | C122: 1 | E122: 46036 | F122: =+IF(E122="N/A","N/A",(E122-(E122*$E$1))) -> 43734.2 | G122: 49655 | H122: =+IF(G122="N/A","N/A",(G122-(G122*$E$1))) -> 47172.25
B123: SISTEMA ELÉCTRICO | F123: =+IF(E123="N/A","N/A",(E123-(E123*$E$1))) -> 0 | H123: =+IF(G123="N/A","N/A",(G123-(G123*$E$1))) -> 0
A124: 106 | B124: ARREGLAR SISTEMA ELÉCTRICO GENERAL | C124: 1 | E124: 70370 | F124: =+IF(E124="N/A","N/A",(E124-(E124*$E$1))) -> 66851.5 | G124: 86572 | H124: =+IF(G124="N/A","N/A",(G124-(G124*$E$1))) -> 82243.4
A125: 107 | B125: CAMBIO GENERAL INSTALACIONES ELÉCTRICAS | C125: 1 | E125: 117024 | F125: =+IF(E125="N/A","N/A",(E125-(E125*$E$1))) -> 111172.8 | G125: 146862 | H125: =+IF(G125="N/A","N/A",(G125-(G125*$E$1))) -> 139518.9
...

Sheet REPUESTOS MOTOS
D1: 0.05
A2: LISTA DE PRECIOS SECCIONAL CESAR
A3: NECESIDAD CONTRATACIÓN MULTIMARCA MANO DE OBRA | D3: 1. REPUESTOS | E3: VALOR CON DESCUENTO | F3: 2. REPUESTOS | G3: VALOR CON DESCUENTO | H3: 3. REPUESTOS | I3: VALOR CON DESCUENTO | J3: 4. REPUESTOS | K3: VALOR CON DESCUENTO | L3: 5. REPUESTOS | M3: VALOR CON DESCUENTO | N3: 6. REPUESTOS | O3: VALOR CON DESCUENTO | P3: 7. REPUESTOS | Q3: VALOR CON DESCUENTO | R3: 8. REPUESTOS | S3: VALOR CON DESCUENTO | T3: 9. REPUESTOS | U3: VALOR CON DESCUENTO | V3: 10. REPUESTOS | W3: VALOR CON DESCUENTO | X3: 11. REPUESTOS | Y3: VALOR CON DESCUENTO | Z3: 12. REPUESTOS | AA3: VALOR CON DESCUENTO | AB3: 13. REPUESTOS | AC3: VALOR CON DESCUENTO | AD3: 14. REPUESTOS | AE3: VALOR CON DESCUENTO | AF3: 15. REPUESTOS | AG3: VALOR CON DESCUENTO | AH3: 16. REPUESTOS | AI3: VALOR CON DESCUENTO
A5: NOMBRE DEL ACTIVO | D5: MOTOCICLETA | F5: MOTOCICLETA | H5: MOTOCICLETA | J5: MOTOCICLETA | L5: MOTOCICLETA | N5: MOTOCICLETA | P5: MOTOCICLETA | R5: MOTOCICLETA | T5: MOTOCICLETA | V5: MOTOCICLETA | X5: MOTOCICLETA | Z5: MOTOCICLETA | AB5: MOTOCICLETA | AD5: MOTOCICLETA | AF5: MOTOCICLETA | AH5: MOTOCICLETA
A6: MARCA | D6: AUTECO BAJAJ | F6: AUTECO BAJAJ | H6: AUTECO BAJAJ | J6: HONDA | L6: HONDA | N6: HONDA | P6: HONDA | R6: HONDA | T6: HONDA | V6: KYMCO | X6: SUZUKI | Z6: SUZUKI | AB6: YAMAHA | AD6: YAMAHA | AF6: YAMAHA | AH6: YAMAHA
A7: LÍNEA | C7: CANTIDAD | D7: DISCOVER 125 (4) | F7: PULSAR 220 (3) | H7: BOXER (1) | J7: ELITE+ (2) | L7: XL 200 (2) | N7: ECO DELUXE (5) | P7: XR 250 (1) | R7: XR 150 (1) | T7: XR 125 (1) | V7: ACTIV 110 (3) | X7: DR 200 (23) | Z7: BEST 125 (8) | AB7: LIBERO (1) | AD7: XT-225D (1) | AF7: XTZ125 (6) | AH7: XTZ 250 (2)
A8: MODELO | D8: 2015 | F8: 2012 | H8: 2010 | J8: 2016 | L8: 2006 | N8: 2010 | P8: 2012 | R8: 2015 | T8: 2013 | V8: 2011 | X8: 2006-2009-2010-2014 | Z8: 2012 | AB8: 2007 | AD8: 2007 | AF8: 2009-2016 | AH8: 2012
A9: MUTIMARCA MOTOCICLETAS | D9: COSTO REPUESTO (S) | F9: COSTO REPUESTO (S) | H9: COSTO REPUESTO (S) | J9: COSTO REPUESTO (S) | L9: COSTO REPUESTO (S) | N9: COSTO REPUESTO (S) | P9: COSTO REPUESTO (S) | R9: COSTO REPUESTO (S) | T9: COSTO REPUESTO (S) | V9: COSTO REPUESTO (S) | X9: COSTO REPUESTO (S) | Z9: COSTO REPUESTO (S) | AB9: COSTO REPUESTO (S) | AD9: COSTO REPUESTO (S) | AF9: COSTO REPUESTO (S) | AH9: COSTO REPUESTO (S)
D10: VALOR UNITARIO INCLUIDO DE IVA | F10: VALOR UNITARIO INCLUIDO DE IVA | H10: VALOR UNITARIO INCLUIDO DE IVA | J10: VALOR UNITARIO INCLUIDO DE IVA | L10: VALOR UNITARIO INCLUIDO DE IVA | N10: VALOR UNITARIO INCLUIDO DE IVA | P10: VALOR UNITARIO INCLUIDO DE IVA | R10: VALOR UNITARIO INCLUIDO DE IVA | T10: VALOR UNITARIO INCLUIDO DE IVA | V10: VALOR UNITARIO INCLUIDO DE IVA | X10: VALOR UNITARIO INCLUIDO DE IVA | Z10: VALOR UNITARIO INCLUIDO DE IVA | AB10: VALOR UNITARIO INCLUIDO DE IVA | AD10: VALOR UNITARIO INCLUIDO DE IVA | AF10: VALOR UNITARIO INCLUIDO DE IVA | AH10: VALOR UNITARIO INCLUIDO DE IVA
A11: ÌTEM | B11: SISTEMA DE FRENOS
A12: 1 | B12: Juego De Bandas Frenos (Dos pares) | C12: 1 | D12: 44697 | E12: =+IF(D12="N/A","N/A",(D12-(D12*$D$1))) -> 42462.15 | F12: 45249 | G12: =+IF(F12="N/A","N/A",(F12-(F12*$D$1))) -> 42986.55 | H12: 39349 | I12: =+IF(H12="N/A","N/A",(H12-(H12*$D$1))) -> 37381.55 | J12: 42385 | K12: =+IF(J12="N/A","N/A",(J12-(J12*$D$1))) -> 40265.75 | L12: 54731 | M12: =+IF(L12="N/A","N/A",(L12-(L12*$D$1))) -> 51994.45 | N12: 42385 | O12: =+IF(N12="N/A","N/A",(N12-(N12*$D$1))) -> 40265.75 | P12: 89000 | Q12: =+IF(P12="N/A","N/A",(P12-(P12*$D$1))) -> 84550 | R12: 52231 | S12: =+IF(R12="N/A","N/A",(R12-(R12*$D$1))) -> 49619.45 | T12: 42768 | U12: =+IF(T12="N/A","N/A",(T12-(T12*$D$1))) -> 40629.6 | V12: 335438 | W12: =+IF(V12="N/A","N/A",(V12-(V12*$D$1))) -> 318666.1 | X12: 68506 | Y12: =+IF(X12="N/A","N/A",(X12-(X12*$D$1))) -> 65080.7 | Z12: 39086 | AA12: =+IF(Z12="N/A","N/A",(Z12-(Z12*$D$1))) -> 37131.7 | AB12: 68054 | AC12: =+IF(AB12="N/A","N/A",(AB12-(AB12*$D$1))) -> 64651.3 | AD12: 67233 | AE12: =+IF(AD12="N/A","N/A",(AD12-(AD12*$D$1))) -> 63871.35 | AF12: 53818 | AG12: =+IF(AF12="N/A","N/A",(AF12-(AF12*$D$1))) -> 51127.1 | AH12: 58873 | AI12: =+IF(AH12="N/A","N/A",(AH12-(AH12*$D$1))) -> 55929.35
A13: 2 | B13: Juego De Pastillas De Frenos Delantera (Dos pares) | C13: 1 | D13: 62603 | E13: =+IF(D13="N/A","N/A",(D13-(D13*$D$1))) -> 59472.85 | F13: 62618 | G13: =+IF(F13="N/A","N/A",(F13-(F13*$D$1))) -> 59487.1 | H13: 52413 | I13: =+IF(H13="N/A","N/A",(H13-(H13*$D$1))) -> 49792.35 | J13: 53558 | K13: =+IF(J13="N/A","N/A",(J13-(J13*$D$1))) -> 50880.1 | L13: 75778 | M13: =+IF(L13="N/A","N/A",(L13-(L13*$D$1))) -> 71989.1 | N13: 54443 | O13: =+IF(N13="N/A","N/A",(N13-(N13*$D$1))) -> 51720.85 | P13: 165000 | Q13: =+IF(P13="N/A","N/A",(P13-(P13*$D$1))) -> 156750 | R13: 69689 | S13: =+IF(R13="N/A","N/A",(R13-(R13*$D$1))) -> 66204.55 | T13: 54315 | U13: =+IF(T13="N/A","N/A",(T13-(T13*$D$1))) -> 51599.25 | V13: 51155 | W13: =+IF(V13="N/A","N/A",(V13-(V13*$D$1))) -> 48597.25 | X13: 83461 | Y13: =+IF(X13="N/A","N/A",(X13-(X13*$D$1))) -> 79287.95 | Z13: 52420 | AA13: =+IF(Z13="N/A","N/A",(Z13-(Z13*$D$1))) -> 49799 | AB13: 91720 | AC13: =+IF(AB13="N/A","N/A",(AB13-(AB13*$D$1))) -> 87134 | AD13: 86908 | AE13: =+IF(AD13="N/A","N/A",(AD13-(AD13*$D$1))) -> 82562.6 | AF13: 93464 | AG13: =+IF(AF13="N/A","N/A",(AF13-(AF13*$D$1))) -> 88790.8 | AH13: 94348 | AI13: =+IF(AH13="N/A","N/A",(AH13-(AH13*$D$1))) -> 89630.6
A14: 3 | B14: Liquido De Freno (Pinta 290 ml) | C14: 1 | D14: 6578 | E14: =+IF(D14="N/A","N/A",(D14-(D14*$D$1))) -> 6249.1 | F14: 6578 | G14: =+IF(F14="N/A","N/A",(F14-(F14*$D$1))) -> 6249.1 | H14: 5647 | I14: =+IF(H14="N/A","N/A",(H14-(H14*$D$1))) -> 5364.65 | J14: 5578 | K14: =+IF(J14="N/A","N/A",(J14-(J14*$D$1))) -> 5299.1 | L14: 7647 | M14: =+IF(L14="N/A","N/A",(L14-(L14*$D$1))) -> 7264.65 | N14: 5578 | O14: =+IF(N14="N/A","N/A",(N14-(N14*$D$1))) -> 5299.1 | P14: 15000 | Q14: =+IF(P14="N/A","N/A",(P14-(P14*$D$1))) -> 14250 | R14: 7147 | S14: =+IF(R14="N/A","N/A",(R14-(R14*$D$1))) -> 6789.65 | T14: 5647 | U14: =+IF(T14="N/A","N/A",(T14-(T14*$D$1))) -> 5364.65 | V14: 7078 | W14: =+IF(V14="N/A","N/A",(V14-(V14*$D$1))) -> 6724.1 | X14: 10147 | Y14: =+IF(X14="N/A","N/A",(X14-(X14*$D$1))) -> 9639.65 | Z14: 6147 | AA14: =+IF(Z14="N/A","N/A",(Z14-(Z14*$D$1))) -> 5839.65 | AB14: 10647 | AC14: =+IF(AB14="N/A","N/A",(AB14-(AB14*$D$1))) -> 10114.65 | AD14: 10647 | AE14: =+IF(AD14="N/A","N/A",(AD14-(AD14*$D$1))) -> 10114.65 | AF14: 8647 | AG14: =+IF(AF14="N/A","N/A",(AF14-(AF14*$D$1))) -> 8214.65 | AH14: 8647 | AI14: =+IF(AH14="N/A","N/A",(AH14-(AH14*$D$1))) -> 8214.65
B15: SINCRONIZACIÓN | E15: =+IF(D15="N/A","N/A",(D15-(D15*$D$1))) -> 0
A16: 4 | B16: Bujía | C16: 1 | D16: 10725 | E16: =+IF(D16="N/A","N/A",(D16-(D16*$D$1))) -> 10188.75 | F16: 11229 | G16: =+IF(F16="N/A","N/A",(F16-(F16*$D$1))) -> 10667.55 | H16: 9768 | I16: =+IF(H16="N/A","N/A",(H16-(H16*$D$1))) -> 9279.6 | J16: 9630 | K16: =+IF(J16="N/A","N/A",(J16-(J16*$D$1))) -> 9148.5 | L16: 12268 | M16: =+IF(L16="N/A","N/A",(L16-(L16*$D$1))) -> 11654.6 | N16: 9630 | O16: =+IF(N16="N/A","N/A",(N16-(N16*$D$1))) -> 9148.5 | P16: 25000 | Q16: =+IF(P16="N/A","N/A",(P16-(P16*$D$1))) -> 23750 | R16: 11268 | S16: =+IF(R16="N/A","N/A",(R16-(R16*$D$1))) -> 10704.6 | T16: 9768 | U16: =+IF(T16="N/A","N/A",(T16-(T16*$D$1))) -> 9279.6 | V16: 9555 | W16: =+IF(V16="N/A","N/A",(V16-(V16*$D$1))) -> 9077.25 | X16: 15969 | Y16: =+IF(X16="N/A","N/A",(X16-(X16*$D$1))) -> 15170.55 | Z16: 10054 | AA16: =+IF(Z16="N/A","N/A",(Z16-(Z16*$D$1))) -> 9551.3 | AB16: 15755 | AC16: =+IF(AB16="N/A","N/A",(AB16-(AB16*$D$1))) -> 14967.25 | AD16: 16071 | AE16: =+IF(AD16="N/A","N/A",(AD16-(AD16*$D$1))) -> 15267.45 | AF16: 8502 | AG16: =+IF(AF16="N/A","N/A",(AF16-(AF16*$D$1))) -> 8076.9 | AH16: 8615 | AI16: =+IF(AH16="N/A","N/A",(AH16-(AH16*$D$1))) -> 8184.25
A17: 5 | B17: Filtro Aire | C17: 1 | D17: 15671 | E17: =+IF(D17="N/A","N/A",(D17-(D17*$D$1))) -> 14887.45 | F17: 15418 | G17: =+IF(F17="N/A","N/A",(F17-(F17*$D$1))) -> 14647.1 | H17: 12924 | I17: =+IF(H17="N/A","N/A",(H17-(H17*$D$1))) -> 12277.8 | J17: 13243 | K17: =+IF(J17="N/A","N/A",(J17-(J17*$D$1))) -> 12580.85 | L17: 16532 | M17: =+IF(L17="N/A","N/A",(L17-(L17*$D$1))) -> 15705.4 | N17: 13279 | O17: =+IF(N17="N/A","N/A",(N17-(N17*$D$1))) -> 12615.05 | P17: 29000 | Q17: =+IF(P17="N/A","N/A",(P17-(P17*$D$1))) -> 27550 | R17: 15532 | S17: =+IF(R17="N/A","N/A",(R17-(R17*$D$1))) -> 14755.4 | T17: 13496 | U17: =+IF(T17="N/A","N/A",(T17-(T17*$D$1))) -> 12821.2 | V17: 14343 | W17: =+IF(V17="N/A","N/A",(V17-(V17*$D$1))) -> 13625.85 | X17: 21210 | Y17: =+IF(X17="N/A","N/A",(X17-(X17*$D$1))) -> 20149.5 | Z17: 15394 | AA17: =+IF(Z17="N/A","N/A",(Z17-(Z17*$D$1))) -> 14624.3 | AB17: 24100 | AC17: =+IF(AB17="N/A","N/A",(AB17-(AB17*$D$1))) -> 22895 | AD17: 24074 | AE17: =+IF(AD17="N/A","N/A",(AD17-(AD17*$D$1))) -> 22870.3 | AF17: 17612 | AG17: =+IF(AF17="N/A","N/A",(AF17-(AF17*$D$1))) -> 16731.4 | AH17: 17557 | AI17: =+IF(AH17="N/A","N/A",(AH17-(AH17*$D$1))) -> 16679.15
A18: 6 | B18: Filtro Combustible | C18: 1 | D18: 14559 | E18: =+IF(D18="N/A","N/A",(D18-(D18*$D$1))) -> 13831.05 | F18: 14602 | G18: =+IF(F18="N/A","N/A",(F18-(F18*$D$1))) -> 13871.9 | H18: 10671 | I18: =+IF(H18="N/A","N/A",(H18-(H18*$D$1))) -> 10137.45 | J18: 10602 | K18: =+IF(J18="N/A","N/A",(J18-(J18*$D$1))) -> 10071.9 | L18: 15809 | M18: =+IF(L18="N/A","N/A",(L18-(L18*$D$1))) -> 15018.55 | N18: 10602 | O18: =+IF(N18="N/A","N/A",(N18-(N18*$D$1))) -> 10071.9 | P18: 30000 | Q18: =+IF(P18="N/A","N/A",(P18-(P18*$D$1))) -> 28500 | R18: 14309 | S18: =+IF(R18="N/A","N/A",(R18-(R18*$D$1))) -> 13593.55 | T18: 10671 | U18: =+IF(T18="N/A","N/A",(T18-(T18*$D$1))) -> 10137.45 | V18: 10656 | W18: =+IF(V18="N/A","N/A",(V18-(V18*$D$1))) -> 10123.2 | X18: 15577 | Y18: =+IF(X18="N/A","N/A",(X18-(X18*$D$1))) -> 14798.15 | Z18: 10577 | AA18: =+IF(Z18="N/A","N/A",(Z18-(Z18*$D$1))) -> 10048.15 | AB18: 15577 | AC18: =+IF(AB18="N/A","N/A",(AB18-(AB18*$D$1))) -> 14798.15 | AD18: 15577 | AE18: =+IF(AD18="N/A","N/A",(AD18-(AD18*$D$1))) -> 14798.15 | AF18: 16577 | AG18: =+IF(AF18="N/A","N/A",(AF18-(AF18*$D$1))) -> 15748.15 | AH18: 16931 | AI18: =+IF(AH18="N/A","N/A",(AH18-(AH18*$D$1))) -> 16084.45
B19: SISTEMA DE RODAMIENTOS | E19: =+IF(D19="N/A","N/A",(D19-(D19*$D$1))) -> 0
A20: 7 | B20: Rodamiento tipo Balinera Delantero | C20: 1 | D20: 42420 | E20: =+IF(D20="N/A","N/A",(D20-(D20*$D$1))) -> 40299 | F20: 41906 | G20: =+IF(F20="N/A","N/A",(F20-(F20*$D$1))) -> 39810.7 | H20: 38758 | I20: =+IF(H20="N/A","N/A",(H20-(H20*$D$1))) -> 36820.1 | J20: 38197 | K20: =+IF(J20="N/A","N/A",(J20-(J20*$D$1))) -> 36287.15 | L20: 48188 | M20: =+IF(L20="N/A","N/A",(L20-(L20*$D$1))) -> 45778.6 | N20: 38197 | O20: =+IF(N20="N/A","N/A",(N20-(N20*$D$1))) -> 36287.15 | P20: 85000 | Q20: =+IF(P20="N/A","N/A",(P20-(P20*$D$1))) -> 80750 | R20: 46188 | S20: =+IF(R20="N/A","N/A",(R20-(R20*$D$1))) -> 43878.6 | T20: 38225 | U20: =+IF(T20="N/A","N/A",(T20-(T20*$D$1))) -> 36313.75 | V20: 31729 | W20: =+IF(V20="N/A","N/A",(V20-(V20*$D$1))) -> 30142.55 | X20: 47398 | Y20: =+IF(X20="N/A","N/A",(X20-(X20*$D$1))) -> 45028.1 | Z20: 37871 | AA20: =+IF(Z20="N/A","N/A",(Z20-(Z20*$D$1))) -> 35977.45 | AB20: 47535 | AC20: =+IF(AB20="N/A","N/A",(AB20-(AB20*$D$1))) -> 45158.25 | AD20: 47535 | AE20: =+IF(AD20="N/A","N/A",(AD20-(AD20*$D$1))) -> 45158.25 | AF20: 52574 | AG20: =+IF(AF20="N/A","N/A",(AF20-(AF20*$D$1))) -> 49945.3 | AH20: 52400 | AI20: =+IF(AH20="N/A","N/A",(AH20-(AH20*$D$1))) -> 49780
A21: 8 | B21: Rodamiento tipo Balinera Trasero | C21: 1 | D21: 47120 | E21: =+IF(D21="N/A","N/A",(D21-(D21*$D$1))) -> 44764 | F21: 47195 | G21: =+IF(F21="N/A","N/A",(F21-(F21*$D$1))) -> 44835.25 | H21: 39826 | I21: =+IF(H21="N/A","N/A",(H21-(H21*$D$1))) -> 37834.7 | J21: 40613 | K21: =+IF(J21="N/A","N/A",(J21-(J21*$D$1))) -> 38582.35 | L21: 53831 | M21: =+IF(L21="N/A","N/A",(L21-(L21*$D$1))) -> 51139.45 | N21: 40778 | O21: =+IF(N21="N/A","N/A",(N21-(N21*$D$1))) -> 38739.1 | P21: 95000 | Q21: =+IF(P21="N/A","N/A",(P21-(P21*$D$1))) -> 90250 | R21: 50648 | S21: =+IF(R21="N/A","N/A",(R21-(R21*$D$1))) -> 48115.6 | T21: 40790 | U21: =+IF(T21="N/A","N/A",(T21-(T21*$D$1))) -> 38750.5 | V21: 41372 | W21: =+IF(V21="N/A","N/A",(V21-(V21*$D$1))) -> 39303.4 | X21: 58044 | Y21: =+IF(X21="N/A","N/A",(X21-(X21*$D$1))) -> 55141.8 | Z21: 42797 | AA21: =+IF(Z21="N/A","N/A",(Z21-(Z21*$D$1))) -> 40657.15 | AB21: 67115 | AC21: =+IF(AB21="N/A","N/A",(AB21-(AB21*$D$1))) -> 63759.25 | AD21: 67500 | AE21: =+IF(AD21="N/A","N/A",(AD21-(AD21*$D$1))) -> 64125 | AF21: 60522 | AG21: =+IF(AF21="N/A","N/A",(AF21-(AF21*$D$1))) -> 57495.9 | AH21: 60806 | AI21: =+IF(AH21="N/A","N/A",(AH21-(AH21*$D$1))) -> 57765.7
A22: 9 | B22: Kit de Rodamiento (cadena, estrellas) | C22: 1 | D22: 131662 | E22: =+IF(D22="N/A","N/A",(D22-(D22*$D$1))) -> 125078.9 | F22: 133514 | G22: =+IF(F22="N/A","N/A",(F22-(F22*$D$1))) -> 126838.3 | H22: 105020 | I22: =+IF(H22="N/A","N/A",(H22-(H22*$D$1))) -> 99769 | J22: 111457 | K22: =+IF(J22="N/A","N/A",(J22-(J22*$D$1))) -> 105884.15 | L22: 143336 | M22: =+IF(L22="N/A","N/A",(L22-(L22*$D$1))) -> 136169.2 | N22: 106700 | O22: =+IF(N22="N/A","N/A",(N22-(N22*$D$1))) -> 101365 | P22: 260000 | Q22: =+IF(P22="N/A","N/A",(P22-(P22*$D$1))) -> 247000 | R22: 129882 | S22: =+IF(R22="N/A","N/A",(R22-(R22*$D$1))) -> 123387.9 | T22: 112442 | U22: =+IF(T22="N/A","N/A",(T22-(T22*$D$1))) -> 106819.9 | V22: 116191 | W22: =+IF(V22="N/A","N/A",(V22-(V22*$D$1))) -> 110381.45 | X22: 145598 | Y22: =+IF(X22="N/A","N/A",(X22-(X22*$D$1))) -> 138318.1 | Z22: 109981 | AA22: =+IF(Z22="N/A","N/A",(Z22-(Z22*$D$1))) -> 104481.95 | AB22: 145362 | AC22: =+IF(AB22="N/A","N/A",(AB22-(AB22*$D$1))) -> 138093.9 | AD22: 148021 | AE22: =+IF(AD22="N/A","N/A",(AD22-(AD22*$D$1))) -> 140619.95 | AF22: 135777 | AG22: =+IF(AF22="N/A","N/A",(AF22-(AF22*$D$1))) -> 128988.15 | AH22: 138767 | AI22: =+IF(AH22="N/A","N/A",(AH22-(AH22*$D$1))) -> 131828.65
E23: =+IF(D23="N/A","N/A",(D23-(D23*$D$1))) -> 0
A24: 10 | B24: Pito | C24: 1 | D24: 24396 | E24: =+IF(D24="N/A","N/A",(D24-(D24*$D$1))) -> 23176.2 | F24: 24396 | G24: =+IF(F24="N/A","N/A",(F24-(F24*$D$1))) -> 23176.2 | H24: 22034 | I24: =+IF(H24="N/A","N/A",(H24-(H24*$D$1))) -> 20932.3 | J24: 21896 | K24: =+IF(J24="N/A","N/A",(J24-(J24*$D$1))) -> 20801.2 | L24: 27240 | M24: =+IF(L24="N/A","N/A",(L24-(L24*$D$1))) -> 25878 | N24: 21896 | O24: =+IF(N24="N/A","N/A",(N24-(N24*$D$1))) -> 20801.2 | P24: 47000 | Q24: =+IF(P24="N/A","N/A",(P24-(P24*$D$1))) -> 44650 | R24: 25740 | S24: =+IF(R24="N/A","N/A",(R24-(R24*$D$1))) -> 24453 | T24: 22034 | U24: =+IF(T24="N/A","N/A",(T24-(T24*$D$1))) -> 20932.3 | V24: 20879 | W24: =+IF(V24="N/A","N/A",(V24-(V24*$D$1))) -> 19835.05 | X24: 32324 | Y24: =+IF(X24="N/A","N/A",(X24-(X24*$D$1))) -> 30707.8 | Z24: 22005 | AA24: =+IF(Z24="N/A","N/A",(Z24-(Z24*$D$1))) -> 20904.75 | AB24: 31050 | AC24: =+IF(AB24="N/A","N/A",(AB24-(AB24*$D$1))) -> 29497.5 | AD24: 31056 | AE24: =+IF(AD24="N/A","N/A",(AD24-(AD24*$D$1))) -> 29503.2 | AF24: 29746 | AG24: =+IF(AF24="N/A","N/A",(AF24-(AF24*$D$1))) -> 28258.7 | AH24: 29968 | AI24: =+IF(AH24="N/A","N/A",(AH24-(AH24*$D$1))) -> 28469.6
A25: 11 | B25: Swiche Encendido | C25: 1 | D25: 86037 | E25: =+IF(D25="N/A","N/A",(D25-(D25*$D$1))) -> 81735.15 | F25: 86733 | G25: =+IF(F25="N/A","N/A",(F25-(F25*$D$1))) -> 82396.35 | H25: 72670 | I25: =+IF(H25="N/A","N/A",(H25-(H25*$D$1))) -> 69036.5 | J25: 73770 | K25: =+IF(J25="N/A","N/A",(J25-(J25*$D$1))) -> 70081.5 | L25: 95389 | M25: =+IF(L25="N/A","N/A",(L25-(L25*$D$1))) -> 90619.55 | N25: 73770 | O25: =+IF(N25="N/A","N/A",(N25-(N25*$D$1))) -> 70081.5 | P25: 170000 | Q25: =+IF(P25="N/A","N/A",(P25-(P25*$D$1))) -> 161500 | R25: 88389 | S25: =+IF(R25="N/A","N/A",(R25-(R25*$D$1))) -> 83969.55 | T25: 74201 | U25: =+IF(T25="N/A","N/A",(T25-(T25*$D$1))) -> 70490.95 | V25: 73098 | W25: =+IF(V25="N/A","N/A",(V25-(V25*$D$1))) -> 69443.1 | X25: 92509 | Y25: =+IF(X25="N/A","N/A",(X25-(X25*$D$1))) -> 87883.55 | Z25: 75019 | AA25: =+IF(Z25="N/A","N/A",(Z25-(Z25*$D$1))) -> 71268.05 | AB25: 102476 | AC25: =+IF(AB25="N/A","N/A",(AB25-(AB25*$D$1))) -> 97352.2 | AD25: 103297 | AE25: =+IF(AD25="N/A","N/A",(AD25-(AD25*$D$1))) -> 98132.15 | AF25: 93655 | AG25: =+IF(AF25="N/A","N/A",(AF25-(AF25*$D$1))) -> 88972.25 | AH25: 98866 | AI25: =+IF(AH25="N/A","N/A",(AH25-(AH25*$D$1))) -> 93922.7
